Workbook

Sheet WEO Chapter 1 Apr. 2019
I3: 43564
B5: International Monetary Fund
B6: World Economic Outlook
B21: April 2019
B23: Chapter 1. Global Prospects and Policies
B25: This datafile includes the tables, charts, and underlying data from the Chapter 1 of the April 2019 World Economic Outlook. When using the data, please refer to the
B26: IMF, World Economic Outlook, April 2019.
B28: Disclaimer: Should there be any discrepancies with the print version, the latter represents the official version.
C30: Please refer any questions to the WEO Data Forum: | H30: https://forums.imf.org/

Sheet Table of Contents
B5: International Monetary Fund
B6: World Economic Outlook
B9: ='WEO Chapter 1 Apr. 2019'!B23:J23 -> Chapter 1. Global Prospects and Policies
B11: Table of Contents
B13: Figures
B14: ='Figure 1.1.'!J2 -> Figure 1.1. Global Activity Indicators
B15: ='Figure 1.2.'!J2 -> Figure 1.2. Trade Indicators
B16: ='Figure 1.3.'!J2 -> Figure 1.3. Commodity Prices
B17: ='Figure 1.4.'!J2 -> Figure 1.4. Global Inflation
B18: ='Figure 1.5.'!J2 -> Figure 1.5. Advanced Economies: Monetary and Financial Market Conditions
B19: ='Figure 1.6.'!J2 -> Figure 1.6. Emerging Market Economies: Interest Rates and Spreads
B20: ='Figure 1.7.'!J2 -> Figure 1.7. Emerging Market Economies: Equity Markets and Credit
B21: ='Figure 1.8.'!J2 -> Figure 1.8. Real Effective Exchange Rate Changes, September 2018–March 2019
B22: ='Figure 1.9.'!J2 -> Figure 1.9. Emerging Market Economies: Capital Flows
B23: ='Figure 1.10.'!J2 -> Figure 1.10. Half-Yearly Growth Forecasts
B24: ='Figure 1.11.'!J2 -> Figure 1.11. Forecast Assumptions: Fiscal Indicators
B25: ='Figure 1.12.'!J2 -> Figure 1.12. Commodity Price Assumptions and Terms-of-Trade Windfall Gains and Losses
B26: ='Figure 1.13.'!J2 -> Figure 1.13. Growth Rate: Emerging Market and Developing Economies
B27: ='Figure 1.14.'!J2 -> Figure 1.14. Contributions to GDP Growth
B28: ='Figure 1.15.'!J2 -> Figure 1.15. Per Capita Real GDP Growth
B29: ='Figure 1.16.'!J2 -> Figure 1.16. Global Current Account Balance
B30: ='Figure 1.17.'!J2 -> Figure 1.17. Current Account Balances in Relation to Economic Fundamentals
B31: ='Figure 1.18.'!J2 -> Figure 1.18. Net International Investment Positions
B32: ='Figure 1.19.'!J2 -> Figure 1.19. Policy Uncertainty and Trade Tensions
B33: ='Figure 1.20.'!J2 -> Figure 1.20. Geopolitical Risk Index
B34: ='Figure 1.21.'!J2 -> Figure 1.21. Risks to the Global Outlook
B35: ='Scenario Figure 1.'!J2 -> Scenario Figure 1. Real GDP in Brexit Scenario
B36: ='Scenario Figure 2.'!J2 -> Scenario Figure 2. Brexit Long-Term Real GDP Effects
B37: ='Figure 1.1.1.'!M2 -> Figure 1.1.1. Labor Market Dynamics in Selected Advanced Economies
B38: ='Figure 1.3.1.'!J2 -> Figure 1.3.1. Regional Disparities in GDP per Capita
B39: ='Figure 1.SF.1.'!J2 -> Figure 1.SF.1. Commodity Market Developments
B40: ='Figure 1.SF.2.'!J2 -> Figure 1.SF.2. Commodity Cycles and Economic Activity
B41: ='Figure 1.SF.3.'!J2 -> Figure 1.SF.3. Synchronization with Economic Activity
B42: ='Figure 1.SF.4.'!J2 -> Figure 1.SF.4. Commodity-Wide Synchronization
B43: ='Figure 1.SF.5.'!J2 -> Figure 1.SF.5. Latest Factors and Economic Activity
B44: ='Figure 1.SF.6.'!J2 -> Figure 1.SF.6. Global Real GDP Growth Nowcast: Actual versus Fitted Value

Sheet Figure 1.1.
J2: Figure 1.1. Global Activity Indicators
J3: (Three-month moving average; year-over-year percent change, unless noted otherwise)
J5: 1. World Trade, Industrial Production, and Manufacturing PMI | O5: 2. Industrial Production | W5: 3. Consumer Confidence
J6: (Deviations from 50 for Manufacturing PMI) | W6: (Index, 2015 = 100)
K8: Industrial production | L8: World trade volumes | M8: Manufacturing PMI: new orders | P8: United States | Q8: United Kingdom | R8: Germany | S8: Japan | T8: China | U8: Euro area 4 | X8: Advanced economies | Y8: Emerging market economies | Z8: World
J9: 2015M1 | K9: 3.1685718 | L9: 3.3316166 | M9: 2.1446 | O9: 2015M1 | P9: 3.3364049 | Q9: 1.2688615 | R9: 0.23497818 | S9: -1.366298 | T9: 7.24121 | U9: -0.71280886 | W9: 2015M1 | X9: 100.88611 | Y9: 101.5748 | Z9: 101.08225
J10: 2015M2 | K10: 2.9019427 | L10: 3.6317647 | M10: 2.2698 | O10: 2015M2 | P10: 2.6877527 | Q10: 1.2324546 | R10: 0.43638805 | S10: -1.8488485 | T10: 7.2111975 | U10: 0.40318484 | W10: 2015M2 | X10: 100.18409 | Y10: 102.07897 | Z10: 100.72377
J11: 2015M3 | K11: 2.5031217 | L11: 3.2042676 | M11: 1.8654 | O11: 2015M3 | P11: 1.7645439 | Q11: 1.4715948 | R11: 0.30252101 | S11: -2.8001287 | T11: 6.501387 | U11: 0.72378861 | W11: 2015M3 | X11: 100.85188 | Y11: 100.9333 | Z11: 100.87507
J12: 2015M4 | K12: 2.1354667 | L12: 2.7719216 | M12: 0.811 | O12: 2015M4 | P12: 0.68132752 | Q12: 1.6051913 | R12: 0.77415012 | S12: -2.5774878 | T12: 6.1889176 | U12: 0.88614189 | W12: 2015M4 | X12: 99.322364 | Y12: 100.56308 | Z12: 99.675736
J13: 2015M5 | K13: 1.8542207 | L13: 1.9498669 | M13: 1.2505 | O13: 2015M5 | P13: -0.21476599 | Q13: 1.7741385 | R13: 1.4193984 | S13: -2.4206739 | T13: 5.9392155 | U13: 1.1313518 | W13: 2015M5 | X13: 99.320308 | Y13: 101.788 | Z13: 100.02314
J14: 2015M6 | K14: 1.7190813 | L14: 1.8760919 | M14: 1.2573 | O14: 2015M6 | P14: -0.91710928 | Q14: 1.7729287 | R14: 1.7282277 | S14: -0.79522863 | T14: 6.2772678 | U14: 1.1301401 | W14: 2015M6 | X14: 100.37492 | Y14: 100.35459 | Z14: 100.36913
J15: 2015M7 | K15: 1.709651 | L15: 1.8413299 | M15: 0.9241 | O15: 2015M7 | P15: -1.273786 | Q15: 1.3614704 | R15: 1.6886187 | S15: -0.69467417 | T15: 6.2045608 | U15: 1.5810019 | W15: 2015M7 | X15: 98.233245 | Y15: 98.868842 | Z15: 98.414271
J16: 2015M8 | K16: 1.9610461 | L16: 2.1812031 | M16: 0.9306 | O16: 2015M8 | P16: -1.3853101 | Q16: 1.2938372 | R16: 1.8329939 | S16: -0.20006669 | T16: 6.2300499 | U16: 1.6074946 | W16: 2015M8 | X16: 100.76029 | Y16: 98.936768 | Z16: 100.24092
J17: 2015M9 | K17: 1.8410006 | L17: 1.5972728 | M17: 0.8329 | O17: 2015M9 | P17: -1.4920238 | Q17: 1.1896669 | R17: 1.5254237 | S17: -0.26640027 | T17: 5.9324775 | U17: 1.7791877 | W17: 2015M9 | X17: 100.86187 | Y17: 98.811517 | Z17: 100.2779
J18: 2015M10 | K18: 1.885493 | L18: 1.4224271 | M18: 1.5117 | O18: 2015M10 | P18: -1.8509495 | Q18: 1.4960898 | R18: 1.3940836 | S18: -0.2328676 | T18: 5.8496718 | U18: 2.2164028 | W18: 2015M10 | X18: 100.2967 | Y18: 98.618554 | Z18: 99.818739
J19: 2015M11 | K19: 1.5345564 | L19: 1.0320428 | M19: 1.1225 | O19: 2015M11 | P19: -2.6555821 | Q19: 0.98371778 | R19: 0.60708263 | S19: -0.099502488 | T19: 5.8152731 | U19: 2.8210383 | W19: 2015M11 | X19: 99.02176 | Y19: 98.98099 | Z19: 99.010148
J20: 2015M12 | K20: 1.283628 | L20: 1.105952 | M20: 0.7011 | O20: 2015M12 | P20: -3.3302234 | Q20: 0.27118644 | R20: 0.20113979 | S20: -0.53209179 | T20: 5.8589175 | U20: 2.3842937 | W20: 2015M12 | X20: 99.886474 | Y20: 98.490586 | Z20: 99.488906
... J57: 2019M1 | K57: 2.1215844 | L57: -0.38104853 | M57: 0.065 | O57: 2019M1 | P57: 4.0394476 | Q57: -0.97244733 | R57: -3.4365325 | S57: -0.064350064 | T57: 5.5270987 | U57: -1.5302524 | W57: 2019M1 | X57: 106.87422 | Y57: 107.7252 | Z57: 107.05913
J58: 2019M2 | M58: 0.1398 | W58: 2019M2 | X58: 109.38792 | Y58: 108.63385 | Z58: 109.10917

Sheet Figure 1.2.
J2: Figure 1.2. Trade Indicators
J3: (Year-over-year percent change)
J5: 1. Real Exports | Q5: 2. US Imports from China
K8: United States | L8: United Kingdom | M8: Japan | N8: China | O8: Euro area | R8: $34bn effective | S8: $16bn effective | T8: $200bn 10% effective | U8: Other
J9: 2015Q1 | K9: 2.4474319 | L9: 5.6777928 | M9: 7.2534297 | N9: 0.25656425 | O9: 7.6421908 | Q9: 2018M1 | R9: 7.4035172 | S9: 20.341812 | T9: 12.361761 | U9: 9.5054867
J10: 2015Q2 | K10: 1.3684744 | L10: 4.2473346 | M10: 2.2076905 | N10: -2.1617907 | O10: 7.1756237 | Q10: 2018M2 | R10: 11.267909 | S10: 27.947945 | T10: 20.836855 | U10: 18.261952
J11: 2015Q3 | K11: 0.13468013 | L11: 4.831266 | M11: 3.2711919 | N11: -3.0646709 | O11: 5.5797005 | Q11: 2018M3 | R11: 11.496043 | S11: 35.030401 | T11: 12.079284 | U11: 10.549142
J12: 2015Q4 | K12: -1.5809619 | L12: 3.0640442 | M12: -0.69964898 | N12: 4.1264008 | O12: 5.0116896 | Q12: 2018M4 | R12: 8.7885831 | S12: 15.49131 | T12: 4.1450582 | U12: -1.2615738
J13: 2016Q1 | K13: -1.1103634 | L13: 0.96398212 | M13: -1.2867001 | N13: -0.88262996 | O13: 2.2971114 | Q13: 2018M5 | R13: 7.430788 | S13: 13.786462 | T13: 8.8038489 | U13: 0.75882585
J14: 2016Q2 | K14: -1.2166667 | L14: 1.081406 | M14: 1.5079275 | N14: 1.1650964 | O14: 2.8923674 | Q14: 2018M6 | R14: 9.5455364 | S14: 15.488545 | T14: 10.972026 | U14: 0.25179832
J15: 2016Q3 | K15: 1.1432414 | L15: -1.1963962 | M15: 1.4240695 | N15: 1.0251276 | O15: 2.9570488 | Q15: 2018M7 | R15: -9.7318137 | S15: 39.666081 | T15: 14.647631 | U15: 3.9743767
J16: 2016Q4 | K16: 0.79472438 | L16: 3.2661605 | M16: 5.0656353 | N16: 0.37545324 | O16: 3.6704466 | Q16: 2018M8 | R16: -17.374873 | S16: 36.229504 | T16: 14.763371 | U16: -1.3913867
J17: 2017Q1 | K17: 2.6369513 | L17: 4.3550907 | M17: 6.5471697 | N17: 10.607488 | O17: 4.9077426 | Q17: 2018M9 | R17: -18.852338 | S17: -13.165272 | T17: 20.712388 | U17: 7.5946211
J18: 2017Q2 | K18: 2.7163827 | L18: 4.6670106 | M18: 7.1344956 | N18: 8.4038315 | O18: 4.7592667 | Q18: 2018M10 | R18: -22.113354 | S18: -23.679601 | T18: 5.3258034 | U18: 15.051433
J19: 2017Q3 | K19: 2.0611702 | L19: 10.177784 | M19: 7.0717643 | N19: 5.415732 | O19: 5.6909654 | Q19: 2018M11 | R19: -25.310291 | S19: -28.144854 | T19: 1.5407401 | U19: -2.9118398
J20: 2017Q4 | K20: 4.6804227 | L20: 3.450957 | M20: 6.5307396 | N20: 12.099585 | O20: 6.4284208
J21: 2018Q1 | K21: 4.3427814 | L21: 1.871452 | M21: 5.1064982 | N21: 5.69416 | O21: 3.881575
J22: 2018Q2 | K22: 5.7161629 | L22: -0.48813216 | M22: 5.6348966 | N22: 4.6244328 | O22: 3.9839741
J23: 2018Q3 | K23: 3.5179153 | L23: -1.3139951 | M23: 1.5451615 | N23: 7.289497 | O23: 2.8531474
J24: 2018Q4 | K24: 2.2435897 | L24: -0.19997584 | M24: 0.32789004 | N24: -0.97547125 | O24: 1.5251324

Sheet Figure 1.3.
J2: Figure 1.3. Commodity Prices
J3: (Deflated using US consumer price index; index, 2014 = 100)
K7: Food | L7: Metals | M7: Average petroleum spot price
J8: 2014M1 | K8: 100.03249 | L8: 110.39914 | M8: 106.05594
J9: 2014M2 | K9: 102.47561 | L9: 107.32892 | M9: 108.27675
J10: 2014M3 | K10: 108.13157 | L10: 102.1522 | M10: 106.72223
J11: 2014M4 | K11: 110.39044 | L11: 105.38323 | M11: 107.3983
J12: 2014M5 | K12: 105.68564 | L12: 102.35371 | M12: 108.05556
J13: 2014M6 | K13: 103.33351 | L13: 99.82786 | M13: 111.04897
J14: 2014M7 | K14: 101.22958 | L14: 102.67693 | M14: 107.71618
J15: 2014M8 | K15: 96.788723 | L15: 102.04203 | M15: 103.46947
J16: 2014M9 | K16: 94.306001 | L16: 97.104151 | M16: 100.94322
J17: 2014M10 | K17: 93.626846 | L17: 92.633005 | M17: 91.459981
J18: 2014M11 | K18: 92.662063 | L18: 91.288774 | M18: 82.941318
J19: 2014M12 | K19: 91.337527 | L19: 86.810044 | M19: 65.912081
... J69: 2019m2 | K69: 78.024751 | L69: 86.266856 | M69: 65.019283

Sheet Figure 1.4.
J2: Figure 1.4. Global Inflation
J3: (Three-month moving average; annualized percent change, unless noted otherwise)
J5: 1. Advanced Economies | N5: 2. Emerging Market and Developing Economies | R5: 3. Core Consumer Price Inflation | X5: 4. Consumer Price Inflation Expectations
R6: (Three-month moving average; year-over-year percent change) | X6: (Percent)
K8: Consumer price inflation | L8: Core consumer price inflation | O8: Consumer price inflation | P8: Core consumer price inflation | S8: United States | T8: United Kingdom | U8: Euro area | V8: Japan | Y8: AEs | Z8: EMDEs
J9: 2015M1 | K9: -0.99597517 | L9: 1.1578089 | N9: 2015M1 | O9: 3.8799204 | P9: 4.3403269 | R9: 2015M1 | S9: 1.4425505 | T9: 1.2563667 | U9: 0.71537034 | V9: 2.5455796 | X9: 2016M1 | Y9: 1.9771718 | Z9: 3.5020341
J10: 2015M2 | K10: -1.4298448 | L10: 1.0319899 | N10: 2015M2 | O10: 4.4943764 | P10: 5.2403805 | R10: 2015M2 | S10: 1.3979594 | T10: 1.2550882 | U10: 0.70453396 | V10: 2.5790922 | X10: 2016M2 | Y10: 1.928045 | Z10: 3.5354811
J11: 2015M3 | K11: -1.0769331 | L11: 1.0429073 | N11: 2015M3 | O11: 4.9281322 | P11: 5.7346792 | R11: 2015M3 | S11: 1.3612079 | T11: 1.2195122 | U11: 0.68366282 | V11: 2.6116838 | X11: 2016M3 | Y11: 1.8745025 | Z11: 3.535444
J12: 2015M4 | K12: 0.17386009 | L12: 1.1645914 | N12: 2015M4 | O12: 5.1783464 | P12: 5.4300684 | R12: 2015M4 | S12: 1.3539533 | T12: 1.0480054 | U12: 0.6729928 | V12: 2.0136519 | X12: 2016M4 | Y12: 1.8742958 | Z12: 3.5770066
J13: 2015M5 | K13: 1.3507891 | L13: 1.4207158 | N13: 2015M5 | O13: 5.1936281 | P13: 4.8688981 | R13: 2015M5 | S13: 1.3183608 | T13: 0.9790682 | U13: 0.72673441 | V13: 1.4237288 | X13: 2016M5 | Y13: 1.8651692 | Z13: 3.5046351
J14: 2015M6 | K14: 1.8795508 | L14: 1.5453243 | N14: 2015M6 | O14: 4.7281644 | P14: 4.4546039 | R14: 2015M6 | S14: 1.3010798 | T14: 0.87601078 | U14: 0.78372015 | V14: 0.84175084 | X14: 2016M6 | Y14: 1.8039442 | Z14: 3.4692398
J15: 2015M7 | K15: 1.8092763 | L15: 1.4916778 | N15: 2015M7 | O15: 4.4345939 | P15: 4.1954842 | R15: 2015M7 | S15: 1.2666938 | T15: 0.94244362 | U15: 0.86441761 | V15: 0.80726539 | X15: 2016M7 | Y15: 1.7671852 | Z15: 3.5332562
J16: 2015M8 | K16: 1.2800857 | L16: 1.3685566 | N16: 2015M8 | O16: 4.2490742 | P16: 3.8887315 | R16: 2015M8 | S16: 1.2661618 | T16: 0.90725806 | U16: 0.85702763 | V16: 0.84033613 | X16: 2016M8 | Y16: 1.7579626 | Z16: 3.5110663
J17: 2015M9 | K17: 0.61950968 | L17: 1.3042899 | N17: 2015M9 | O17: 4.1144594 | P17: 3.5019452 | R17: 2015M9 | S17: 1.2623715 | T17: 1.0080645 | U17: 0.85645194 | V17: 0.94086022 | X17: 2016M9 | Y17: 1.7002303 | Z17: 3.4631817
J18: 2015M10 | K18: -0.014475095 | L18: 1.2147851 | N18: 2015M10 | O18: 3.7310534 | P18: 3.4510535 | R18: 2015M10 | S18: 1.2639151 | T18: 1.0409671 | U18: 0.90637484 | V18: 1.0077259 | X18: 2016M10 | Y18: 1.7162305 | Z18: 3.4417035
J19: 2015M11 | K19: -0.27242823 | L19: 1.149325 | N19: 2015M11 | O19: 3.2770592 | P19: 3.4823065 | R19: 2015M11 | S19: 1.2564374 | T19: 1.1417058 | U19: 0.9529242 | V19: 1.0745467 | X19: 2016M11 | Y19: 1.7323183 | Z19: 3.420275
J20: 2015M12 | K20: -0.19475138 | L20: 0.99658338 | N20: 2015M12 | O20: 3.3900861 | P20: 3.5751598 | R20: 2015M12 | S20: 1.2447253 | T20: 1.2420275 | U20: 0.97582241 | V20: 1.1077543 | X20: 2016M12 | Y20: 1.7687721 | Z20: 3.5049834
... J46: 2018M2 | K46: 2.4955511 | L46: 1.5273782 | N46: 2018M2 | O46: 3.8799167 | P46: 3.307742 | R46: 2018M2 | S46: 1.6409743 | T46: 2.5105967 | U46: 1.0030255 | V46: 0.39774611 | X46: 2019M2 | Y46: 1.8865258 | Z46: 3.408661
J47: 2018M3 | K47: 2.3283164 | L47: 1.6042813 | N47: 2018M3 | O47: 3.0115122 | P47: 3.1607545 | R47: 2018M3 | S47: 1.7479315 | T47: 2.4072869 | U47: 1.0351287 | V47: 0.46419098
J48: 2018M4 | K48: 1.7230818 | L48: 1.5841248 | N48: 2018M4 | O48: 2.340903 | P48: 3.0772544 | R48: 2018M4 | S48: 1.8354572 | T48: 2.2380798 | U48: 0.98766242 | V48: 0.43103448
J49: 2018M5 | K49: 1.5364045 | L49: 1.5943172 | N49: 2018M5 | O49: 2.2470356 | P49: 3.016227 | R49: 2018M5 | S49: 1.9428068 | T49: 2.1028793 | U49: 1.0130151 | V49: 0.39774611
J50: 2018M6 | K50: 1.6721956 | L50: 1.5279033 | N50: 2018M6 | O50: 2.84097 | P50: 3.2111919 | R50: 2018M6 | S50: 1.9401493 | T50: 2.03357 | U50: 1.0120198 | V50: 0.29811196
J51: 2018M7 | K51: 2.0306351 | L51: 1.5174339 | N51: 2018M7 | O51: 3.4617337 | P51: 3.3009197 | R51: 2018M7 | S51: 1.9897269 | T51: 1.9652062 | U51: 1.0638994 | V51: 0.29801325
J52: 2018M8 | K52: 2.0705711 | L52: 1.362244 | N52: 2018M8 | O52: 4.0468715 | P52: 3.5411444 | R52: 2018M8 | S52: 1.978792 | T52: 1.9607843 | U52: 1.0103322 | V52: 0.2979146
J53: 2018M9 | K53: 2.0298255 | L53: 1.2841335 | N53: 2018M9 | O53: 4.4051301 | P53: 3.8495183 | R53: 2018M9 | S53: 1.9823748 | T53: 1.9249278 | U53: 0.97017607 | V53: 0.36411784
J54: 2018M10 | K54: 1.8461093 | L54: 1.1425282 | N54: 2018M10 | O54: 4.9235225 | P54: 4.3169926 | R54: 2018M10 | S54: 1.9165238 | T54: 1.9538757 | U54: 1.0124763 | V54: 0.36399735
J55: 2018M11 | K55: 1.5445179 | L55: 1.0856623 | N55: 2018M11 | O55: 4.5960907 | P55: 4.3221822 | R55: 2018M11 | S55: 1.909957 | T55: 1.887396 | U55: 1.018576 | V55: 0.33068783
J56: 2018M12 | K56: 1.0073984 | L56: 1.1112568 | N56: 2018M12 | O56: 3.5055258 | P56: 3.984291 | R56: 2018M12 | S56: 1.906664 | T56: 1.884382 | U56: 1.031197 | V56: 0.29742234
J57: 2019M1 | K57: 0.38701052 | L57: 1.2125982 | N57: 2019M1 | O57: 1.8806557 | P57: 3.4013737 | R57: 2019M1 | S57: 1.8888845 | T57: 1.848311 | U57: 0.96799426 | V57: 0.33025099

Sheet Figure 1.5.
J2: Figure 1.5. Advanced Economies: Monetary and Financial Market Conditions
J3: (Percent, unless noted otherwise)
J5: 1. US Policy Rate Expectations | O5: 2. Policy Rate Expectations | W5: 3. Ten-Year Government Bond Yields | AD5: 4. Credit Spreads | AF5: 5. Equity Markets | AL5: 6. Price-to-Earnings Ratios
O6: (Dashed lines are from the October 2018 WEO) | AD6: (Basis points) | AF6: (Index, 2007 = 100)
P7: Apr. 2019 WEO | S7: Oct. 2018 WEO
K8: Mar. 21, 2018 | L8: Sep. 17, 2018 | M8: Mar. 22, 2019 | P8: United States | Q8: Euro area | R8: United Kingdom | S8: United States | T8: Euro area | U8: United Kingdom | X8: Japan | Y8: United States | Z8: United Kingdom | AA8: Germany | AB8: Italy | AD8: Data not available | AG8: Euro Stoxx | AH8: S&P 500 | AI8: MSCI Emerging Market | AJ8: TOPIX | AM8: Germany | AN8: Italy | AO8: Japan | AP8: United States
J9: 2018M3 | K9: 1.43 | O9: 2018M9 | S9: 1.91 | T9: -0.366 | U9: 0.7013 | W9: 42005 | X9: 0.331 | Y9: 2.171 | Z9: 1.755 | AA9: 0.541 | AB9: 1.878 | AF9: 42005 | AI9: 121.89271 | AL9: 42005 | AM9: 16 | AN9: 18.9 | AO9: 16.3 | AP9: 19.8
J10: 2018M4 | K10: 1.5025 | O10: 2018M10 | S10: 1.9525 | T10: -0.3593 | U10: 0.703 | W10: 42006 | X10: 0.331 | Y10: 2.115 | Z10: 1.73 | AA10: 0.499 | AB10: 1.76 | AF10: 42006 | AG10: 76.660133 | AH10: 139.33255 | AI10: 122.21926 | AL10: 42006 | AM10: 15.9 | AN10: 19.1 | AO10: 16.3 | AP10: 19.8
J11: 2018M5 | K11: 1.68 | O11: 2018M11 | S11: 2.165 | T11: -0.3593 | U11: 0.71 | W11: 42009 | X11: 0.324 | Y11: 2.034 | Z11: 1.663 | AA11: 0.513 | AB11: 1.812 | AF11: 42009 | AG11: 74.295414 | AH11: 136.78581 | AI11: 121.48731 | AJ11: 84.188218 | AL11: 42009 | AM11: 15.5 | AN11: 18.3 | AO11: 16.3 | AP11: 19.4
J12: 2018M6 | K12: 1.69 | O12: 2018M12 | S12: 2.165 | T12: -0.359 | U12: 0.708 | W12: 42010 | X12: 0.291 | Y12: 1.939 | Z12: 1.59 | AA12: 0.45 | AB12: 1.836 | AF12: 42010 | AG12: 73.887289 | AH12: 135.56931 | AI12: 121.25697 | AJ12: 81.787716 | AL12: 42010 | AM12: 15.5 | AN12: 18.2 | AO12: 15.8 | AP12: 19.2
J13: 2018M7 | K13: 1.785 | O13: 2019M1 | S13: 2.245 | T13: -0.35 | U13: 0.711 | W13: 42011 | X13: 0.3 | Y13: 1.97 | Z13: 1.615 | AA13: 0.471 | AB13: 1.926 | AF13: 42011 | AG13: 74.21619 | AH13: 137.14596 | AI13: 122.31305 | AJ13: 81.707199 | AL13: 42011 | AM13: 15.7 | AN13: 18.2 | AO13: 15.8 | AP13: 19.5
J14: 2018M8 | K14: 1.875 | O14: 2019M2 | S14: 2.365 | T14: -0.35 | U14: 0.716 | W14: 42012 | X14: 0.289 | Y14: 2.018 | Z14: 1.649 | AA14: 0.511 | AB14: 1.85 | AF14: 42012 | AG14: 76.530494 | AH14: 139.59927 | AI14: 123.98545 | AJ14: 82.780965 | AL14: 42012 | AM14: 16 | AN14: 18.8 | AO14: 16 | AP14: 19.8
J15: 2018M9 | K15: 1.9 | L15: 1.91 | O15: 2019M3 | P15: 2.4 | Q15: -0.369 | R15: 0.7053 | S15: 2.38 | T15: -0.357 | U15: 0.726 | W15: 42013 | X15: 0.282 | Y15: 1.951 | Z15: 1.6 | AA15: 0.484 | AB15: 1.889 | AF15: 42013 | AG15: 74.950813 | AH15: 138.4261 | AI15: 123.83334 | AJ15: 82.95582 | AL15: 42013 | AM15: 15.8 | AN15: 18.3 | AO15: 16 | AP15: 19.7
J16: 2018M10 | K16: 1.905 | L16: 1.9525 | O16: 2019M4 | P16: 2.405 | Q16: -0.3615 | R16: 0.705 | S16: 2.435 | T16: -0.3553 | U16: 0.733 | W16: 42016 | X16: 0.282 | Y16: 1.909 | Z16: 1.574 | AA16: 0.48 | AB16: 1.8 | AF16: 42016 | AG16: 75.757459 | AH16: 137.30572 | AI16: 123.05021 | AL16: 42016 | AM16: 16 | AN16: 18.4 | AO16: 16.1 | AP16: 19.6
J17: 2018M11 | K17: 2.035 | L17: 2.165 | O17: 2019M5 | P17: 2.405 | Q17: -0.3602 | R17: 0.6991 | S17: 2.54 | T17: -0.3528 | U17: 0.742 | W17: 42017 | X17: 0.268 | Y17: 1.906 | Z17: 1.586 | AA17: 0.477 | AB17: 1.794 | AF17: 42017 | AG17: 76.933817 | AH17: 136.95167 | AI17: 123.57022 | AJ17: 82.601904 | AL17: 42017 | AM17: 16 | AN17: 18.8 | AO17: 16 | AP17: 19.6
J18: 2018M12 | K18: 2.065 | L18: 2.165 | O18: 2019M6 | P18: 2.4 | Q18: -0.36 | R18: 0.695 | S18: 2.575 | T18: -0.352 | U18: 0.756 | W18: 42018 | X18: 0.256 | Y18: 1.856 | Z18: 1.517 | AA18: 0.433 | AB18: 1.741 | AF18: 42018 | AG18: 75.954319 | AH18: 136.15556 | AI18: 123.10936 | AJ18: 81.597839 | AL18: 42018 | AM18: 16 | AN18: 18.5 | AO18: 15.8 | AP18: 19.4
J19: 2019M1 | K19: 2.105 | L19: 2.245 | O19: 2019M7 | P19: 2.385 | Q19: -0.359 | R19: 0.69 | S19: 2.62 | T19: -0.3506 | U19: 0.768 | W19: 42019 | X19: 0.255 | Y19: 1.728 | Z19: 1.521 | AA19: 0.417 | AB19: 1.741 | AF19: 42019 | AG19: 77.423566 | AH19: 134.89641 | AI19: 123.90578 | AJ19: 82.716671 | AL19: 42019 | AM19: 16.2 | AN19: 18.9 | AO19: 16 | AP19: 19.3
J20: 2019M2 | K20: 2.17 | L20: 2.365 | O20: 2019M8 | P20: 2.365 | Q20: -0.359 | R20: 0.68473 | S20: 2.695 | T20: -0.349 | U20: 0.781 | W20: 42020 | X20: 0.243 | Y20: 1.831 | Z20: 1.542 | AA20: 0.405 | AB20: 1.663 | AF20: 42020 | AG20: 78.371854 | AH20: 136.70729 | AI20: 123.97087 | AJ20: 81.943343 | AL20: 42020 | AM20: 16.5 | AN20: 19.3 | AO20: 15.9 | AP20: 19.5
J21: 2019M3 | K21: 2.2 | L21: 2.38 | M21: 2.4 | O21: 2019M9 | P21: 2.34 | Q21: -0.358 | R21: 0.68325 | S21: 2.725 | T21: -0.345 | U21: 0.793 | W21: 42023 | X21: 0.209 | Y21: 1.831 | Z21: 1.527 | AA21: 0.389 | AB21: 1.665 | AF21: 42023 | AG21: 78.974438 | AI21: 122.10753 | AJ21: 82.464904 | AL21: 42023 | AM21: 16.6 | AN21: 19.5 | AO21: 16 | AP21: 19.6
J22: 2019M4 | K22: 2.235 | L22: 2.435 | M22: 2.405 | O22: 2019M10 | P22: 2.32 | Q22: -0.3575 | R22: 0.6835 | S22: 2.75 | W22: 42024 | X22: 0.221 | Y22: 1.792 | Z22: 1.527 | AA22: 0.397 | AB22: 1.673 | AF22: 42024 | AG22: 79.483393 | AH22: 136.91918 | AI22: 123.16233 | AJ22: 83.980315 | AL22: 42024 | AM22: 16.6 | AN22: 19.6 | AO22: 16.3 | AP22: 19.6
J23: 2019M5 | K23: 2.305 | L23: 2.54 | M23: 2.405 | O23: 2019M11 | P23: 2.285 | Q23: -0.3572 | R23: 0.6795 | S23: 2.79 | W23: 42025 | X23: 0.253 | Y23: 1.876 | Z23: 1.484 | AA23: 0.466 | AB23: 1.696 | AF23: 42025 | AG23: 80.059568 | AH23: 137.56703 | AI23: 125.71099 | AJ23: 83.5585 | AL23: 42025 | AM23: 16.7 | AN23: 19.9 | AO23: 16.2 | AP23: 19.7
J24: 2019M6 | K24: 2.34 | L24: 2.575 | M24: 2.4 | O24: 2019M12 | P24: 2.26 | Q24: -0.3565 | R24: 0.67825 | S24: 2.8 | T24: -0.3323 | U24: 0.83 | W24: 42026 | X24: 0.324 | Y24: 1.872 | Z24: 1.507 | AA24: 0.403 | AB24: 1.563 | AF24: 42026 | AG24: 81.31515 | AH24: 139.66765 | AI24: 126.68124 | AJ24: 83.487596 | AL24: 42026 | AM24: 16.9 | AN24: 20.3 | AO24: 16.2 | AP24: 20.2
J25: 2019M7 | K25: 2.375 | L25: 2.62 | M25: 2.385 | O25: 2020M1 | P25: 2.23 | Q25: -0.3555 | R25: 0.67779 | S25: 2.825 | W25: 42027 | X25: 0.249 | Y25: 1.789 | Z25: 1.475 | AA25: 0.327 | AB25: 1.521 | AF25: 42027 | AG25: 82.669162 | AH25: 138.90065 | AI25: 127.47585 | AJ25: 84.316205 | AL25: 42027 | AM25: 17.2 | AN25: 20.4 | AO25: 16.3 | AP25: 20.1
J26: 2019M8 | K26: 2.44 | L26: 2.695 | M26: 2.365 | O26: 2020M2 | P26: 2.2 | Q26: -0.3545 | R26: 0.68025 | S26: 2.84 | W26: 42030 | X26: 0.228 | Y26: 1.829 | Z26: 1.496 | AA26: 0.354 | AB26: 1.472 | AF26: 42030 | AG26: 83.490212 | AH26: 139.25741 | AI26: 127.13807 | AJ26: 84.247705 | AL26: 42030 | AM26: 17.5 | AN26: 20.7 | AO26: 16.3 | AP26: 20.3
J27: 2019M9 | K27: 2.455 | L27: 2.725 | M27: 2.34 | O27: 2020M3 | P27: 2.155 | Q27: -0.3532 | R27: 0.679 | S27: 2.84 | T27: -0.3085 | U27: 0.865 | W27: 42031 | X27: 0.271 | Y27: 1.829 | Z27: 1.477 | AA27: 0.343 | AB27: 1.534 | AF27: 42031 | AG27: 82.508313 | AH27: 137.39305 | AI27: 126.84142 | AJ27: 85.707835 | AL27: 42031 | AM27: 17.3 | AN27: 20.6 | AO27: 16.6 | AP27: 20.1
J28: 2019M10 | K28: 2.48 | L28: 2.75 | M28: 2.32 | O28: 2020M4 | P28: 2.14 | S28: 2.845 | W28: 42032 | X28: 0.294 | Y28: 1.719 | Z28: 1.467 | AA28: 0.318 | AB28: 1.606 | AF28: 42032 | AG28: 82.330659 | AH28: 135.53885 | AI28: 126.07037 | AJ28: 85.920545 | AL28: 42032 | AM28: 17.4 | AN28: 20.5 | AO28: 16.6 | AP28: 19.8
J29: 2019M11 | K29: 2.525 | L29: 2.79 | M29: 2.285 | O29: 2020M5 | P29: 2.115 | S29: 2.85 | W29: 42033 | X29: 0.294 | Y29: 1.757 | Z29: 1.413 | AA29: 0.319 | AB29: 1.605 | AF29: 42033 | AG29: 82.587538 | AH29: 136.83117 | AI29: 125.10969 | AJ29: 84.938713 | AL29: 42033 | AM29: 17.4 | AN29: 20.6 | AO29: 16.4 | AP29: 19.9
J30: 2019M12 | K30: 2.435 | L30: 2.8 | M30: 2.26 | O30: 2020M6 | P30: 2.075 | Q30: -0.349 | R30: 0.684 | S30: 2.845 | T30: -0.278 | U30: 0.899 | W30: 42034 | X30: 0.285 | Y30: 1.639 | Z30: 1.361 | AA30: 0.274 | AB30: 1.628 | AF30: 42034 | AG30: 82.16741 | AH30: 135.05347 | AI30: 124.33502 | AJ30: 85.028244 | AL30: 42034 | AM30: 17.3 | AN30: 20.6 | AO30: 16.4 | AP30: 19.8
J31: 2020M1 | K31: 2.57 | L31: 2.825 | M31: 2.23 | O31: 2020M7 | P31: 2.055 | S31: 2.845 | W31: 42037 | X31: 0.288 | Y31: 1.675 | Z31: 1.388 | AA31: 0.314 | AB31: 1.62 | AF31: 42037 | AG31: 82.460299 | AH31: 136.80409 | AI31: 124.35496 | AJ31: 84.64849 | AL31: 42037 | AM31: 17.5 | AN31: 20.6 | AO31: 16.2 | AP31: 20.1
J32: 2020M2 | K32: 2.605 | L32: 2.84 | M32: 2.2 | O32: 2020M8 | P32: 2.025 | S32: 2.84 | W32: 42038 | X32: 0.36 | Y32: 1.799 | Z32: 1.446 | AA32: 0.348 | AB32: 1.593 | AF32: 42038 | AG32: 83.48301 | AH32: 138.77947 | AI32: 125.84102 | AJ32: 83.665456 | AL32: 42038 | AM32: 17.3 | AN32: 21 | AO32: 16 | AP32: 20.5
J33: 2020M3 | K33: 2.595 | L33: 2.84 | M33: 2.155 | O33: 2020M9 | P33: 1.985 | Q33: -0.341 | R33: 0.69084 | S33: 2.835 | T33: -0.2444 | U33: 0.927 | W33: 42039 | X33: 0.379 | Y33: 1.747 | Z33: 1.526 | AA33: 0.366 | AB33: 1.539 | AF33: 42039 | AG33: 83.629455 | AH33: 138.2027 | AI33: 126.07562 | AJ33: 85.144213 | AL33: 42039 | AM33: 17.4 | AN33: 21 | AO33: 16.2 | AP33: 20.5
J34: 2020M4 | K34: 2.615 | L34: 2.845 | M34: 2.14 | O34: 2020M10 | P34: 1.97 | S34: 2.835 | W34: 42040 | X34: 0.363 | Y34: 1.817 | Z34: 1.538 | AA34: 0.368 | AB34: 1.551 | AF34: 42040 | AG34: 83.622253 | AH34: 139.625 | AI34: 126.82333 | AJ34: 84.730209 | AL34: 42040 | AM34: 17.4 | AN34: 20.9 | AO34: 16.1 | AP34: 20.7
J35: 2020M5 | K35: 2.625 | L35: 2.85 | M35: 2.115 | O35: 2020M11 | P35: 1.95 | S35: 2.825 | W35: 42041 | X35: 0.342 | Y35: 1.959 | Z35: 1.643 | AA35: 0.375 | AB35: 1.578 | AF35: 42041 | AG35: 83.410988 | AH35: 139.14774 | AI35: 126.80951 | AJ35: 85.155629 | AL35: 42041 | AM35: 17.3 | AN35: 20.8 | AO35: 16.2 | AP35: 20.6
J36: 2020M6 | K36: 2.62 | L36: 2.845 | M36: 2.075 | O36: 2020M12 | P36: 1.925 | Q36: -0.332 | R36: 0.7 | S36: 2.815 | W36: 42044 | X36: 0.359 | Y36: 1.978 | Z36: 1.598 | AA36: 0.359 | AB36: 1.662 | AF36: 42044 | AG36: 82.241832 | AH36: 138.55675 | AI36: 126.40353 | AJ36: 85.620107 | AL36: 42044 | AM36: 17 | AN36: 20.5 | AO36: 16.3 | AP36: 20.5
J37: 2020M7 | K37: 2.635 | L37: 2.845 | M37: 2.055 | O37: 2021M1 | P37: 1.91 | S37: 2.81 | W37: 42045 | X37: 0.394 | Y37: 2.004 | Z37: 1.654 | AA37: 0.369 | AB37: 1.678 | AF37: 42045 | AG37: 83.130103 | AH37: 140.03591 | AI37: 126.06832 | AJ37: 85.788353 | AL37: 42045 | AM37: 17.2 | AN37: 20.8 | AO37: 16.3 | AP37: 20.5
J38: 2020M8 | K38: 2.65 | L38: 2.84 | M38: 2.025 | O38: 2021M2 | P38: 1.9 | S38: 2.81 | W38: 42046 | X38: 0.394 | Y38: 2.022 | Z38: 1.675 | AA38: 0.358 | AB38: 1.671 | AF38: 42046 | AG38: 82.962052 | AH38: 140.03185 | AI38: 125.84056 | AL38: 42046 | AM38: 17.1 | AN38: 20.8 | AO38: 16.2 | AP38: 20.5
J39: 2020M9 | K39: 2.64 | L39: 2.835 | M39: 1.985 | O39: 2021M3 | P39: 1.89 | Q39: -0.319 | R39: 0.70833 | S39: 2.81 | W39: 42047 | X39: 0.391 | Y39: 1.993 | Z39: 1.66 | AA39: 0.325 | AB39: 1.653 | AF39: 42047 | AG39: 84.102399 | AH39: 141.38239 | AI39: 127.69714 | AJ39: 87.090452 | AL39: 42047 | AM39: 17.5 | AN39: 21.2 | AO39: 16.6 | AP39: 20.7
J40: 2020M10 | K40: 2.65 | L40: 2.835 | M40: 1.97 | O40: 2021M4 | P40: 1.885 | S40: 2.805 | W40: 42048 | X40: 0.418 | Y40: 2.054 | Z40: 1.674 | AA40: 0.343 | AB40: 1.619 | AF40: 42048 | AG40: 84.692978 | AH40: 141.95849 | AI40: 129.23708 | AJ40: 87.089851 | AL40: 42048 | AM40: 17.4 | AN40: 21.3 | AO40: 16.6 | AP40: 20.8
J41: 2020M11 | K41: 2.665 | L41: 2.825 | M41: 1.95 | O41: 2021M5 | P41: 1.875 | S41: 2.8 | W41: 42051 | X41: 0.447 | Y41: 2.054 | Z41: 1.694 | AA41: 0.347 | AB41: 1.636 | AF41: 42051 | AG41: 84.407291 | AI41: 128.98624 | AJ41: 87.693732 | AL41: 42051 | AM41: 17.3 | AN41: 21.3 | AO41: 16.6 | AP41: 20.8
J42: 2020M12 | K42: 2.66 | L42: 2.815 | M42: 1.925 | O42: 2021M6 | P42: 1.875 | S42: 2.8 | W42: 42052 | X42: 0.394 | Y42: 2.154 | Z42: 1.75 | AA42: 0.37 | AB42: 1.646 | AF42: 42052 | AG42: 84.426497 | AH42: 142.18527 | AI42: 129.06023 | AJ42: 87.852364 | AL42: 42052 | AM42: 17.4 | AN42: 21.6 | AO42: 16.7 | AP42: 20.9
J43: 2021M1 | K43: 2.685 | L43: 2.81 | M43: 1.91 | O43: 2021M7 | P43: 1.87 | S43: 2.795 | W43: 42053 | X43: 0.413 | Y43: 2.093 | Z43: 1.851 | AA43: 0.381 | AB43: 1.641 | AF43: 42053 | AG43: 85.213937 | AH43: 142.14059 | AI43: 129.67319 | AJ43: 89.090169 | AL43: 42053 | AM43: 17.5 | AN43: 22 | AO43: 16.9 | AP43: 20.9
J44: 2021M2 | K44: 2.695 | L44: 2.81 | M44: 1.9 | O44: 2021M8 | P44: 1.865 | S44: 2.79 | W44: 42054 | X44: 0.394 | Y44: 2.132 | Z44: 1.827 | AA44: 0.381 | AB44: 1.602 | AF44: 42054 | AG44: 85.751701 | AH44: 141.98963 | AI44: 129.59388 | AJ44: 89.826844 | AL44: 42054 | AM44: 17.6 | AN44: 22.1 | AO44: 17 | AP44: 20.9
J45: 2021M3 | K45: 2.695 | L45: 2.81 | M45: 1.89 | O45: 2021M9 | P45: 1.865 | S45: 2.79 | T45: -0.0989 | U45: 1.032 | W45: 42055 | X45: 0.389 | Y45: 2.125 | Z45: 1.785 | AA45: 0.372 | AB45: 1.564 | AF45: 42055 | AG45: 85.833326 | AH45: 142.85953 | AI45: 129.54559 | AJ45: 90.151317 | AL45: 42055 | AM45: 17.7 | AN45: 22.1 | AO45: 17 | AP45: 21.1
J46: 2021M4 | L46: 2.805 | M46: 1.885 | O46: 2021M10 | P46: 1.865 | W46: 42058 | X46: 0.383 | Y46: 2.069 | Z46: 1.804 | AA46: 0.367 | AB46: 1.488 | AF46: 42058 | AG46: 86.567949 | AH46: 142.8162 | AI46: 129.63228 | AJ46: 90.301537 | AL46: 42058 | AM46: 17.8 | AN46: 21.1 | AO46: 17.1 | AP46: 21
J47: 2021M5 | L47: 2.8 | M47: 1.875 | O47: 2021M11 | P47: 1.865 | W47: 42059 | X47: 0.376 | Y47: 1.98 | Z47: 1.769 | AA47: 0.375 | AB47: 1.462 | AF47: 42059 | AG47: 87.120117 | AH47: 143.21019 | AI47: 129.8563 | AJ47: 90.629014 | AL47: 42059 | AM47: 17.9 | AN47: 21.7 | AO47: 17.1 | AP47: 21
J48: 2021M6 | L48: 2.8 | M48: 1.875 | O48: 2021M12 | P48: 1.865 | W48: 42060 | X48: 0.34 | Y48: 1.98 | Z48: 1.699 | AA48: 0.332 | AB48: 1.452 | AF48: 42060 | AG48: 86.959268 | AH48: 143.10053 | AI48: 129.82046 | AJ48: 90.589357 | AL48: 42060 | AM48: 17.9 | AN48: 21.5 | AO48: 17.1 | AP48: 21
J49: 2021M7 | L49: 2.795 | M49: 1.87 | O49: 2022M1 | P49: 1.865 | W49: 42061 | X49: 0.339 | Y49: 2.039 | Z49: 1.735 | AA49: 0.301 | AB49: 1.343 | AF49: 42061 | AG49: 87.708296 | AH49: 142.88931 | AI49: 130.23971 | AJ49: 91.434189 | AL49: 42061 | AM49: 18 | AN49: 21.8 | AO49: 17.3 | AP49: 20.9
J50: 2021M8 | L50: 2.79 | M50: 1.865 | O50: 2022M2 | P50: 1.865 | W50: 42062 | X50: 0.34 | Y50: 2.001 | Z50: 1.78 | AA50: 0.324 | AB50: 1.32 | AF50: 42062 | AG50: 88.166836 | AH50: 142.46689 | AI50: 129.95278 | AJ50: 91.564579 | AL50: 42062 | AM50: 18.4 | AN50: 21.9 | AO50: 17.3 | AP50: 20.9
J51: 2021M9 | L51: 2.79 | M51: 1.865 | O51: 2022M3 | P51: 1.865 | Q51: -0.261 | R51: 0.743 | W51: 42065 | X51: 0.344 | Y51: 2.09 | Z51: 1.814 | AA51: 0.354 | AB51: 1.333 | AF51: 42065 | AG51: 88.073207 | AH51: 143.33949 | AI51: 130.07282 | AJ51: 91.631877 | AL51: 42065 | AM51: 19.6 | AN51: 20 | AO51: 17.3 | AP51: 21
J52: 2021M10 | M52: 1.865 | W52: 42066 | X52: 0.374 | Y52: 2.123 | Z52: 1.87 | AA52: 0.367 | AB52: 1.387 | AF52: 42066 | AG52: 87.088908 | AH52: 142.68893 | AI52: 129.47417 | AJ52: 91.74364 | AL52: 42066 | AM52: 19.4 | AN52: 19.8 | AO52: 17.4 | AP52: 20.9
J53: 2021M11 | M53: 1.865 | W53: 42067 | X53: 0.379 | Y53: 2.12 | Z53: 1.908 | AA53: 0.38 | AB53: 1.384 | AF53: 42067 | AG53: 87.75391 | AH53: 142.06274 | AI53: 128.12035 | AJ53: 91.15358 | AL53: 42067 | AM53: 19.5 | AN53: 19.9 | AO53: 17.3 | AP53: 20.8
J54: 2021M12 | M54: 1.865 | W54: 42068 | X54: 0.378 | Y54: 2.118 | Z54: 1.882 | AA54: 0.356 | AB54: 1.351 | AF54: 42068 | AG54: 88.670989 | AH54: 142.23266 | AI54: 128.03466 | AJ54: 91.556768 | AL54: 42068 | AM54: 19.6 | AN54: 20.1 | AO54: 17.3 | AP54: 20.9
J55: 2022M1 | M55: 1.865 | W55: 42069 | X55: 0.356 | Y55: 2.248 | Z55: 1.982 | AA55: 0.4 | AB55: 1.322 | AF55: 42069 | AG55: 88.824636 | AH55: 140.21666 | AI55: 127.68484 | AJ55: 92.585469 | AL55: 42069 | AM55: 19.7 | AN55: 20.1 | AO55: 17.5 | AP55: 20.6
J56: 2022M2 | M56: 1.865 | W56: 42072 | X56: 0.429 | Y56: 2.192 | Z56: 1.966 | AA56: 0.309 | AB56: 1.31 | AF56: 42072 | AG56: 88.63978 | AH56: 140.76974 | AI56: 127.15921 | AJ56: 92.039873 | AL56: 42072 | AM56: 19.8 | AN56: 20.2 | AO56: 17.4 | AP56: 20.7
J57: 2022M3 | M57: 1.865 | W57: 42073 | X57: 0.472 | Y57: 2.122 | Z57: 1.843 | AA57: 0.239 | AB57: 1.243 | AF57: 42073 | AG57: 87.792322 | AH57: 138.38209 | AI57: 125.36272 | AJ57: 91.618658 | AL57: 42073 | AM57: 19.6 | AN57: 20.1 | AO57: 17.3 | AP57: 20.3
W58: 42074 | X58: 0.422 | Y58: 2.109 | Z58: 1.828 | AA58: 0.202 | AB58: 1.135 | AF58: 42074 | AG58: 89.700903 | AH58: 138.11672 | AI58: 125.10568 | AJ58: 91.673939 | AL58: 42074 | AM58: 20.1 | AN58: 21.8 | AO58: 17.3 | AP58: 20.3
W59: 42075 | X59: 0.383 | Y59: 2.111 | Z59: 1.754 | AA59: 0.247 | AB59: 1.147 | AF59: 42075 | AG59: 89.652888 | AH59: 139.8572 | AI59: 125.92898 | AJ59: 92.933376 | AL59: 42075 | AM59: 20.1 | AN59: 22.2 | AO59: 17.6 | AP59: 20.6
W60: 42076 | X60: 0.415 | Y60: 2.118 | Z60: 1.722 | AA60: 0.259 | AB60: 1.173 | AF60: 42076 | AG60: 90.044207 | AH60: 139.00761 | AI60: 125.47992 | AJ60: 93.756577 | AL60: 42076 | AM60: 20.3 | AN60: 22.3 | AO60: 17.7 | AP60: 20.5
W61: 42079 | X61: 0.422 | Y61: 2.074 | Z61: 1.706 | AA61: 0.278 | AB61: 1.175 | AF61: 42079 | AG61: 91.174951 | AH61: 140.88889 | AI61: 126.15841 | AJ61: 93.629191 | AL61: 42079 | AM61: 20.7 | AN61: 22.5 | AO61: 17.7 | AP61: 20.7
W62: 42080 | X62: 0.419 | Y62: 2.053 | Z62: 1.704 | AA62: 0.281 | AB62: 1.27 | AF62: 42080 | AG62: 90.238666 | AH62: 140.42111 | AI62: 126.9991 | AJ62: 94.367669 | AL62: 42080 | AM62: 20.3 | AN62: 22.4 | AO62: 17.8 | AP62: 20.7
W63: 42081 | X63: 0.371 | Y63: 1.919 | Z63: 1.623 | AA63: 0.194 | AB63: 1.383 | AF63: 42081 | AG63: 90.123431 | AH63: 142.12841 | AI63: 128.21287 | AJ63: 95.086317 | AL63: 42081 | AM63: 20.3 | AN63: 22.2 | AO63: 17.9 | AP63: 20.9
W64: 42082 | X64: 0.33 | Y64: 1.971 | Z64: 1.558 | AA64: 0.187 | AB64: 1.288 | AF64: 42082 | AG64: 90.257872 | AH64: 141.43587 | AI64: 128.73615 | AJ64: 94.686734 | AL64: 42082 | AM64: 20.2 | AN64: 22.6 | AO64: 17.9 | AP64: 20.8
W65: 42083 | X65: 0.331 | Y65: 1.933 | Z65: 1.542 | AA65: 0.187 | AB65: 1.229 | AF65: 42083 | AG65: 91.383815 | AH65: 142.7106 | AI65: 129.09515 | AJ65: 94.969146 | AL65: 42083 | AM65: 20.4 | AN65: 23.1 | AO65: 17.9 | AP65: 21
W66: 42086 | X66: 0.315 | Y66: 1.91 | Z66: 1.549 | AA66: 0.221 | AB66: 1.332 | AF66: 42086 | AG66: 90.814842 | AH66: 142.46147 | AI66: 128.96564 | AJ66: 95.674575 | AL66: 42086 | AM66: 20 | AN66: 23.1 | AO66: 18.1 | AP66: 21
W67: 42087 | X67: 0.316 | Y67: 1.874 | Z67: 1.551 | AA67: 0.233 | AB67: 1.363 | AF67: 42087 | AG67: 91.523057 | AH67: 141.58684 | AI67: 128.52767 | AJ67: 95.394567 | AL67: 42087 | AM67: 20.2 | AN67: 23.4 | AO67: 18 | AP67: 20.9
W68: 42088 | X68: 0.332 | Y68: 1.927 | Z68: 1.512 | AA68: 0.221 | AB68: 1.366 | AF68: 42088 | AG68: 90.459534 | AH68: 139.52548 | AI68: 128.48645 | AJ68: 95.660154 | AL68: 42088 | AM68: 19.7 | AN68: 23.4 | AO68: 18.1 | AP68: 20.5
W69: 42089 | X69: 0.333 | Y69: 1.997 | Z69: 1.598 | AA69: 0.216 | AB69: 1.372 | AF69: 42089 | AG69: 89.993792 | AH69: 139.19377 | AI69: 127.0663 | AJ69: 94.266721 | AL69: 42089 | AM69: 18.6 | AN69: 23.1 | AO69: 17.8 | AP69: 20.5
... W74: 42096 | X74: 0.345 | Y74: 1.913 | Z74: 1.62 | AA74: 0.186 | AB74: 1.304 | AF74: 42096 | AG74: 91.244573 | AH74: 139.92557 | AI74: 132.7143 | AJ74: 93.386437 | AL74: 42096 | AM74: 18.8 | AN74: 23.5 | AO74: 17.7 | AP74: 20.6
W75: 42097 | X75: 0.359 | Y75: 1.842 | Z75: 1.62 | AA75: 0.186 | AB75: 1.304 | AF75: 42097 | AI75: 132.80636 | AJ75: 93.986713 | AL75: 42097 | AM75: 18.7 | AN75: 23.5 | AO75: 17.8 | AP75: 20.6
W76: 42100 | X76: 0.345 | Y76: 1.899 | Z76: 1.62 | AA76: 0.186 | AB76: 1.303 | AF76: 42100 | AH76: 140.8503 | AI76: 133.49294 | AJ76: 93.77941 | AL76: 42100 | AM76: 18.7 | AN76: 23.5 | AO76: 17.7 | AP76: 20.8
W77: 42101 | X77: 0.362 | Y77: 1.887 | Z77: 1.624 | AA77: 0.187 | AB77: 1.243 | AF77: 42101 | AG77: 92.519361 | AH77: 140.55988 | AI77: 133.65119 | AJ77: 94.851374 | AL77: 42101 | AM77: 18.9 | AN77: 23.4 | AO77: 17.9 | AP77: 20.7
W78: 42102 | X78: 0.364 | Y78: 1.906 | Z78: 1.604 | AA78: 0.167 | AB78: 1.251 | AF78: 42102 | AG78: 92.094431 | AH78: 140.93695 | AI78: 136.94322 | AJ78: 95.447444 | AL78: 42102 | AM78: 18.8 | AN78: 23.3 | AO78: 18.1 | AP78: 20.8
W79: 42103 | X79: 0.364 | Y79: 1.964 | Z79: 1.612 | AA79: 0.159 | AB79: 1.287 | AF79: 42103 | AG79: 93.133948 | AH79: 141.56517 | AI79: 138.58143 | AJ79: 95.791145 | AL79: 42103 | AM79: 19 | AN79: 23.8 | AO79: 18.1 | AP79: 20.9
W80: 42104 | X80: 0.345 | Y80: 1.95 | Z80: 1.616 | AA80: 0.156 | AB80: 1.258 | AF80: 42104 | AG80: 93.969402 | AH80: 142.30171 | AI80: 139.41002 | AJ80: 95.511738 | AL80: 42104 | AM80: 19.2 | AN80: 23.9 | AO80: 18.1 | AP80: 21
W81: 42107 | X81: 0.344 | Y81: 1.93 | Z81: 1.624 | AA81: 0.157 | AB81: 1.289 | AF81: 42107 | AG81: 94.19267 | AH81: 141.64979 | AI81: 141.66143 | AJ81: 95.31465 | AL81: 42107 | AM81: 19.4 | AN81: 24.1 | AO81: 18.1 | AP81: 20.9
W82: 42108 | X82: 0.328 | Y82: 1.901 | Z82: 1.524 | AA82: 0.139 | AB82: 1.313 | AF82: 42108 | AG82: 93.381223 | AH82: 141.88064 | AI82: 139.77133 | AJ82: 95.58865 | AL82: 42108 | AM82: 19.3 | AN82: 23.8 | AO82: 18.1 | AP82: 21
W83: 42109 | X83: 0.33 | Y83: 1.89 | Z83: 1.587 | AA83: 0.109 | AB83: 1.273 | AF83: 42109 | AG83: 93.741333 | AH83: 142.61108 | AI83: 140.52647 | AJ83: 95.467874 | AL83: 42109 | AM83: 19.3 | AN83: 24.1 | AO83: 18.1 | AP83: 21.1
W84: 42110 | X84: 0.332 | Y84: 1.895 | Z84: 1.63 | AA84: 0.086 | AB84: 1.383 | AF84: 42110 | AG84: 92.608188 | AH84: 142.50006 | AI84: 141.53292 | AJ84: 96.105404 | AL84: 42110 | AM84: 19 | AN84: 23.7 | AO84: 18.2 | AP84: 21
W85: 42111 | X85: 0.31 | Y85: 1.866 | Z85: 1.605 | AA85: 0.079 | AB85: 1.452 | AF85: 42111 | AG85: 90.694805 | AH85: 140.88821 | AI85: 140.38002 | AJ85: 95.460663 | AL85: 42111 | AM85: 18.5 | AN85: 23.5 | AO85: 18.1 | AP85: 20.8
W86: 42114 | X86: 0.314 | Y86: 1.887 | Z86: 1.604 | AA86: 0.077 | AB86: 1.488 | AF86: 42114 | AG86: 91.633491 | AH86: 142.18933 | AI86: 138.62164 | AJ86: 95.099536 | AL86: 42114 | AM86: 18.7 | AN86: 23.7 | AO86: 18 | AP86: 21
W87: 42115 | X87: 0.316 | Y87: 1.911 | Z87: 1.591 | AA87: 0.102 | AB87: 1.475 | AF87: 42115 | AG87: 91.981597 | AH87: 141.9788 | AI87: 140.65699 | AJ87: 96.673833 | AL87: 42115 | AM87: 18.8 | AN87: 23.5 | AO87: 18.3 | AP87: 21.1
W88: 42116 | X88: 0.307 | Y88: 1.983 | Z88: 1.722 | AA88: 0.16 | AB88: 1.4 | AF88: 42116 | AG88: 91.873564 | AH88: 142.70112 | AI88: 141.43941 | AJ88: 97.449565 | AL88: 42116 | AM88: 18.7 | AN88: 23.5 | AO88: 18.4 | AP88: 21.3
... W92: 42122 | X92: 0.303 | Y92: 2.004 | Z92: 1.716 | AA92: 0.163 | AB92: 1.381 | AF92: 42122 | AG92: 91.609484 | AH92: 143.16145 | AI92: 142.21815 | AJ92: 97.788459 | AL92: 42122 | AM92: 18.6 | AN92: 26.8 | AO92: 18.5 | AP92: 21.2
W93: 42123 | X93: 0.303 | Y93: 2.046 | Z93: 1.861 | AA93: 0.28 | AB93: 1.485 | AF93: 42123 | AG93: 89.170341 | AH93: 142.62598 | AI93: 141.21031 | AL93: 42123 | AM93: 18 | AN93: 26.2 | AO93: 18.4 | AP93: 21
W94: 42124 | X94: 0.332 | Y94: 2.036 | Z94: 1.888 | AA94: 0.363 | AB94: 1.521 | AF94: 42124 | AG94: 89.215955 | AH94: 141.18134 | AI94: 140.3696 | AJ94: 95.707022 | AL94: 42124 | AM94: 18 | AN94: 26.3 | AO94: 18.1 | AP94: 20.8
W95: 42125 | X95: 0.368 | Y95: 2.112 | Z95: 1.85 | AA95: 0.363 | AB95: 1.521 | AF95: 42125 | AG95: 89.223157 | AH95: 142.72346 | AI95: 140.40058 | AJ95: 95.275593 | AL95: 42125 | AM95: 17.8 | AN95: 26.1 | AO95: 18 | AP95: 21
W96: 42128 | X96: 0.368 | Y96: 2.146 | Z96: 1.85 | AA96: 0.454 | AB96: 1.51 | AF96: 42128 | AG96: 89.828141 | AH96: 143.14318 | AI96: 141.31764 | AL96: 42128 | AM96: 18 | AN96: 26.3 | AO96: 18 | AP96: 21.2
W97: 42129 | X97: 0.368 | Y97: 2.182 | Z97: 1.977 | AA97: 0.518 | AB97: 1.816 | AF97: 42129 | AG97: 87.782719 | AH97: 141.44874 | AI97: 140.62559 | AL97: 42129 | AM97: 17.7 | AN97: 25.7 | AO97: 18 | AP97: 21
W98: 42130 | X98: 0.368 | Y98: 2.253 | Z98: 1.983 | AA98: 0.587 | AB98: 1.925 | AF98: 42130 | AG98: 87.78752 | AH98: 140.81848 | AI98: 139.42496 | AL98: 42130 | AM98: 17.6 | AN98: 26.5 | AO98: 18 | AP98: 20.9
W99: 42131 | X99: 0.432 | Y99: 2.179 | Z99: 1.929 | AA99: 0.597 | AB99: 1.756 | AF99: 42131 | AG99: 87.960373 | AH99: 141.3499 | AI99: 137.75818 | AJ99: 94.616431 | AL99: 42131 | AM99: 17.7 | AN99: 26.6 | AO99: 17.9 | AP99: 21
W100: 42132 | X100: 0.419 | Y100: 2.143 | Z100: 1.875 | AA100: 0.546 | AB100: 1.668 | AF100: 42132 | AG100: 90.032204 | AH100: 143.25217 | AI100: 139.39365 | AJ100: 95.404782 | AL100: 42132 | AM100: 18.1 | AN100: 27.1 | AO100: 18 | AP100: 21.3
W101: 42135 | X101: 0.396 | Y101: 2.287 | Z101: 1.942 | AA101: 0.597 | AB101: 1.753 | AF101: 42135 | AG101: 89.712906 | AH101: 142.52308 | AI101: 140.29535 | AJ101: 96.039908 | AL101: 42135 | AM101: 18 | AN101: 27.2 | AO101: 18.4 | AP101: 21.1
W102: 42136 | X102: 0.456 | Y102: 2.248 | Z102: 1.997 | AA102: 0.68 | AB102: 1.871 | AF102: 42136 | AG102: 88.598967 | AH102: 142.10268 | AI102: 139.17968 | AJ102: 96.276653 | AL102: 42136 | AM102: 17.6 | AN102: 26.9 | AO102: 18.4 | AP102: 21.1
W103: 42137 | X103: 0.46 | Y103: 2.295 | Z103: 2.012 | AA103: 0.717 | AB103: 1.872 | AF103: 42137 | AG103: 88.327685 | AH103: 142.05936 | AI103: 138.94116 | AJ103: 96.393223 | AL103: 42137 | AM103: 17.7 | AN103: 27.2 | AO103: 18.2 | AP103: 21.2
W104: 42138 | X104: 0.452 | Y104: 2.244 | Z104: 1.988 | AA104: 0.7 | AB104: 1.853 | AF104: 42138 | AG104: 89.398411 | AH104: 143.59065 | AI104: 138.98301 | AJ104: 95.628908 | AL104: 42138 | AM104: 17.9 | AN104: 27.6 | AO104: 18 | AP104: 21.4
W105: 42139 | X105: 0.397 | Y105: 2.156 | Z105: 1.9 | AA105: 0.64 | AB105: 1.793 | AF105: 42139 | AG105: 88.93507 | AH105: 143.70099 | AI105: 140.08766 | AJ105: 96.567478 | AL105: 42139 | AM105: 17.8 | AN105: 27.6 | AO105: 18.2 | AP105: 21.4
W106: 42142 | X106: 0.383 | Y106: 2.241 | Z106: 1.957 | AA106: 0.65 | AB106: 1.907 | AF106: 42142 | AG106: 89.26397 | AH106: 144.13899 | AI106: 139.61519 | AJ106: 97.742191 | AL106: 42142 | AM106: 17.9 | AN106: 27.4 | AO106: 18.3 | AP106: 21.5
W107: 42143 | X107: 0.388 | Y107: 2.298 | Z107: 1.964 | AA107: 0.611 | AB107: 1.835 | AF107: 42143 | AG107: 91.066918 | AH107: 144.04624 | AI107: 139.80241 | AJ107: 98.142976 | AL107: 42143 | AM107: 18.5 | AN107: 27.8 | AO107: 18.4 | AP107: 21.4
W108: 42144 | X108: 0.398 | Y108: 2.256 | Z108: 1.975 | AA108: 0.629 | AB108: 1.847 | AF108: 42144 | AG108: 91.292587 | AH108: 143.91221 | AI108: 138.98429 | AJ108: 98.748059 | AL108: 42144 | AM108: 18.5 | AN108: 27.7 | AO108: 18.5 | AP108: 21.4
W109: 42145 | X109: 0.411 | Y109: 2.194 | Z109: 1.968 | AA109: 0.636 | AB109: 1.867 | AF109: 42145 | AG109: 91.379013 | AH109: 144.24866 | AI109: 138.67801 | AJ109: 98.952357 | AL109: 42145 | AM109: 17.9 | AN109: 27.9 | AO109: 18.6 | AP109: 21.5
...

Sheet Figure 1.6.
J2: Figure 1.6. Emerging Market Economies: Interest Rates and Spreads
J5: 1. Policy Rate | Q5: 2. Ten-Year Government Bond Yield | W5: 3. Change in EMBI Spreads | AC5: 4. Current Account Balance and Change in EMBI Spreads
J6: (Percent) | Q6: (Percent) | W6: (Basis points)
K8: China | L8: Mexico | M8: Brazil | N8: Turkey | O8: Argentina | R8: China | S8: Mexico | T8: Brazil | U8: Turkey | X8: September 2018 over April 2018 | Y8: Latest over September 2018 | AD8: Change in EMBI spread (basis points, Apr. 16, 2018–Mar. 22, 2019) | AE8: Current account 2017 (percent of GDP)
J9: 2015M1 | K9: 5.6 | L9: 3 | M9: 12.25 | N9: 8.07 | O9: 13 | Q9: 42005 | R9: 3.63 | S9: 5.786 | U9: 7.939 | W9: ARG | X9: 260 | Y9: 103 | AC9: CHN | AD9: -4 | AE9: 1.3669608
J10: 2015M2 | K10: 5.6 | L10: 3 | M10: 12.25 | N10: 7.7 | O10: 13 | Q10: 42006 | R10: 3.63 | S10: 5.7775 | T10: 12.2725 | U10: 7.895 | W10: BRA | X10: 90 | Y10: -77 | AC10: IND | AD10: 15 | AE10: -1.8347476
J11: 2015M3 | K11: 5.35 | L11: 3 | M11: 12.75 | N11: 7.5 | O11: 13 | Q11: 42009 | R11: 3.63 | S11: 5.779 | T11: 12.1795 | U11: 7.627 | W11: CHL | X11: 10 | Y11: 0 | AC11: RUS | AD11: -13 | AE11: 2.1078711
J12: 2015M4 | K12: 5.35 | L12: 3 | M12: 13.25 | N12: 7.5 | O12: 13 | Q12: 42010 | R12: 3.63 | S12: 5.72 | T12: 12.158 | U12: 7.5605 | W12: CHN | X12: 6 | Y12: -10 | AC12: IDN | AD12: 22 | AE12: -1.5951952
J13: 2015M5 | K13: 5.17 | L13: 3 | M13: 13.25 | N13: 7.5 | O13: 13 | Q13: 42011 | R13: 3.63 | S13: 5.712 | T13: 12.152 | U13: 7.466 | W13: COL | X13: 1 | Y13: 14 | AC13: BRA | AD13: 13 | AE13: -0.35237376
J14: 2015M6 | K14: 5.08 | L14: 3 | M14: 13.75 | N14: 7.5 | O14: 13 | Q14: 42012 | R14: 3.64 | S14: 5.599 | T14: 12.242 | U14: 7.2585 | W14: EGY | X14: 95 | Y14: -11 | AC14: MEX | AD14: 62 | AE14: -1.6750745
J15: 2015M7 | K15: 4.85 | L15: 3 | M15: 14.25 | N15: 7.5 | O15: 14.086957 | Q15: 42013 | R15: 3.63 | S15: 5.529 | T15: 12.239 | U15: 7.1875 | W15: HUN | X15: 8 | Y15: 14 | AC15: TUR | AD15: 154 | AE15: -5.5602886
J16: 2015M8 | K16: 4.8 | L16: 3 | M16: 14.25 | N16: 7.5 | O16: 18 | Q16: 42016 | R16: 3.62 | S16: 5.569 | T16: 12.1145 | U16: 7.17 | W16: IDN | X16: 24 | Y16: -2 | AC16: EGY | AD16: 84 | AE16: -6.0855405
J17: 2015M9 | K17: 4.6 | L17: 3 | M17: 14.25 | N17: 7.5 | O17: 18 | Q17: 42017 | R17: 3.55 | S17: 5.58 | T17: 12.113 | U17: 7.07 | W17: IND | X17: 28 | Y17: -13 | AC17: POL | AD17: 11 | AE17: 0.11431954
J18: 2015M10 | K18: 4.54 | L18: 3 | M18: 14.25 | N18: 7.5 | O18: 18.545455 | Q18: 42018 | R18: 3.53 | S18: 5.574 | T18: 12.068 | U18: 6.953 | W18: MAR | X18: 4 | Y18: 35 | AC18: MYS | AD18: 12 | AE18: 2.9758509
J19: 2015M11 | K19: 4.35 | L19: 3 | M19: 14.25 | N19: 7.5 | O19: 21 | Q19: 42019 | R19: 3.53 | S19: 5.5155 | T19: 12.064 | U19: 6.976 | W19: MYS | X19: 13 | Y19: -1 | AC19: ARG | AD19: 363 | AE19: -4.91468
J20: 2015M12 | K20: 4.35 | L20: 3.25 | M20: 14.25 | N20: 7.5 | O20: 20.73913 | Q20: 42020 | R20: 3.49 | S20: 5.438 | T20: 11.932 | U20: 7.149 | W20: MEX | X20: 29 | Y20: 33 | AC20: PHL | AD20: -6 | AE20: -0.68960711
J21: 2016M1 | K21: 4.35 | L21: 3.25 | M21: 14.25 | N21: 7.5 | O21: 18 | Q21: 42023 | R21: 3.46 | S21: 5.437 | T21: 11.9055 | U21: 6.9395 | W21: PER | X21: -4 | Y21: 0 | AC21: ZAF | AD21: 73 | AE21: -2.3744095
... J28: 2016M8 | K28: 4.35 | L28: 4.25 | M28: 14.25 | N28: 7.5 | O28: 25.206522 | Q28: 42032 | R28: 3.47 | S28: 5.169 | T28: 11.7035 | U28: 6.8745 | W28: ZAF | X28: 86 | Y28: -13 | AC28: TUN | AD28: 228 | AE28: -10.211531
J29: 2016M9 | K29: 4.35 | L29: 4.75 | M29: 14.25 | N29: 7.5 | O29: 23.113636 | Q29: 42033 | R29: 3.49 | S29: 5.166 | T29: 11.7335 | U29: 7.059
J30: 2016M10 | K30: 4.35 | L30: 4.75 | M30: 14 | N30: 7.5 | O30: 22.5 | Q30: 42034 | R30: 3.49 | S30: 5.2345 | T30: 11.78 | U30: 6.9595
J31: 2016M11 | K31: 4.35 | L31: 5.25 | M31: 14 | N31: 7.55 | O31: 21.909091 | Q31: 42037 | R31: 3.45 | S31: 5.2345 | T31: 11.9525 | U31: 7.047
J32: 2016M12 | K32: 4.35 | L32: 5.75 | M32: 13.75 | N32: 8 | O32: 22.045455 | Q32: 42038 | R32: 3.45 | S32: 5.267 | T32: 12.075 | U32: 7.205
J33: 2017M1 | K33: 4.35 | L33: 5.75 | M33: 13 | N33: 8 | O33: 22.75 | Q33: 42039 | R33: 3.45 | S33: 5.261 | T33: 11.972 | U33: 7.349
J34: 2017M2 | K34: 4.35 | L34: 6.25 | M34: 12.25 | N34: 8 | O34: 22.75 | Q34: 42040 | R34: 3.42 | S34: 5.2585 | T34: 12.109 | U34: 7.3925
J35: 2017M3 | K35: 4.35 | L35: 6.5 | M35: 12.25 | N35: 8 | O35: 22.75 | Q35: 42041 | R35: 3.43 | S35: 5.534 | T35: 12.2905 | U35: 7.474
J36: 2017M4 | K36: 4.35 | L36: 6.5 | M36: 11.25 | N36: 8 | O36: 23.725 | Q36: 42044 | R36: 3.42 | S36: 5.5885 | T36: 12.3705 | U36: 7.474
J37: 2017M5 | K37: 4.35 | L37: 6.75 | M37: 11.25 | N37: 8 | O37: 24.25 | Q37: 42045 | R37: 3.42 | S37: 5.64 | T37: 12.5215 | U37: 7.9465
J38: 2017M6 | K38: 4.35 | L38: 7 | M38: 10.25 | N38: 8 | O38: 24.25 | Q38: 42046 | R38: 3.38 | S38: 5.641 | T38: 12.6035 | U38: 7.742
J39: 2017M7 | K39: 4.35 | L39: 7 | M39: 9.25 | N39: 8 | O39: 24.25 | Q39: 42047 | R39: 3.36 | S39: 5.633 | T39: 12.4345 | U39: 7.549
J40: 2017M8 | K40: 4.35 | L40: 7 | M40: 9.25 | N40: 8 | O40: 24.25 | Q40: 42048 | R40: 3.34 | S40: 5.609 | T40: 12.462 | U40: 7.4815
... J58: 2019M2 | K58: 4.35 | L58: 8.25 | M58: 6.5 | N58: 24 | O58: 37.66 | Q58: 42074 | R58: 3.43 | S58: 5.9905 | T58: 13.0675 | U58: 8.1635
Q59: 42075 | R59: 3.43 | S59: 5.912 | T59: 13.0425 | U59: 8.1545
Q60: 42076 | R60: 3.49 | S60: 5.994 | T60: 13.188 | U60: 8.3555
Q61: 42079 | R61: 3.53 | S61: 5.994 | T61: 13.208 | U61: 8.376
Q62: 42080 | R62: 3.51 | S62: 5.993 | T62: 13.215 | U62: 8.258
Q63: 42081 | R63: 3.54 | S63: 5.873 | T63: 12.927 | U63: 8.145
Q64: 42082 | R64: 3.54 | S64: 5.783 | T64: 12.888 | U64: 7.943
Q65: 42083 | R65: 3.54 | S65: 5.787 | T65: 13.104 | U65: 7.9615
Q66: 42086 | R66: 3.48 | S66: 5.6885 | T66: 12.989 | U66: 7.9095
Q67: 42087 | R67: 3.48 | S67: 5.6855 | T67: 12.9585 | U67: 8.0905
Q68: 42088 | R68: 3.49 | S68: 5.679 | T68: 12.943 | U68: 8.142
Q69: 42089 | R69: 3.55 | S69: 5.77 | T69: 12.969 | U69: 8.399
Q70: 42090 | R70: 3.57 | S70: 5.783 | T70: 13.086 | U70: 8.2745
... Q529: 42733 | R529: 3.0321 | S529: 7.4835 | T529: 11.363 | U529: 11.045
Q530: 42734 | R530: 3.052 | S530: 7.4185 | U530: 11.0115
Q531: 42737 | R531: 3.052 | S531: 7.4185 | U531: 11.179
Q532: 42738 | R532: 3.093 | S532: 7.5765 | T532: 11.221 | U532: 11.2155
Q533: 42739 | R533: 3.1723 | S533: 7.6325 | T533: 11.3 | U533: 10.9985
Q534: 42740 | R534: 3.1994 | S534: 7.753 | T534: 11.286 | U534: 11.0765
Q535: 42741 | R535: 3.1992 | S535: 7.633 | T535: 11.3 | U535: 10.9855
Q536: 42744 | R536: 3.1586 | S536: 7.656 | T536: 11.235 | U536: 11.085
Q537: 42745 | R537: 3.1768 | S537: 7.7475 | T537: 11.191 | U537: 11.1985
Q538: 42746 | R538: 3.2185 | S538: 7.672 | T538: 11.221 | U538: 11.5685
Q539: 42747 | R539: 3.2016 | S539: 7.5925 | T539: 10.939 | U539: 11.2085
Q540: 42748 | R540: 3.1781 | S540: 7.5765 | T540: 10.923 | U540: 11.143
Q541: 42751 | R541: 3.245 | S541: 7.576 | T541: 10.91 | U541: 11.1115
Q542: 42752 | R542: 3.2348 | S542: 7.635 | T542: 10.894 | U542: 10.9385
Q543: 42753 | R543: 3.2648 | S543: 7.719 | T543: 10.953 | U543: 11.0505
... Q753: 43047 | R753: 3.9007 | S753: 7.2295 | T753: 10.013 | U753: 11.9605
Q754: 43048 | R754: 3.9041 | U754: 11.856
Q755: 43049
Q756: 43052 | R756: 3.9825 | S756: 7.2715 | T756: 10.21 | U756: 11.9735
Q757: 43053 | R757: 3.9693 | S757: 7.2965 | T757: 10.3175 | U757: 11.9875
Q758: 43054 | R758: 3.9901 | S758: 7.3375 | T758: 10.3175 | U758: 12.0165
Q759: 43055 | R759: 3.9582 | S759: 7.3135 | T759: 10.2665 | U759: 12.007
Q760: 43056 | R760: 3.9587 | S760: 7.2615 | T760: 10.165 | U760: 12.2155
Q761: 43059 | R761: 3.9692 | S761: 7.2615 | T761: 10.1645 | U761: 12.5025
Q762: 43060 | R762: 3.9677 | S762: 7.223 | T762: 10.073 | U762: 12.7715
Q763: 43061 | R763: 4.0411 | S763: 7.1925 | T763: 10.075 | U763: 12.626
Q764: 43062 | R764: 4.0107 | S764: 7.1925 | T764: 10.075 | U764: 12.3625
Q765: 43063 | R765: 3.964 | S765: 7.2325 | T765: 10.118 | U765: 12.3285
Q766: 43066 | R766: 3.968 | S766: 7.205 | T766: 10.1425 | U766: 12.083
Q767: 43067 | R767: 3.9706 | S767: 7.2215 | T767: 10.102 | U767: 12.1785
... Q790: 43098 | R790: 3.9059 | S790: 7.6635 | T790: 10.2395 | U790: 11.396
Q791: 43101 | S791: 7.6635 | T791: 10.2395
Q792: 43102 | R792: 3.9345 | S792: 7.5785 | T792: 9.797 | U792: 11.3605
Q793: 43103 | R793: 3.9259 | S793: 7.512 | T793: 10.0465 | U793: 11.4085
Q794: 43104 | R794: 3.9429 | S794: 7.4655 | T794: 10.051 | U794: 11.465
Q795: 43105 | R795: 3.9359 | S795: 7.4515 | T795: 10.053 | U795: 11.4335
Q796: 43108 | R796: 3.9159 | S796: 7.43 | T796: 9.9875 | U796: 11.403
Q797: 43109 | R797: 3.9224 | S797: 7.4855 | T797: 9.996 | U797: 11.342
Q798: 43110 | R798: 3.9503 | S798: 7.5595 | T798: 9.97 | U798: 11.4465
Q799: 43111 | R799: 3.9412 | S799: 7.577 | T799: 9.902 | U799: 11.476
Q800: 43112 | R800: 3.9208 | S800: 7.5655 | T800: 9.85 | U800: 11.433
Q801: 43115 | R801: 3.9624 | S801: 7.5655 | T801: 9.85 | U801: 11.568
Q802: 43116 | R802: 3.968 | S802: 7.551 | T802: 9.903 | U802: 11.6145
Q803: 43117 | R803: 3.9908 | S803: 7.5305 | T803: 9.899 | U803: 11.77
... Q899: 43251 | R899: 3.6461 | S899: 7.7855 | T899: 11.258 | U899: 13.8305
Q900: 43252 | S900: 7.8195 | T900: 11.164 | U900: 14.301
Q901: 43255 | R901: 3.6419 | S901: 7.8455 | T901: 11.21 | U901: 14.3435
Q902: 43256 | R902: 3.6701 | S902: 7.8505 | T902: 11.756 | U902: 14.666
Q903: 43257 | R903: 3.6663 | S903: 7.8185 | T903: 11.8815 | U903: 14.6985
Q904: 43258 | R904: 3.6933 | S904: 7.8355 | T904: 11.841 | U904: 14.481
Q905: 43259 | R905: 3.665 | S905: 7.8395 | T905: 11.5595 | U905: 14.497
Q906: 43262 | R906: 3.6747 | S906: 7.8625 | T906: 11.3775 | U906: 14.727
Q907: 43263 | R907: 3.7194 | S907: 7.9155 | T907: 11.458 | U907: 15.093
Q908: 43264 | R908: 3.6507 | S908: 7.9425 | T908: 11.647 | U908: 15.7105
Q909: 43265 | R909: 3.6164 | S909: 7.9465 | T909: 11.992 | U909: 15.659
Q910: 43266 | R910: 3.6157 | S910: 7.9935 | T910: 11.896 | U910: 15.659
Q911: 43269 | R911: 3.6157 | S911: 7.958 | T911: 11.8135 | U911: 16.2795
...

Sheet Figure 1.7.
J2: Figure 1.7. Emerging Market Economies: Equity Markets and Credit
J5: 1. Equity Markets | N5: 2. Equity Markets | V5: 3. Real Credit Growth | AB5: 4. Real Credit Growth | AI5: 5. Credit-to-GDP Ratio | AQ5: 6. Credit-to-GDP Ratio
J6: (Index, 2015 = 100) | N6: (Index, 2015 = 100) | V6: (Year-over-year percent change) | AB6: (Year-over-year percent change) | AI6: (Percent) | AQ6: (Percent)
K8: China | L8: Emerging Asia excluding China | O8: Argentina | P8: Brazil | Q8: Mexico | R8: Russia | S8: South Africa | T8: Turkey | W8: BRA | X8: CHN | Y8: IND | Z8: MEX | AC8: MYS | AD8: IDN | AE8: TUR | AF8: COL | AG8: RUS | AJ8: RUS | AK8: BRA | AL8: TUR | AM8: IND | AN8: IDN | AO8: COL | AR8: MYS | AS8: MEX | AT8: CHN
J9: 2015M1 | K9: 96.314421 | L9: 103.42222 | N9: 2015M1 | O9: 90.642074 | P9: 98.671086 | Q9: 96.332119 | R9: 92.517826 | S9: 97.502065 | T9: 110.19591 | V9: 2015M1 | W9: 2.204938 | Y9: 5.0821016 | Z9: 4.3961988 | AB9: 2015M1 | AC9: 8.0490343 | AD9: 5.4076139 | AE9: 8.6824245 | AF9: 12.198378 | AG9: 7.4168818 | AI9: 2006Q1 | AJ9: 27.016704 | AK9: 27.176174 | AL9: 22.468773 | AM9: 39.43205 | AN9: 22.047652 | AO9: 24.125493 | AQ9: 2006Q1 | AR9: 100.83342 | AS9: 15.36019
J10: 2015M2 | K10: 95.469027 | L10: 106.90194 | N10: 2015M2 | O10: 101.82772 | P10: 102.02809 | Q10: 98.525887 | R10: 104.23241 | S10: 102.74638 | T10: 106.30679 | V10: 2015M2 | W10: 1.5463849 | Y10: 4.6069774 | Z10: 5.2912052 | AB10: 2015M2 | AC10: 8.9349895 | AD10: 6.2435649 | AE10: 11.159608 | AF10: 15.138407 | AG10: 2.2504222 | AI10: 2006Q2 | AJ10: 28.446077 | AK10: 28.053357 | AL10: 24.920163 | AM10: 40.308234 | AN10: 21.788029 | AO10: 25.221303 | AQ10: 2006Q2 | AR10: 100.58314 | AS10: 16.093215
J11: 2015M3 | K11: 99.273077 | L11: 107.19875 | N11: 2015M3 | O11: 118.43886 | P11: 101.89727 | Q11: 99.788222 | R11: 99.309735 | S11: 101.78793 | T11: 99.884721 | V11: 2015M3 | W11: 1.547119 | X11: 11.323264 | Y11: 3.8133204 | Z11: 6.4740903 | AB11: 2015M3 | AC11: 8.4575939 | AD11: 5.9941471 | AE11: 13.634549 | AF11: 14.347052 | AG11: -1.0995121 | AI11: 2006Q3 | AJ11: 30.058084 | AK11: 28.494057 | AL11: 24.66665 | AM11: 41.932337 | AN11: 21.609042 | AO11: 26.172007 | AQ11: 2006Q3 | AR11: 99.965203 | AS11: 16.627606
J12: 2015M4 | K12: 118.93678 | L12: 106.75531 | N12: 2015M4 | O12: 118.30599 | P12: 109.42421 | Q12: 102.72756 | R12: 103.21944 | S12: 106.87345 | T12: 102.42776 | V12: 2015M4 | W12: 0.93350155 | Y12: 4.5047857 | Z12: 6.7343937 | AB12: 2015M4 | AC12: 7.0053185 | AD12: 4.6377588 | AE12: 16.082141 | AF12: 12.193434 | AG12: -3.0112081 | AI12: 2006Q4 | AJ12: 32.233829 | AK12: 29.655277 | AL12: 25.01179 | AM12: 42.403571 | AN12: 21.957984 | AO12: 27.248348 | AQ12: 2006Q4 | AR12: 100.27077 | AS12: 17.599223 | AT12: 120.85992
J13: 2015M5 | K13: 124.21831 | L13: 103.0583 | N13: 2015M5 | O13: 112.50799 | P13: 111.84643 | Q13: 102.30145 | R13: 103.60033 | S13: 104.16919 | T13: 104.75516 | V13: 2015M5 | W13: 0.08662253 | Y13: 4.309109 | Z13: 5.2545219 | AB13: 2015M5 | AC13: 6.9310424 | AD13: 4.9619372 | AE13: 16.164683 | AF13: 12.999162 | AG13: -2.9490864 | AI13: 2007Q1 | AJ13: 33.727327 | AK13: 29.705692 | AL13: 25.015396 | AM13: 43.545016 | AN13: 21.373138 | AO13: 27.681193 | AQ13: 2007Q1 | AR13: 99.792227 | AS13: 17.807837 | AT13: 122.10556
J14: 2015M6 | K14: 124.08906 | L14: 100.15572 | N14: 2015M6 | O14: 105.08521 | P14: 107.15237 | Q14: 102.0826 | R14: 100.46501 | S14: 100.23555 | T14: 100.56971 | V14: 2015M6 | W14: -0.77131463 | X14: 10.944071 | Y14: 3.4235291 | Z14: 6.5498159 | AB14: 2015M6 | AC14: 6.1653122 | AD14: 4.4638482 | AE14: 10.006537 | AF14: 12.786191 | AG14: -1.792436 | AI14: 2007Q2 | AJ14: 35.970362 | AK14: 30.317973 | AL14: 26.007087 | AM14: 43.027908 | AN14: 21.848724 | AO14: 29.197807 | AQ14: 2007Q2 | AR14: 100.4749 | AS14: 18.446048 | AT14: 123.00932
J15: 2015M7 | K15: 103.73622 | L15: 100.57847 | N15: 2015M7 | O15: 96.965867 | P15: 103.88906 | Q15: 102.09229 | R15: 98.430015 | S15: 101.21881 | T15: 99.689171 | V15: 2015M7 | W15: -1.2228187 | Y15: 5.2838353 | Z15: 6.7666668 | AB15: 2015M7 | AC15: 5.6924207 | AD15: 3.7975116 | AE15: 11.47552 | AF15: 13.700577 | AG15: -1.7857705 | AI15: 2007Q3 | AJ15: 37.964188 | AK15: 31.661577 | AL15: 27.0079 | AM15: 44.136214 | AN15: 22.262633 | AO15: 30.38876 | AQ15: 2007Q3 | AR15: 103.31721 | AS15: 19.236777 | AT15: 122.64629
J16: 2015M8 | K16: 92.431458 | L16: 96.909616 | N16: 2015M8 | O16: 92.125791 | P16: 95.947545 | Q16: 99.68222 | R16: 98.941984 | S16: 97.638837 | T16: 94.42013 | V16: 2015M8 | W16: -1.5316183 | Y16: 5.3744053 | Z16: 7.949639 | AB16: 2015M8 | AC16: 6.6350683 | AD16: 5.1690671 | AE16: 12.59734 | AF16: 14.122276 | AG16: -0.21380396 | AI16: 2007Q4 | AJ16: 39.027759 | AK16: 33.739432 | AL16: 28.284982 | AM16: 44.838291 | AN16: 23.146758 | AO16: 31.713499 | AQ16: 2007Q4 | AR16: 98.318602 | AS16: 19.186307 | AT16: 119.3626
J17: 2015M9 | K17: 81.715544 | L17: 92.260853 | N17: 2015M9 | O17: 84.163405 | P17: 92.546251 | Q17: 97.849998 | R17: 98.059332 | S17: 94.975346 | T17: 91.590979 | V17: 2015M9 | W17: -1.9888154 | X17: 12.35229 | Y17: 4.854847 | Z17: 11.011532 | AB17: 2015M9 | AC17: 6.600927 | AD17: 5.0981884 | AE17: 16.358199 | AF17: 13.963947 | AG17: -1.7103456 | AI17: 2008Q1 | AJ17: 39.880562 | AK17: 34.743573 | AL17: 30.070737 | AM17: 46.115089 | AN17: 23.092103 | AO17: 32.074387 | AQ17: 2008Q1 | AR17: 95.750314 | AS17: 18.523094 | AT17: 121.40766
J18: 2015M10 | K18: 87.341468 | L18: 96.022579 | N18: 2015M10 | O18: 85.654969 | P18: 94.556693 | Q18: 100.36376 | R18: 99.660653 | S18: 100.28771 | T18: 98.234147 | V18: 2015M10 | W18: -3.2853838 | Y18: 3.8879907 | Z18: 11.081285 | AB18: 2015M10 | AC18: 6.4770711 | AD18: 3.9450347 | AE18: 15.805977 | AF18: 16.027173 | AG18: -3.6902857 | AI18: 2008Q2 | AJ18: 40.806933 | AK18: 36.130321 | AL18: 31.02065 | AM18: 46.806406 | AN18: 23.919781 | AO18: 32.758122 | AQ18: 2008Q2 | AR18: 94.391588 | AS18: 18.724752 | AT18: 121.99972
J19: 2015M11 | K19: 90.196307 | L19: 93.877132 | N19: 2015M11 | O19: 102.85471 | P19: 93.586794 | Q19: 100.81404 | R19: 103.09461 | S19: 99.528687 | T19: 100.38722 | V19: 2015M11 | W19: -4.3518955 | Y19: 3.8524993 | Z19: 11.583138 | AB19: 2015M11 | AC19: 6.1338002 | AD19: 3.9790869 | AE19: 13.290662 | AF19: 12.765307 | AG19: -5.1621499 | AI19: 2008Q3 | AJ19: 41.272677 | AK19: 37.451551 | AL19: 31.793255 | AM19: 47.219283 | AN19: 24.242764 | AO19: 32.471589 | AQ19: 2008Q3 | AR19: 93.750954 | AS19: 18.079745 | AT19: 121.87539
J20: 2015M12 | K20: 86.278321 | L20: 92.859123 | N20: 2015M12 | O20: 91.427434 | P20: 88.454199 | Q20: 97.439856 | R20: 98.468652 | S20: 93.036033 | T20: 91.538295 | V20: 2015M12 | W20: -5.4147414 | X20: 13.122998 | Y20: 4.8571268 | Z20: 13.218496 | AB20: 2015M12 | AC20: 5.7719258 | AD20: 6.0265745 | AE20: 10.363052 | AF20: 10.420753 | AG20: -4.9982135 | AI20: 2008Q4 | AJ20: 42.720345 | AK20: 38.612583 | AL20: 31.154134 | AM20: 48.064175 | AN20: 24.050231 | AO20: 32.296941 | AQ20: 2008Q4 | AR20: 93.540725 | AS20: 18.217934 | AT20: 119.18177
J21: 2016M1 | K21: 72.273248 | L21: 90.78084 | N21: 2016M1 | O21: 88.709538 | P21: 78.327668 | Q21: 93.808077 | R21: 94.390752 | S21: 88.239951 | T21: 88.361065 | V21: 2016M1 | W21: -5.8708226 | Y21: 5.097232 | Z21: 17.778856 | AB21: 2016M1 | AC21: 4.032336 | AD21: 4.9664488 | AE21: 8.908666 | AF21: 5.8798712 | AG21: -4.8783335 | AI21: 2009Q1 | AJ21: 44.769593 | AK21: 38.525808 | AL21: 31.309179 | AM21: 48.130022 | AN21: 23.022217 | AO21: 32.555829 | AQ21: 2009Q1 | AR21: 96.618922 | AS21: 18.338028 | AT21: 131.80709
J22: 2016M2 | K22: 68.914337 | L22: 91.035975 | N22: 2016M2 | O22: 97.715445 | P22: 81.081473 | Q22: 97.748751 | R22: 98.333232 | S22: 91.40916 | T22: 91.135653 | V22: 2016M2 | W22: -6.4566222 | Y22: 5.6764178 | Z22: 17.119459 | AB22: 2016M2 | AC22: 3.522378 | AD22: 4.2450136 | AE22: 8.0290712 | AF22: 3.0773065 | AG22: -0.90231601 | AI22: 2009Q2 | AJ22: 45.281272 | AK22: 39.165018 | AL22: 32.381653 | AM22: 48.78528 | AN22: 22.732857 | AO22: 32.09101 | AQ22: 2009Q2 | AR22: 101.06886 | AS22: 18.396757 | AT22: 142.32848
J23: 2016M3 | K23: 73.814636 | L23: 94.963397 | N23: 2016M3 | O23: 102.25726 | P23: 96.202012 | Q23: 102.69198 | R23: 105.99504 | S23: 98.956268 | T23: 99.770056 | V23: 2016M3 | W23: -6.9574041 | X23: 15.510274 | Y23: 5.7977565 | Z23: 15.250199 | AB23: 2016M3 | AC23: 4.2845608 | AD23: 3.6525459 | AE23: 6.8135261 | AF23: 2.0006427 | AG23: 0.023105836 | AI23: 2009Q3 | AJ23: 46.842259 | AK23: 40.084596 | AL23: 33.450896 | AM23: 49.424966 | AN23: 22.802242 | AO23: 31.851626 | AQ23: 2009Q3 | AR23: 106.49237 | AS23: 18.480225 | AT23: 147.29459
J24: 2016M4 | K24: 77.079732 | L24: 96.063507 | N24: 2016M4 | O24: 102.12263 | P24: 101.191 | Q24: 103.46463 | R24: 109.20368 | S24: 100.64107 | T24: 105.09682 | V24: 2016M4 | W24: -7.4774762 | Y24: 4.1704496 | Z24: 15.646832 | AB24: 2016M4 | AC24: 4.6617942 | AD24: 3.776543 | AE24: 5.3504281 | AF24: 2.6904446 | AG24: 0.98403052 | AI24: 2009Q4 | AJ24: 46.542981 | AK24: 40.700802 | AL24: 34.859268 | AM24: 48.787008 | AN24: 23.2223 | AO24: 31.107971 | AQ24: 2009Q4 | AR24: 107.97462 | AS24: 18.044368 | AT24: 147.32679
J25: 2016M5 | K25: 72.786829 | L25: 95.321132 | N25: 2016M5 | O25: 103.16465 | P25: 98.930633 | Q25: 102.98978 | R25: 108.25204 | S25: 98.633412 | T25: 97.394318 | V25: 2016M5 | W25: -7.8647205 | Y25: 3.6772505 | Z25: 16.38713 | AB25: 2016M5 | AC25: 4.4218242 | AD25: 3.8150284 | AE25: 6.8543344 | AF25: 2.3459735 | AG25: -0.89655547 | AI25: 2010Q1 | AJ25: 44.477951 | AK25: 40.193846 | AL25: 36.29081 | AM25: 49.322391 | AN25: 22.247068 | AO25: 30.801033 | AQ25: 2010Q1 | AR25: 106.40081 | AS25: 17.802781 | AT25: 153.7119
J26: 2016M6 | K26: 72.82961 | L26: 97.864349 | N26: 2016M6 | O26: 107.41113 | P26: 97.294704 | Q26: 102.62083 | R26: 106.42629 | S26: 100.89678 | T26: 95.866379 | V26: 2016M6 | W26: -8.4574786 | X26: 16.648354 | Y26: 3.3656311 | Z26: 17.488209 | AB26: 2016M6 | AC26: 4.433669 | AD26: 3.3065789 | AE26: 4.6367607 | AF26: 2.6987516 | AG26: -1.7275351 | AI26: 2010Q2 | AJ26: 44.438758 | AK26: 40.640057 | AL26: 38.937679 | AM26: 49.42863 | AN26: 23.251109 | AO26: 30.809284 | AQ26: 2010Q2 | AR26: 106.04809 | AS26: 17.709971 | AT26: 156.83704
J27: 2016M7 | K27: 74.080298 | L27: 102.27012 | N27: 2016M7 | O27: 108.1641 | P27: 106.62943 | Q27: 105.20956 | R27: 108.02736 | S27: 103.19642 | T27: 96.366985 | V27: 2016M7 | W27: -9.0366305 | Y27: 3.1826691 | Z27: 17.856574 | AB27: 2016M7 | AC27: 4.6226254 | AD27: 4.6032711 | AE27: 1.9110186 | AF27: 2.1563419 | AG27: -2.3377073 | AI27: 2010Q3 | AJ27: 44.575814 | AK27: 41.284501 | AL27: 39.516398 | AM27: 48.917489 | AN27: 23.60628 | AO27: 31.615483 | AQ27: 2010Q3 | AR27: 105.79085 | AS27: 17.838717 | AT27: 157.92355
J28: 2016M8 | K28: 77.643401 | L28: 105.39459 | N28: 2016M8 | O28: 104.78475 | P28: 111.9178 | Q28: 107.58464 | R28: 110.06937 | S28: 104.77391 | T28: 96.026276 | V28: 2016M8 | W28: -9.7507716 | Y28: 4.0505722 | Z28: 17.095303 | AB28: 2016M8 | AC28: 3.3165139 | AD28: 2.997776 | AE28: 0.86263545 | AF28: -2.4593522 | AG28: -5.1861793 | AI28: 2010Q4 | AJ28: 44.189261 | AK28: 42.175868 | AL28: 42.005669 | AM28: 51.087866 | AN28: 24.36066 | AO28: 32.879905 | AQ28: 2010Q4 | AR28: 107.04383 | AS28: 18.328864 | AT28: 158.19338
J29: 2016M9 | K29: 79.113969 | L29: 104.77196 | N29: 2016M9 | O29: 105.23848 | P29: 112.71483 | Q29: 105.93814 | R29: 112.3228 | S29: 102.29433 | T29: 96.172049 | V29: 2016M9 | W29: -10.067689 | X29: 16.909121 | Y29: 7.8697203 | Z29: 14.649878 | AB29: 2016M9 | AC29: 3.6386399 | AD29: 2.6717435 | AE29: 0.89517888 | AF29: 0.34819711 | AG29: -5.3556469 | AI29: 2011Q1 | AJ29: 43.163662 | AK29: 41.978146 | AL29: 43.447798 | AM29: 49.962566 | AN29: 24.162342 | AO29: 33.569085 | AQ29: 2011Q1 | AR29: 107.27658 | AS29: 18.50484 | AT29: 161.12665
J30: 2016M10 | K30: 78.398222 | L30: 104.51015 | N30: 2016M10 | O30: 111.31687 | P30: 119.57827 | Q30: 107.82005 | R30: 111.76799 | S30: 98.621721 | T30: 96.654933 | V30: 2016M10 | W30: -9.753924 | Y30: 4.4273062 | Z30: 14.352167 | AB30: 2016M10 | AC30: 3.6174426 | AD30: 2.936647 | AE30: 3.8089548 | AF30: -2.142209 | AG30: -4.7532277 | AI30: 2011Q2 | AJ30: 43.413555 | AK30: 42.481731 | AL30: 46.013725 | AM30: 49.740246 | AN30: 25.302747 | AO30: 34.362959 | AQ30: 2011Q2 | AR30: 107.77158 | AS30: 18.722285 | AT30: 161.86353
J31: 2016M11 | K31: 75.758265 | L31: 98.743793 | N31: 2016M11 | O31: 101.99623 | P31: 117.53491 | Q31: 103.2596 | R31: 114.32783 | S31: 94.955786 | T31: 92.887622 | V31: 2016M11 | W31: -9.1200713 | Y31: 2.7987275 | Z31: 16.109289 | AB31: 2016M11 | AC31: 3.6795794 | AD31: 4.1018752 | AE31: 8.2904579 | AF31: 1.2093907 | AG31: -4.5222517 | AI31: 2011Q3 | AJ31: 45.341175 | AK31: 43.45245 | AL31: 47.284075 | AM31: 49.662344 | AN31: 26.057893 | AO31: 34.831194 | AQ31: 2011Q3 | AR31: 107.52139 | AS31: 19.046181 | AT31: 159.25
J32: 2016M12 | K32: 72.889964 | L32: 97.449823 | N32: 2016M12 | O32: 94.397872 | P32: 112.0285 | Q32: 103.09074 | R32: 124.95103 | S32: 93.374553 | T32: 94.055814 | V32: 2016M12 | W32: -8.9730058 | X32: 17.353984 | Y32: 1.4141452 | Z32: 13.842285 | AB32: 2016M12 | AC32: 3.3171222 | AD32: 4.5471211 | AE32: 7.3594561 | AF32: 3.1616784 | AG32: -7.2867217 | AI32: 2011Q4 | AJ32: 46.346313 | AK32: 44.607849 | AL32: 46.630979 | AM32: 50.731201 | AN32: 26.883378 | AO32: 35.376355 | AQ32: 2011Q4 | AR32: 108.35654 | AS32: 19.407393 | AT32: 157.68373
J33: 2017M1 | K33: 74.683259 | L33: 100.56265 | N33: 2017M1 | O33: 109.10946 | P33: 119.76906 | Q33: 105.69155 | R33: 125.7397 | S33: 97.56824 | T33: 99.216495 | V33: 2017M1 | W33: -8.1918668 | Y33: 1.5439159 | Z33: 6.9691952 | AB33: 2017M1 | AC33: 2.3069814 | AD33: 4.0899804 | AE33: 10.112475 | AF33: 4.0913031 | AG33: -7.7639113 | AI33: 2012Q1 | AJ33: 45.54688 | AK33: 44.412069 | AL33: 46.597903 | AM33: 51.068279 | AN33: 27.03065 | AO33: 35.646456 | AQ33: 2012Q1 | AR33: 108.74341 | AS33: 19.05997 | AT33: 160.95313
J34: 2017M2 | K34: 77.826895 | L34: 103.42903 | N34: 2017M2 | O34: 119.26503 | P34: 124.74235 | Q34: 106.91094 | R34: 121.526 | S34: 97.039739 | T34: 108.60977 | V34: 2017M2 | W34: -7.1057483 | Y34: 0.81445837 | Z34: 7.31172 | AB34: 2017M2 | AC34: 0.66228539 | AD34: 3.5400785 | AE34: 6.9803381 | AF34: 2.3907803 | AG34: -8.2381358 | AI34: 2012Q2 | AJ34: 47.299739 | AK34: 45.444109 | AL34: 47.799008 | AM34: 51.741327 | AN34: 28.351765 | AO34: 36.209875 | AQ34: 2012Q2 | AR34: 110.6149 | AS34: 19.442778 | AT34: 164.5237
J35: 2017m3 | K35: 78.876393 | L35: 105.52525 | N35: 2017m3 | O35: 123.07537 | P35: 121.66685 | Q35: 108.656 | R35: 114.88354 | S35: 97.923173 | T35: 110.70874 | V35: 2017m3 | W35: -6.3213399 | X35: 16.072728 | Y35: 4.9222855 | Z35: 7.3970245 | AB35: 2017m3 | AC35: 1.2663802 | AD35: 4.1035644 | AE35: 8.3115683 | AF35: 6.9095314 | AG35: -6.2930841 | AI35: 2012Q3 | AJ35: 48.187706 | AK35: 45.453071 | AL35: 48.136583 | AM35: 50.631109 | AN35: 29.088276 | AO35: 37.081081 | AQ35: 2012Q3 | AR35: 112.3619 | AS35: 19.494472 | AT35: 168.50399
J36: 2017m4 | K36: 79.942559 | L36: 107.89866 | N36: 2017m4 | O36: 132.91817 | P36: 120.39568 | Q36: 110.5501 | R36: 112.54569 | S36: 99.937503 | T36: 112.58507 | V36: 2017m4 | W36: -5.3642565 | Y36: 2.5296413 | Z36: 7.3568741 | AB36: 2017m4 | AC36: 1.6058754 | AD36: 2.9045444 | AE36: 9.1254032 | AF36: 7.6774055 | AG36: -4.0880735 | AI36: 2012Q4 | AJ36: 49.014341 | AK36: 46.713775 | AL36: 49.194523 | AM36: 51.179778 | AN36: 29.893244 | AO36: 38.004182 | AQ36: 2012Q4 | AR36: 114.06709 | AS36: 19.939268 | AT36: 170.08128
J37: 2017m5 | K37: 80.92069 | L37: 109.57767 | N37: 2017m5 | O37: 136.45089 | P37: 121.63465 | Q37: 110.7785 | R37: 111.80854 | S37: 103.29482 | T37: 117.915 | V37: 2017m5 | W37: -5.0087045 | Y37: 3.2740338 | Z37: 5.6043646 | AB37: 2017m5 | AC37: 1.8594886 | AD37: 3.9140371 | AE37: 8.5319248 | AF37: 6.9207676 | AG37: -2.3443033 | AI37: 2013Q1 | AJ37: 49.652447 | AK37: 46.808167 | AL37: 50.212554 | AM37: 51.20032 | AN37: 29.726081 | AO37: 39.112134 | AQ37: 2013Q1 | AR37: 116.13833 | AS37: 19.9966 | AT37: 177.1234
J38: 2017m6 | K38: 85.36603 | L38: 110.95511 | N38: 2017m6 | O38: 137.24697 | P38: 116.01887 | Q38: 110.26927 | R38: 104.54954 | S38: 98.625093 | T38: 122.09707 | V38: 2017m6 | W38: -3.411547 | X38: 14.211048 | Y38: 4.7800692 | Z38: 4.7058681 | AB38: 2017m6 | AC38: 2.5094861 | AD38: 3.4001334 | AE38: 9.8832664 | AF38: 6.4073928 | AG38: -1.4469528 | AI38: 2013Q2 | AJ38: 51.374812 | AK38: 47.324875 | AL38: 53.768837 | AM38: 51.873031 | AN38: 31.094564 | AO38: 39.342426 | AQ38: 2013Q2 | AR38: 118.21712 | AS38: 20.473803 | AT38: 180.24111
J39: 2017m7 | K39: 88.92935 | L39: 113.09192 | N39: 2017m7 | O39: 132.11425 | P39: 120.42126 | Q39: 114.0876 | R39: 108.10833 | S39: 101.60822 | T39: 128.49498 | V39: 2017m7 | W39: -3.2294743 | Y39: 4.1576312 | Z39: 4.5487143 | AB39: 2017m7 | AC39: 2.6997954 | AD39: 2.7914321 | AE39: 11.561182 | AF39: 6.4438377 | AG39: -0.81463823 | AI39: 2013Q3 | AJ39: 52.978179 | AK39: 47.391956 | AL39: 55.84867 | AM39: 52.930318 | AN39: 32.121142 | AO39: 39.813148 | AQ39: 2013Q3 | AR39: 119.11917 | AS39: 21.142409 | AT39: 182.53231
J40: 2017m8 | K40: 94.486691 | L40: 113.55974 | N40: 2017m8 | O40: 134.27045 | P40: 127.89048 | Q40: 115.25792 | R40: 110.35092 | S40: 106.41374 | T40: 132.62456 | V40: 2017m8 | W40: -2.8015078 | Y40: 3.3647572 | Z40: 4.5242248 | AB40: 2017m8 | AC40: 2.0207325 | AD40: 3.0617153 | AE40: 10.978639 | AF40: 10.460489 | AG40: 0.2660481 | AI40: 2013Q4 | AJ40: 53.674185 | AK40: 48.052853 | AL40: 57.260691 | AM40: 51.780413 | AN40: 32.380028 | AO40: 39.819752 | AQ40: 2013Q4 | AR40: 119.87883 | AS40: 22.190561 | AT40: 181.60162
J41: 2017M9 | K41: 103.6573 | L41: 114.74865 | N41: 2017M9 | O41: 144.42451 | P41: 137.45585 | Q41: 113.45962 | R41: 115.83492 | S41: 105.15702 | T41: 129.79818 | V41: 2017M9 | W41: -2.5909455 | X41: 13.886788 | Y41: 3.6686923 | Z41: 4.4112854 | AB41: 2017M9 | AC41: 1.2121709 | AD41: 3.6721844 | AE41: 11.086684 | AF41: 7.4730681 | AG41: 1.5778326 | AI41: 2014Q1 | AJ41: 54.666574 | AK41: 47.122264 | AL41: 57.099567 | AM41: 51.76008 | AN41: 31.61792 | AO41: 40.177912 | AQ41: 2014Q1 | AR41: 119.49548 | AS41: 21.740456 | AT41: 186.93764
J42: 2017M10 | K42: 110.619 | L42: 116.5023 | N42: 2017M10 | O42: 161.60298 | P42: 140.70125 | Q42: 112.81278 | R42: 118.04372 | S42: 108.93874 | T42: 128.51277 | V42: 2017M10 | W42: -2.178857 | Y42: 3.7090516 | Z42: 5.8877694 | AB42: 2017M10 | AC42: 1.7636675 | AD42: 3.6722966 | AE42: 11.206968 | AF42: 8.344912 | AG42: 2.1626906 | AI42: 2014Q2 | AJ42: 55.015559 | AK42: 47.453952 | AL42: 61.054435 | AM42: 51.692593 | AN42: 32.205454 | AO42: 41.044694 | AQ42: 2014Q2 | AR42: 119.12499 | AS42: 21.790228 | AT42: 190.73255
J43: 2017M11 | K43: 114.14698 | L43: 118.20208 | N43: 2017M11 | O43: 156.18963 | P43: 135.46314 | Q43: 108.75706 | R43: 122.15936 | S43: 114.96659 | T43: 130.88471 | V43: 2017M11 | W43: -2.1840032 | Y43: 4.5295672 | Z43: 4.3977895 | AB43: 2017M11 | AC43: 1.5065094 | AD43: 3.4812425 | AE43: 8.7418658 | AF43: 5.4501882 | AG43: 2.4013735 | AI43: 2014Q3 | AJ43: 56.473651 | AK43: 47.530215 | AL43: 59.360921 | AM43: 50.82215 | AN43: 32.293874 | AO43: 41.625166 | AQ43: 2014Q3 | AR43: 119.06162 | AS43: 21.831588 | AT43: 190.34843
J44: 2017M12 | K44: 111.52816 | L44: 119.35156 | N44: 2017M12 | O44: 166.24518 | P44: 135.96002 | Q44: 108.50677 | R44: 122.19978 | S44: 112.10533 | T44: 132.12912 | V44: 2017M12 | W44: -1.6754024 | X44: 12.450048 | Y44: 5.4476494 | Z44: 5.8757035 | AB44: 2017M12 | AC44: 1.9914215 | AD44: 3.5002438 | AE44: 7.6688251 | AF44: 7.5567708 | AG44: 3.0517553 | AI44: 2014Q4 | AJ44: 55.496088 | AK44: 48.634227 | AL44: 60.025454 | AM44: 51.010395 | AN44: 32.943013 | AO44: 42.442106 | AQ44: 2014Q4 | AR44: 120.5811 | AS44: 21.928753 | AT44: 191.88378
J45: 2018M1 | K45: 125.38479 | L45: 125.49843 | N45: 2018M1 | O45: 170.26348 | P45: 148.22865 | Q45: 112.83998 | R45: 130.85633 | S45: 116.01003 | T45: 140.14124 | V45: 2018M1 | W45: -1.2409684 | Y45: 5.6026558 | Z45: 7.0907967 | AB45: 2018M1 | AC45: 3.1669754 | AD45: 3.6180446 | AE45: 5.4091304 | AF45: 5.6910323 | AG45: 2.7399819 | AI45: 2015Q1 | AJ45: 54.168332 | AK45: 48.56907 | AL45: 62.666748 | AM45: 50.876516 | AN45: 32.436174 | AO45: 45.062886 | AQ45: 2015Q1 | AR45: 121.94416 | AS45: 22.1859 | AT45: 195.91972
J46: 2018M2 | K46: 123.17429 | L46: 123.32765 | N46: 2018M2 | O46: 158.4984 | P46: 154.52076 | Q46: 110.52822 | R46: 133.79884 | S46: 111.06481 | T46: 139.83261 | V46: 2018M2 | W46: -1.3333875 | Y46: 6.4556361 | Z46: 7.2952938 | AB46: 2018M2 | AC46: 4.576028 | AD46: 4.5924518 | AE46: 7.9775805 | AF46: 6.7651576 | AG46: 4.0004881 | AI46: 2015Q2 | AJ46: 53.182683 | AK46: 48.583578 | AL46: 63.937084 | AM46: 51.148073 | AN46: 32.994538 | AO46: 45.809362 | AQ46: 2015Q2 | AR46: 122.87084 | AS46: 22.334082 | AT46: 199.48807
J47: 2018M3 | K47: 123.16211 | L47: 119.73758 | N47: 2018M3 | O47: 155.94072 | P47: 155.70376 | Q47: 107.84219 | R47: 134.17195 | S47: 111.71749 | T47: 139.24069 | V47: 2018M3 | W47: -0.59817708 | X47: 10.632194 | Y47: 5.6982833 | Z47: 7.6220475 | AB47: 2018M3 | AC47: 3.6155255 | AD47: 4.7145169 | AE47: 8.0182058 | AF47: 3.8807794 | AG47: 5.2712984 | AI47: 2015Q3 | AJ47: 55.259439 | AK47: 48.878931 | AL47: 65.612989 | AM47: 50.5793 | AN47: 33.254068 | AO47: 47.142986 | AQ47: 2015Q3 | AR47: 124.25127 | AS47: 23.273501 | AT47: 202.57629
J48: 2018M4 | K48: 118.28208 | L48: 119.78005 | N48: 2018M4 | O48: 152.28044 | P48: 155.1523 | Q48: 109.66426 | R48: 129.42779 | S48: 106.71816 | T48: 130.96796 | V48: 2018M4 | W48: -0.23160906 | Y48: 7.5517156 | Z48: 8.2350131 | AB48: 2018M4 | AC48: 4.6222372 | AD48: 5.6042901 | AE48: 7.6361026 | AF48: 2.6059473 | AG48: 6.1989787 | AI48: 2015Q4 | AJ48: 56.503532 | AK48: 49.339554 | AL48: 63.092976 | AM48: 51.593729 | AN48: 33.100742 | AO48: 48.375523 | AQ48: 2015Q4 | AR48: 125.07263 | AS48: 23.87638 | AT48: 206.27105
J49: 2018M5 | K49: 118.23116 | L49: 117.41381 | N49: 2018M5 | O49: 123.74283 | P49: 150.02397 | Q49: 104.51722 | R49: 133.80688 | S49: 106.52234 | T49: 121.5681 | V49: 2018M5 | W49: 0.2715262 | Y49: 7.7498914 | Z49: 9.902765 | AB49: 2018M5 | AC49: 4.1385119 | AD49: 5.1140852 | AE49: 9.4915659 | AF49: 2.0437771 | AG49: 6.4047793 | AI49: 2016Q1 | AJ49: 55.700907 | AK49: 48.110774 | AL49: 62.567076 | AM49: 51.016761 | AN49: 32.31822 | AO49: 47.441072 | AQ49: 2016Q1 | AR49: 124.53102 | AS49: 24.641682 | AT49: 216.85288
J50: 2018M6 | K50: 113.49836 | L50: 116.2975 | N50: 2018M6 | O50: 109.13701 | P50: 132.23831 | Q50: 104.92011 | R50: 130.35533 | S50: 105.15402 | T50: 113.81439 | V50: 2018M6 | W50: -1.2105517 | X50: 10.087996 | Y50: 7.5644036 | Z50: 10.453112 | AB50: 2018M6 | AC50: 5.1716598 | AD50: 5.5469199 | AE50: 5.6260674 | AF50: 1.9725075 | AG50: 6.1357726 | AI50: 2016Q2 | AJ50: 53.857065 | AK50: 47.033103 | AL50: 63.29814 | AM50: 50.699537 | AN50: 32.627603 | AO50: 47.683574 | AQ50: 2016Q2 | AR50: 124.04167 | AS50: 25.220565 | AT50: 222.35207
J51: 2018M7 | K51: 100.39395 | L51: 117.17599 | N51: 2018M7 | O51: 97.865212 | P51: 139.80375 | Q51: 109.68161 | R51: 133.60502 | S51: 106.14087 | T51: 111.02346 | V51: 2018M7 | W51: -0.64757155 | Y51: 8.0022611 | Z51: 7.7116231 | AB51: 2018M7 | AC51: 5.3873564 | AD51: 6.3226161 | AE51: 6.8675925 | AF51: 1.8498399 | AG51: 5.5624839 | AI51: 2016Q3 | AJ51: 53.843496 | AK51: 46.185136 | AL51: 63.662392 | AM51: 51.08764 | AN51: 32.692873 | AO51: 47.626621 | AQ51: 2016Q3 | AR51: 123.89304 | AS51: 25.676413 | AT51: 225.89292
J52: 2018M8 | K52: 93.267237 | L52: 122.79249 | N52: 2018M8 | O52: 86.869827 | P52: 141.23189 | Q52: 109.87191 | R52: 131.67523 | S52: 106.85156 | T52: 108.63601 | V52: 2018M8 | W52: 0.025788901 | Y52: 10.412457 | Z52: 7.4604157 | AB52: 2018M8 | AC52: 6.6391197 | AD52: 7.0656825 | AE52: 17.600835 | AF52: 2.7430481 | AG52: 7.280087 | AI52: 2016Q4 | AJ52: 53.424637 | AK52: 45.804487 | AL52: 65.886708 | AM52: 48.541721 | AN52: 33.132274 | AO52: 48.145636 | AQ52: 2016Q4 | AR52: 123.8513 | AS52: 25.953106 | AT52: 229.20927
J53: 2018M9 | K53: 90.32115 | L53: 121.14111 | N53: 2018M9 | O53: 80.83192 | P53: 140.12068 | Q53: 109.24464 | R53: 136.05521 | S53: 102.94124 | T53: 112.26107 | V53: 2018M9 | W53: 0.50637681 | X53: 8.7860469 | Y53: 8.5461479 | Z53: 6.2872562 | AB53: 2018M9 | AC53: 6.2791864 | AD53: 7.1058357 | AE53: 4.7009278 | AF53: 2.0231753 | AG53: 5.8670745 | AI53: 2017Q1 | AJ53: 52.092503 | AK53: 44.801999 | AL53: 67.252338 | AM53: 49.804755 | AN53: 32.1836 | AO53: 48.45274 | AQ53: 2017Q1 | AR53: 122.78515 | AS53: 25.515361 | AT53: 233.10059
J54: 2018M10 | K54: 83.932622 | L54: 113.68473 | N54: 2018M10 | O54: 76.899761 | P54: 152.45189 | Q54: 104.42504 | R54: 137.07443 | S54: 95.05591 | T54: 113.04557 | V54: 2018M10 | W54: 0.33997892 | Y54: 11.03195 | Z54: 5.8104553 | AB54: 2018M10 | AC54: 6.0304708 | AD54: 8.0140228 | AE54: -3.3975205 | AF54: 2.0509681 | AG54: 6.3694907 | AI54: 2017Q2 | AJ54: 52.658041 | AK54: 44.384738 | AL54: 67.790438 | AM54: 48.570784 | AN54: 32.335832 | AO54: 49.576776 | AQ54: 2017Q2 | AR54: 120.64512 | AS54: 25.479778 | AT54: 234.65925
J55: 2018M11 | K55: 84.37859 | L55: 116.60573 | N55: 2018M11 | O55: 83.071616 | P55: 157.92633 | Q55: 95.388049 | R55: 136.76775 | S55: 97.05825 | T55: 112.12685 | V55: 2018M11 | W55: 1.5235807 | Y55: 12.646797 | Z55: 4.9056189 | AB55: 2018M11 | AC55: 6.6532574 | AD55: 6.6412259 | AE55: -5.7816122 | AF55: 3.7330416 | AG55: 5.9549423 | AI55: 2017Q3 | AJ55: 53.007728 | AK55: 43.624693 | AL55: 66.631391 | AM55: 49.111312 | AN55: 32.131863 | AO55: 49.912841 | AQ55: 2017Q3 | AR55: 118.99744 | AS55: 25.900485 | AT55: 236.05615
J56: 2018M12 | K56: 84.008888 | L56: 118.27396 | N56: 2018M12 | O56: 79.266547 | P56: 156.46276 | Q56: 92.52848 | R56: 136.08033 | S56: 96.55373 | T56: 109.93479 | V56: 2018M12 | W56: 2.1911907 | X56: 8.2188104 | Y56: 12.32195 | Z56: 2.0937965 | AB56: 2018M12 | AC56: 5.9678748 | AD56: 6.9284081 | AE56: -4.4761769 | AF56: 1.1072227 | AG56: 6.5611483 | AI56: 2017Q4 | AJ56: 52.813176 | AK56: 43.956078 | AL56: 66.762045 | AM56: 48.474745 | AN56: 32.424753 | AO56: 50.382608 | AQ56: 2017Q4 | AR56: 118.79629 | AS56: 26.875998 | AT56: 236.35683
J57: 2019M1 | K57: 89.375528 | L57: 120.00667 | N57: 2019M1 | O57: 88.573152 | P57: 168.79968 | Q57: 96.717665 | R57: 140.8264 | S57: 100.06041 | T57: 115.81362 | V57: 2019M1 | W57: 1.9024691 | Z57: 2.1304502 | AB57: 2019M1 | AC57: 6.7821512 | AD57: 7.0444859 | AE57: -5.838637 | AG57: 7.9191323 | AI57: 2018Q1 | AJ57: 52.444872 | AK57: 43.42428 | AL57: 66.459888 | AM57: 49.302322 | AN57: 31.906925 | AO57: 49.584292 | AQ57: 2018Q1 | AR57: 118.56533 | AS57: 26.654281 | AT57: 237.53298
J58: 2019M2 | K58: 97.126631 | L58: 120.62208 | N58: 2019M2 | O58: 92.282415 | P58: 172.5874 | Q58: 96.774704 | R58: 144.40738 | S58: 100.79291 | T58: 124.46577 | AI58: 2018Q2 | AJ58: 52.676812 | AK58: 43.658272 | AL58: 68.051277 | AM58: 49.116453 | AN58: 32.225342 | AO58: 49.148583 | AQ58: 2018Q2 | AR58: 118.87601 | AS58: 27.432531 | AT58: 237.5547
AI59: 2018Q3 | AJ59: 52.675049 | AK59: 43.772052 | AL59: 71.852518 | AM59: 49.318203 | AN59: 32.394668 | AO59: 49.487499 | AQ59: 2018Q3 | AR59: 119.07406 | AS59: 26.920738 | AT59: 238.61452
AI60: 2018Q4 | AJ60: 52.192491 | AK60: 44.600446 | AL60: 64.326007 | AM60: 49.977886 | AN60: 32.745716 | AO60: 50.170017 | AQ60: 2018Q4 | AR60: 119.34926 | AS60: 26.790235 | AT60: 237.31369

Sheet Figure 1.8.
J2: Figure 1.8. Real Effective Exchange Rate Changes, September 2018–March 2019
J3: (Percent)
J5: 1. Advanced Economies | N5: 2. Emerging Market Economies
K7: December 2018 over September 2018 | L7: Latest over December 2018 | O7: December 2018 over September 2018 | P7: Latest over December 2018
J8: USA | K8: 1.6096748 | L8: -1.2725236 | N8: ZAF | O8: 5.8244313 | P8: -2.1923358
J9: EA | K9: -1.967638 | L9: -1.4216612 | N9: CHN | O9: 0.35733255 | P9: 1.7144882
J10: JPN | K10: -0.24924196 | L10: 1.8290419 | N10: IND | O10: 5.4891717 | P10: 3.2854673
J11: GBR | K11: -1.5107302 | L11: 4.3351852 | N11: IDN | O11: 4.0080248 | P11: 1.5779045
J12: SWE | K12: 0.57542128 | L12: -2.8092516 | N12: MYS | O12: -0.2216217 | P12: 1.2604189
J13: CHE | K13: -1.1751241 | L13: -0.29725332 | N13: PHL | O13: 2.348857 | P13: 0.3490212
J14: KOR | K14: -0.26704769 | L14: -2.1896493 | N14: THA | O14: -0.33429005 | P14: 2.5584907
J15: TWN | K15: -0.28241146 | L15: -0.99753998 | N15: HUN | O15: -0.71940901 | P15: 1.7750031
J16: SGP | K16: 0.40198837 | L16: 0.068203285 | N16: POL | O16: -1.2135228 | P16: -0.91865896
J17: CAN | K17: -1.9494245 | L17: -0.34958069 | N17: RUS | O17: 2.6267798 | P17: 5.4204641
J18: NOR | K18: -2.3216486 | L18: 0.67571448 | N18: TUR | O18: 21.464344 | P18: -9.4425722
J19: AUS | K19: 0.68095205 | L19: -1.8494176 | N19: ARG | O19: 13.072906 | P19: -3.9995856
J20: NZL | K20: 4.5932413 | L20: 0.72855938 | N20: BRA | O20: 6.344736 | P20: -0.41007311
N21: CHL | O21: 0.4748151 | P21: -0.21518661
N22: COL | O22: -4.0831077 | P22: 1.9390852
N23: MEX | O23: -4.3462836 | P23: 5.4201019
N24: PER | O24: -0.92183905 | P24: 1.411057
N25: PAK | O25: -7.6716983 | P25: 0.034698232

Sheet Figure 1.9.
J2: Figure 1.9. Emerging Market Economies: Capital Flows
J5: 1. Net Flows in Emerging Market Funds | P5: 2. Capital Inflows | X5: 3. Capital Outflows Excluding Change in Reserves | AF5: 4. Change in Reserves
J6: (Billions of U.S. dollars) | P6: (Percent of GDP) | X6: (Percent of GDP) | AF6: (Percent of GDP)
K8: Bond | L8: Equity | M8: EM-VXY | Q8: Emerging Europe | R8: China | S8: Saudi Arabia | T8: Emerging Asia excluding China | U8: Latin America | V8: Total | Y8: Emerging Europe | Z8: China | AA8: Saudi Arabia | AB8: Emerging Asia excluding China | AC8: Latin America | AD8: Total | AG8: Emerging Europe | AH8: China | AI8: Saudi Arabia | AJ8: Emerging Asia excluding China | AK8: Latin America | AL8: Total
J9: 2010M1 | K9: 1.9037561 | L9: 4.0213841 | M9: 12.29 | P9: 2007Q1 | Q9: 3.3340146 | R9: 1.8821922 | S9: 0.20637025 | T9: 1.3501716 | U9: 2.1439451 | V9: 8.9166938 | X9: 2007Q1 | Y9: 1.4441731 | Z9: -0.036014257 | AA9: 0.22282558 | AB9: 0.41818238 | AC9: 1.1225286 | AD9: 3.1716954 | AF9: 2007Q1 | AG9: 1.7366901 | AH9: 5.5969889 | AI9: 0.49682562 | AJ9: 1.3238131 | AK9: 0.90491072 | AL9: 10.059228
J10: 2010M2 | K10: 2.0953037 | L10: -2.74475 | M10: 12.51 | P10: 2007Q2 | Q10: 3.8434379 | R10: 2.2130554 | S10: 0.20924029 | T10: 1.7331856 | U10: 2.6862902 | V10: 10.685209 | X10: 2007Q2 | Y10: 1.515417 | Z10: 0.2126596 | AA10: 0.40244825 | AB10: 0.99789556 | AC10: 1.1607062 | AD10: 4.2891266 | AF10: 2007Q2 | AG10: 2.4438124 | AH10: 4.4717481 | AI10: -0.017127907 | AJ10: 1.0043531 | AK10: 1.6391048 | AL10: 9.5418904
J11: 2010M3 | K11: 4.4973281 | L11: 4.207969 | M11: 10.6 | P11: 2007Q3 | Q11: 2.3311812 | R11: 2.0808775 | S11: 0.20562362 | T11: 1.1815732 | U11: 1.3641784 | V11: 7.1634339 | X11: 2007Q3 | Y11: 1.9414994 | Z11: 1.6932392 | AA11: 0.079543771 | AB11: 0.35672597 | AC11: 0.72021835 | AD11: 4.7912267 | AF11: 2007Q3 | AG11: 0.52079449 | AH11: 3.2043144 | AI11: 0.81408915 | AJ11: 1.2265945 | AK11: 0.503037 | AL11: 6.2688296
J12: 2010M4 | K12: 5.1005307 | L12: 6.2312018 | M12: 10.09 | N12: Greek crisis | P12: 2007Q4 | Q12: 3.2285813 | R12: 2.6361879 | S12: 0.19149032 | T12: 1.1764029 | U12: 1.4512752 | V12: 8.6839377 | X12: 2007Q4 | Y12: 2.4375507 | Z12: 3.4259514 | AA12: 0.07078248 | AB12: 0.31175505 | AC12: 0.54865266 | AD12: 6.7946923 | AF12: 2007Q4 | AG12: 1.4256621 | AH12: 2.586461 | AI12: 1.2217377 | AJ12: 1.1081593 | AK12: 0.68128749 | AL12: 7.0233076
J13: 2010M5 | K13: 1.0153488 | L13: -4.1306167 | M13: 13.65 | P13: 2008Q1 | Q13: 2.5085513 | R13: 2.8440926 | S13: 0.55138154 | T13: 1.2242681 | U13: 1.7925879 | V13: 8.9208814 | X13: 2008Q1 | Y13: 2.7562213 | Z13: 0.89000702 | AA13: 0.061616788 | AB13: -0.16327091 | AC13: 0.80609607 | AD13: 4.3506703 | AF13: 2008Q1 | AG13: 0.65923643 | AH13: 5.3915956 | AI13: 1.3348137 | AJ13: 1.8302797 | AK13: 0.5450514 | AL13: 9.7609769
J14: 2010M6 | K14: 3.0548249 | L14: 4.9492088 | M14: 13.74 | P14: 2008Q2 | Q14: 3.5220108 | R14: 1.8669421 | S14: 0.27770961 | T14: 0.50151948 | U14: 1.5145244 | V14: 7.6827064 | X14: 2008Q2 | Y14: 2.073587 | Z14: 1.4703513 | AA14: 0.37194061 | AB14: 0.55476609 | AC14: 0.77070456 | AD14: 5.2413495 | AF14: 2008Q2 | AG14: 1.8421016 | AH14: 3.0058411 | AI14: 0.8298919 | AJ14: 0.2519659 | AK14: 0.52297257 | AL14: 6.452773
J15: 2010M7 | K15: 3.5582442 | L15: 5.7826394 | M15: 12.25 | P15: 2008Q3 | Q15: 1.8766437 | R15: 0.78453431 | S15: 0.33987524 | T15: 0.09149893 | U15: 1.4252629 | V15: 4.5178151 | X15: 2008Q3 | Y15: 2.5049881 | Z15: 0.67890028 | AA15: -0.069165319 | AB15: 0.37568888 | AC15: 0.22858947 | AD15: 3.7190014 | AF15: 2008Q3 | AG15: 0.18774423 | AH15: 2.6172398 | AI15: 1.4392937 | AJ15: -0.36248281 | AK15: 0.3922313 | AL15: 4.2740262
J16: 2010M8 | K16: 3.1559346 | L16: 6.1707323 | M16: 11.15 | P16: 2008Q4 | Q16: -1.00928 | R16: -0.85330134 | S16: 0.070216373 | T16: -0.32454507 | U16: -0.64932275 | V16: -2.7662328 | X16: 2008Q4 | Y16: 2.1278706 | Z16: 0.50373486 | AA16: -0.09743887 | AB16: 0.090418135 | AC16: -0.42832902 | AD16: 2.1962556 | AF16: 2008Q4 | AG16: -3.7674488 | AH16: 2.3954425 | AI16: 0.14092739 | AJ16: -0.93649927 | AK16: -0.85657799 | AL16: -3.0241562
J17: 2010M9 | K17: 3.9213113 | L17: 9.9077654 | M17: 10.75 | P17: 2009Q1 | Q17: -0.27972871 | R17: 1.0393381 | S17: 0.03266413 | T17: 0.14875725 | U17: 0.52529869 | V17: 1.4663295 | X17: 2009Q1 | Y17: 1.2492395 | Z17: 0.41336417 | AA17: 0.15700232 | AB17: 0.29955616 | AC17: 0.62725545 | AD17: 2.7464176 | AF17: 2009Q1 | AG17: -0.98135813 | AH17: 2.2496893 | AI17: -0.92794157 | AJ17: 0.4905091 | AK17: -0.35306248 | AL17: 0.47783618
J18: 2010M10 | K18: 4.6407387 | L18: 14.372672 | M18: 12 | P18: 2009Q2 | Q18: 0.74542205 | R18: 1.7221749 | S18: 0.21401179 | T18: 0.48657448 | U18: 1.1127181 | V18: 4.2809013 | X18: 2009Q2 | Y18: 0.57602023 | Z18: -0.91718037 | AA18: 0.29920563 | AB18: 0.63520972 | AC18: 0.83506049 | AD18: 1.4283157 | AF18: 2009Q2 | AG18: 0.49126856 | AH18: 3.1544025 | AI18: -0.67693829 | AJ18: 0.10699652 | AK18: 0.22477823 | AL18: 3.3005076
J19: 2010M11 | K19: 2.0644547 | L19: 8.3258461 | M19: 11.78 | N19: Irish crisis | P19: 2009Q3 | Q19: 1.2121349 | R19: 1.2730188 | S19: 0.58355062 | T19: 1.8047438 | U19: 1.7998046 | V19: 6.6732527 | X19: 2009Q3 | Y19: 0.73316765 | Z19: 0.53583904 | AA19: 0.34693725 | AB19: 0.84406144 | AC19: 0.54067962 | AD19: 3.000685 | AF19: 2009Q3 | AG19: 0.34352666 | AH19: 2.8974918 | AI19: -0.22096307 | AJ19: 0.72089744 | AK19: 0.76077692 | AL19: 4.5017297
J20: 2010M12 | K20: 0.7045386 | L20: 4.5664607 | M20: 11.42 | P20: 2009Q4 | Q20: 0.45294199 | R20: 2.2163922 | S20: 0.24771355 | T20: 0.80264152 | U20: 1.4686563 | V20: 5.1883456 | X20: 2009Q4 | Y20: -0.17959951 | Z20: 0.66400308 | AA20: 0.12065821 | AB20: 0.3674657 | AC20: 0.58047848 | AD20: 1.553006 | AF20: 2009Q4 | AG20: 0.77262692 | AH20: 3.1225743 | AI20: 0.61523765 | AJ20: 0.36230224 | AK20: 0.76019554 | AL20: 5.6329366
J21: 2011M1 | K21: 1.9300557 | L21: 2.8315768 | M21: 10.97 | P21: 2010Q1 | Q21: 1.1011189 | R21: 2.2482935 | S21: 0.13293106 | T21: 1.4807308 | U21: 1.7874385 | V21: 6.7505129 | X21: 2010Q1 | Y21: 0.46199736 | Z21: 0.35136328 | AA21: 0.15305995 | AB21: 0.67462605 | AC21: 0.88273066 | AD21: 2.5237773 | AF21: 2010Q1 | AG21: 0.91355104 | AH21: 2.5561392 | AI21: 0.2697345 | AJ21: 0.3302345 | AK21: 0.31216016 | AL21: 4.3818194
J22: 2011M2 | K22: -0.3578966 | L22: -11.925222 | M22: 10.43 | P22: 2010Q2 | Q22: 0.84530165 | R22: 2.956742 | S22: 0.05226895 | T22: 1.1559465 | U22: 1.3837457 | V22: 6.3940048 | X22: 2010Q2 | Y22: -0.21360985 | Z22: 1.7201798 | AA22: 0.34225906 | AB22: 0.40502153 | AC22: 0.39612697 | AD22: 2.6499775 | AF22: 2010Q2 | AG22: 0.86544689 | AH22: 2.027887 | AI22: 0.021572372 | AJ22: 0.38576832 | AK22: 0.40574544 | AL22: 3.70642
J23: 2011M3 | K23: 1.202017 | L23: -3.0034113 | M23: 9.92 | P23: 2010Q3 | Q23: 1.175496 | R23: 2.7468212 | S23: 0.21749811 | T23: 1.9505382 | U23: 2.3245139 | V23: 8.4148673 | X23: 2010Q3 | Y23: 0.62414911 | Z23: 2.0457861 | AA23: 0.053641445 | AB23: 0.98646488 | AC23: 0.9476073 | AD23: 4.6576488 | AF23: 2010Q3 | AG23: 0.33831734 | AH23: 2.5154253 | AI23: 0.12754138 | AJ23: 0.54324221 | AK23: 0.75828195 | AL23: 4.2828082
J24: 2011M4 | K24: 2.8181064 | L24: 7.8612103 | M24: 8.98 | P24: 2010Q4 | Q24: 1.1095835 | R24: 2.9658101 | S24: 0.27784459 | T24: 1.402377 | U24: 2.2443546 | V24: 7.9999698 | X24: 2010Q4 | Y24: 1.0508353 | Z24: 0.23428351 | AA24: 0.10827551 | AB24: 0.57218829 | AC24: 1.0908157 | AD24: 3.0563983 | AF24: 2010Q4 | AG24: -0.16774504 | AH24: 3.8759781 | AI24: 0.38719916 | AJ24: 0.80137076 | AK24: 0.55256262 | AL24: 5.4493655
J25: 2011M5 | K25: 3.5257951 | L25: -1.9255604 | M25: 9.74 | P25: 2011Q1 | Q25: 1.4113378 | R25: 3.0530388 | S25: 0.065117544 | T25: 1.4184622 | U25: 1.9263061 | V25: 7.8742624 | X25: 2011Q1 | Y25: 0.67558159 | Z25: 0.66234046 | AA25: 0.25479756 | AB25: 0.89807683 | AC25: 0.27805068 | AD25: 2.7688471 | AF25: 2011Q1 | AG25: 0.64977805 | AH25: 3.1031495 | AI25: 0.54484624 | AJ25: 0.56885074 | AK25: 0.898041 | AL25: 5.7646655
J26: 2011M6 | K26: 4.0732486 | L26: -1.5148842 | M26: 9.27 | P26: 2011Q2 | Q26: 1.216497 | R26: 3.4485024 | S26: 0.067687593 | T26: 1.8643881 | U26: 1.7020834 | V26: 8.2991585 | X26: 2011Q2 | Y26: 0.3765065 | Z26: 1.2075432 | AA26: 0.03528641 | AB26: 0.78543478 | AC26: 0.51302601 | AD26: 2.9177969 | AF26: 2011Q2 | AG26: 0.48789283 | AH26: 2.8321328 | AI26: 0.65424518 | AJ26: 0.78724638 | AK26: 0.50628587 | AL26: 5.2678031
J27: 2011M7 | K27: 3.1463962 | L27: 0.4409532 | M27: 8.95 | P27: 2011Q3 | Q27: 0.35951142 | R27: 2.4881729 | S27: 0.091004107 | T27: 0.61233547 | U27: 1.4086226 | V27: 4.9596466 | X27: 2011Q3 | Y27: 0.46405548 | Z27: 1.1635933 | AA27: 0.24719225 | AB27: 0.56315118 | AC27: 0.33130627 | AD27: 2.7692984 | AF27: 2011Q3 | AG27: -0.20110922 | AH27: 1.7606702 | AI27: 0.46016841 | AJ27: 0.070500417 | AK27: 0.51785922 | AL27: 2.6080891
J28: 2011M8 | K28: -0.3524675 | L28: -10.369571 | M28: 11.68 | P28: 2011Q4 | Q28: 0.62618795 | R28: 0.82016182 | S28: 0.010928127 | T28: 0.019152482 | U28: 1.379889 | V28: 2.8563194 | X28: 2011Q4 | Y28: 1.1753887 | Z28: 1.3909257 | AA28: -0.002518131 | AB28: 0.11898812 | AC28: 0.50815697 | AD28: 3.1909413 | AF28: 2011Q4 | AG28: -0.31565095 | AH28: 0.23256672 | AI28: 0.32214104 | AJ28: -0.34707601 | AK28: 0.30307626 | AL28: 0.19505706
J29: 2011M9 | K29: -2.8791632 | L29: -4.5285633 | M29: 14.53 | P29: 2012Q1 | Q29: 0.64282841 | R29: 2.0889828 | S29: 0.066070341 | T29: 1.6152244 | U29: 1.6848518 | V29: 6.0979578 | X29: 2012Q1 | Y29: 0.7767203 | Z29: 1.2205428 | AA29: 0.2006465 | AB29: 1.0360619 | AC29: 0.49095102 | AD29: 3.7249225 | AF29: 2012Q1 | AG29: 0.11103481 | AH29: 1.4950347 | AI29: 0.51450065 | AJ29: -0.10415704 | AK29: 0.47401083 | AL29: 2.490424
J30: 2011M10 | K30: -1.5947728 | L30: -2.2959673 | M30: 14.69 | P30: 2012Q2 | Q30: 0.8394092 | R30: 1.6843398 | S30: 0.037702162 | T30: 0.75444967 | U30: 1.2182657 | V30: 4.5341665 | X30: 2012Q2 | Y30: 0.16090817 | Z30: 2.1582641 | AA30: 0.11914747 | AB30: 0.3403935 | AC30: 0.58264085 | AD30: 3.3613541 | AF30: 2012Q2 | AG30: 0.45657807 | AH30: -0.22674918 | AI30: 0.58759785 | AJ30: -0.027055667 | AK30: 0.40953533 | AL30: 1.1999064
J31: 2011M11 | K31: -0.05184 | L31: 0.5140996 | M31: 15.01 | P31: 2012Q3 | Q31: 0.79664253 | R31: -0.052797692 | S31: 0.097027894 | T31: 1.4469694 | U31: 1.3982819 | V31: 3.6861241 | X31: 2012Q3 | Y31: 0.46768867 | Z31: 1.0435012 | AA31: 0.13253752 | AB31: 0.58929866 | AC31: 0.39872339 | AD31: 2.6317494 | AF31: 2012Q3 | AG31: 0.24254876 | AH31: -0.008233303 | AI31: 0.39534232 | AJ31: 0.14774786 | AK31: 0.1183206 | AL31: 0.89572624
J32: 2011M12 | K32: -0.6390395 | L32: -5.2536314 | M32: 14.12 | N32: 1st ECB LTROs | P32: 2012Q4 | Q32: 1.1171975 | R32: 1.3487921 | S32: 0.033808633 | T32: 1.2413686 | U32: 1.4408228 | V32: 5.1819897 | X32: 2012Q4 | Y32: 0.88592034 | Z32: 1.2815923 | AA32: -0.077864554 | AB32: 0.42651437 | AC32: 0.68465371 | AD32: 3.2008162 | AF32: 2012Q4 | AG32: 0.27099544 | AH32: 0.58822296 | AI32: 0.60767745 | AJ32: 0.1734364 | AK32: 0.086787163 | AL32: 1.7271194
J33: 2012M1 | K33: 0.7302551 | L33: 5.8050517 | M33: 11.81 | P33: 2013Q1 | Q33: 2.2862399 | R33: 2.7039837 | S33: 0.069803515 | T33: 1.1117631 | U33: 1.6080603 | V33: 7.7798504 | X33: 2013Q1 | Y33: 1.9945264 | Z33: 0.83860362 | AA33: 0.36188104 | AB33: 0.56919213 | AC33: 0.54277948 | AD33: 4.3069827 | AF33: 2013Q1 | AG33: 0.34870656 | AH33: 2.9361321 | AI33: 0.28516975 | AJ33: 0.028359619 | AK33: 0.32220575 | AL33: 3.9205738
J34: 2012M2 | K34: 5.5433768 | L34: 10.388977 | M34: 10.57 | P34: 2013Q2 | Q34: 0.66691733 | R34: 1.369717 | S34: 0.044304789 | T34: 0.96036513 | U34: 1.213183 | V34: 4.2544872 | X34: 2013Q2 | Y34: 0.60176426 | Z34: 0.8590351 | AA34: 0.27213522 | AB34: 0.4852716 | AC34: 0.59301687 | AD34: 2.811223 | AF34: 2013Q2 | AG34: -0.059337306 | AH34: 0.82499672 | AI34: 0.33742798 | AJ34: -0.066037123 | AK34: 0.081038608 | AL34: 1.1180889
J35: 2012M3 | K35: 4.1821725 | L35: 2.199786 | M35: 10.1 | P35: 2013Q3 | Q35: 0.19399905 | R35: 2.2897042 | S35: 0.060818799 | T35: 0.72763674 | U35: 1.3188889 | V35: 4.5910477 | X35: 2013Q3 | Y35: 0.25391359 | Z35: 0.9959383 | AA35: 0.37442204 | AB35: 0.7874865 | AC35: 0.57628858 | AD35: 2.988049 | AF35: 2013Q3 | AG35: -0.17085994 | AH35: 1.689297 | AI35: 0.21908171 | AJ35: -0.17536274 | AK35: 0.060834465 | AL35: 1.6229905
J36: 2012M4 | K36: 1.6470467 | L36: -1.3481761 | M36: 9.59 | P36: 2013Q4 | Q36: 0.48526092 | R36: 3.404525 | S36: -0.023386746 | T36: 1.1313624 | U36: 1.3333187 | V36: 6.3310803 | X36: 2013Q4 | Y36: 0.56895171 | Z36: 1.1311056 | AA36: 0.15319633 | AB36: 0.74463062 | AC36: 0.65602597 | AD36: 3.2539102 | AF36: 2013Q4 | AG36: -0.18461118 | AH36: 2.121271 | AI36: 0.36116449 | AJ36: 0.33548006 | AK36: -0.053011905 | AL36: 2.5802925
J37: 2012M5 | K37: 1.2693526 | L37: -4.7483772 | M37: 11.26 | P37: 2014Q1 | Q37: 0.14542934 | R37: 2.6753826 | S37: 0.12078665 | T37: 0.87150002 | U37: 1.5667946 | V37: 5.3798932 | X37: 2014Q1 | Y37: 1.2211834 | Z37: 1.1744265 | AA37: 0.40714795 | AB37: 0.99104965 | AC37: 0.49935778 | AD37: 4.2931653 | AF37: 2014Q1 | AG37: -0.64094663 | AH37: 2.2966339 | AI37: 0.14539168 | AJ37: -0.018453783 | AK37: 0.17404721 | AL37: 1.9566724
J38: 2012M6 | K38: 1.1072276 | L38: -0.9724459 | M38: 11.77 | P38: 2014Q2 | Q38: 0.66245029 | R38: 1.9775271 | S38: 0.016278461 | T38: 1.4388455 | U38: 1.6721769 | V38: 5.7672783 | X38: 2014Q2 | Y38: 0.81528538 | Z38: 2.5712483 | AA38: 0.30463415 | AB38: 0.91410539 | AC38: 0.88361829 | AD38: 5.4888915 | AF38: 2014Q2 | AG38: -0.10416946 | AH38: 0.38303768 | AI38: 0.14863366 | AJ38: 0.25459933 | AK38: 0.24234161 | AL38: 0.92444282
J39: 2012M7 | K39: 3.1967031 | L39: -0.2269405 | M39: 9.9 | P39: 2014Q3 | Q39: -0.041568135 | R39: 1.3066755 | S39: 0.023594139 | T39: 0.95106496 | U39: 1.447343 | V39: 3.6871095 | X39: 2014Q3 | Y39: 0.031644912 | Z39: 1.9616098 | AA39: 0.1773302 | AB39: 0.50318551 | AC39: 0.63139744 | AD39: 3.3051678 | AF39: 2014Q3 | AG39: -0.023836255 | AH39: -0.001080723 | AI39: 0.057062153 | AJ39: 0.19683926 | AK39: 0.21388155 | AL39: 0.44286599
J40: 2012M8 | K40: 3.1561365 | L40: 2.5473263 | M40: 9.34 | P40: 2014Q4 | Q40: -0.31222369 | R40: 1.1290084 | S40: 0.084595965 | T40: 0.46391145 | U40: 1.3069413 | V40: 2.6722334 | X40: 2014Q4 | Y40: 0.36329018 | Z40: 2.0772919 | AA40: 0.33448727 | AB40: 0.22873427 | AC40: 0.42403929 | AD40: 3.4278429 | AF40: 2014Q4 | AG40: -1.0629331 | AH40: -0.48599815 | AI40: -0.21832552 | AJ40: 0.20315875 | AK40: -0.10148443 | AL40: -1.6655825
J41: 2012M9 | K41: 4.9722786 | L41: 3.1723417 | M41: 8.62 | P41: 2015Q1 | Q41: -0.43854937 | R41: -0.63262918 | S41: -0.014818564 | T41: 1.0213022 | U41: 1.4427043 | V41: 1.3780094 | X41: 2015Q1 | Y41: 0.39444111 | Z41: 1.1104123 | AA41: 0.32992286 | AB41: 0.47910283 | AC41: 0.6513032 | AD41: 2.9651823 | AF41: 2015Q1 | AG41: -0.24225028 | AH41: -1.5269382 | AI41: -0.65389126 | AJ41: 0.60851624 | AK41: 0.10114189 | AL41: -1.7134216
J42: 2012M10 | K42: 6.8636276 | L42: 5.6832311 | M42: 7.77 | P42: 2015Q2 | Q42: 0.11454755 | R42: 1.1600408 | S42: 0.05354487 | T42: 0.94916926 | U42: 1.0656272 | V42: 3.3429297 | X42: 2015Q2 | Y42: 0.49938835 | Z42: 2.0671996 | AA42: 0.33093771 | AB42: 0.63241587 | AC42: 0.44001357 | AD42: 3.9699551 | AF42: 2015Q2 | AG42: 0.003300896 | AH42: 0.23357352 | AI42: -0.40087605 | AJ42: 0.26648705 | AK42: 0.011966609 | AL42: 0.11445202
J43: 2012M11 | K43: 3.6123498 | L43: 4.8006711 | M43: 7.41 | P43: 2015Q3 | Q43: 0.003407777 | R43: -1.4061979 | S43: 0.097966909 | T43: 0.092485467 | U43: 0.9660249 | V43: -0.24631285 | X43: 2015Q3 | Y43: 0.23313042 | Z43: 1.0962169 | AA43: 0.1868927 | AB43: 0.15305359 | AC43: 0.51197989 | AD43: 2.1812735 | AF43: 2015Q3 | AG43: 0.10054263 | AH43: -2.8798813 | AI43: -0.3760995 | AJ43: -0.062647463 | AK43: -0.26106032 | AL43: -3.4791459
J44: 2012M12 | K44: 3.5320992 | L44: 10.625188 | M44: 7.19 | P44: 2015Q4 | Q44: -0.013057498 | R44: -0.96081355 | S44: 0.068963675 | T44: 0.7051423 | U44: 0.43236782 | V44: 0.23260275 | X44: 2015Q4 | Y44: 0.51298712 | Z44: 1.6315077 | AA44: 0.14172448 | AB44: 0.40719182 | AC44: 0.20455208 | AD44: 2.8979632 | AF44: 2015Q4 | AG44: -0.14127708 | AH44: -1.9866764 | AI44: -0.65710002 | AJ44: 0.16348811 | AK44: -0.083266256 | AL44: -2.7048317
... J48: 2013M4 | K48: 3.666805 | L48: -3.1475301 | M48: 7.48 | P48: 2016Q4 | Q48: 0.33861458 | R48: 1.6787076 | S48: 0.18467928 | T48: 0.18281223 | U48: 0.65698104 | V48: 3.0417948 | X48: 2016Q4 | Y48: 0.41629415 | Z48: 3.2157182 | AA48: 0.078162568 | AB48: 0.30158716 | AC48: 0.36234738 | AD48: 4.3741094 | AF48: 2016Q4 | AG48: 0.028751249 | AH48: -2.4479414 | AI48: -0.30106863 | AJ48: -0.091128625 | AK48: 0.039299002 | AL48: -2.7720884
J49: 2013M5 | K49: 6.1913586 | L49: -0.4774332 | M49: 7.81 | N49: Taper tantrum | P49: 2017Q1 | Q49: 0.2949152 | R49: 1.8009651 | S49: 0.010427655 | T49: 0.73714653 | U49: 0.89053979 | V49: 3.7339943 | X49: 2017Q1 | Y49: 0.60258831 | Z49: 1.506269 | AA49: 0.50008584 | AB49: 0.68919651 | AC49: 0.68201372 | AD49: 3.9801533 | AF49: 2017Q1 | AG49: 0.075690843 | AH49: -0.046667588 | AI49: -0.48920755 | AJ49: 0.33399275 | AK49: 0.039534964 | AL49: -0.086656579
J50: 2013M6 | K50: -12.770779 | L50: -15.533713 | M50: 10.47 | P50: 2017Q2 | Q50: 0.42661742 | R50: 1.8336256 | S50: 0.17760277 | T50: 1.2386409 | U50: 0.51965353 | V50: 4.1961402 | X50: 2017Q2 | Y50: 0.35023824 | Z50: 1.4443609 | AA50: 0.20450844 | AB50: 0.69886653 | AC50: 0.41540611 | AD50: 3.1133802 | AF50: 2017Q2 | AG50: 0.11095934 | AH50: 0.52555819 | AI50: -0.11189384 | AJ50: 0.27977736 | AK50: 0.019812088 | AL50: 0.82421314
J51: 2013M7 | K51: -4.5561813 | L51: -1.1636123 | M51: 9.96 | P51: 2017Q3 | Q51: 0.23436665 | R51: 1.8431739 | S51: 0.031352403 | T51: 1.0835957 | U51: 0.86846453 | V51: 4.0609532 | X51: 2017Q3 | Y51: 0.069806925 | Z51: 1.5421296 | AA51: 0.3642333 | AB51: 0.63182798 | AC51: 0.58798602 | AD51: 3.1959838 | AF51: 2017Q3 | AG51: 0.048501368 | AH51: 0.46738868 | AI51: -0.26108884 | AJ51: 0.44084506 | AK51: 0.027597549 | AL51: 0.72324382
J52: 2013M8 | K52: -4.2564347 | L52: -4.3557601 | M52: 10.19 | P52: 2017Q4 | Q52: 0.19733573 | R52: 1.6708984 | S52: 0.20552272 | T52: 1.0556805 | U52: 0.56651918 | V52: 3.6959565 | X52: 2017Q4 | Y52: 0.26416091 | Z52: 0.94232578 | AA52: 0.15824528 | AB52: 0.59177615 | AC52: 0.36030539 | AD52: 2.3168135 | AF52: 2017Q4 | AG52: -0.10013261 | AH52: 0.47357293 | AI52: 0.16263126 | AJ52: 0.21225341 | AK52: -0.07882429 | AL52: 0.6695007
J53: 2013M9 | K53: -2.5057843 | L53: 0.3887836 | M53: 10.52 | P53: 2018Q1 | Q53: 0.45582367 | R53: 2.6697964 | S53: -0.070272414 | T53: 1.1806417 | U53: 1.1338828 | V53: 5.3698722 | X53: 2018Q1 | Y53: 0.49222536 | Z53: 1.1266796 | AA53: 0.12341191 | AB53: 0.76782668 | AC53: 0.68707616 | AD53: 3.1972197 | AF53: 2018Q1 | AG53: 0.38786613 | AH53: 0.40859138 | AI53: -0.047391609 | AJ53: 0.38639515 | AK53: 0.084536847 | AL53: 1.2199979
J54: 2013M10 | K54: -3.350538 | L54: 0.889022 | M54: 8.85 | P54: 2018Q2 | Q54: -0.22452904 | R54: 1.8424811 | S54: 0.36965984 | T54: 0.3576743 | U54: 0.3057619 | V54: 2.6510481 | X54: 2018Q2 | Y54: 0.15426162 | Z54: 1.3674833 | AA54: 0.43245979 | AB54: 0.4707772 | AC54: 0.16852127 | AD54: 2.5935032 | AF54: 2018Q2 | AG54: -0.088334734 | AH54: 0.35677045 | AI54: 0.19742243 | AJ54: -0.3318659 | AK54: 0.004051802 | AL54: 0.13804405
J55: 2013M11 | K55: -4.244575 | L55: -3.615696 | M55: 8.87 | P55: 2018Q3 | Q55: -0.13962879 | R55: 1.8609776 | S55: -0.025990042 | T55: 0.75616375 | U55: 0.72308999 | V55: 3.1746126 | X55: 2018Q3 | Y55: 0.46194572 | Z55: 1.6440747 | AA55: 0.31062616 | AB55: 0.50831117 | AC55: 0.35158473 | AD55: 3.2765424 | AF55: 2018Q3 | AG55: 0.000905763 | AH55: -0.045354099 | AI55: 0.00896439 | AJ55: -0.13141641 | AK55: 0.025594733 | AL55: -0.14130562
J56: 2013M12 | K56: -3.76825 | L56: -6.591889 | M56: 9.1 | P56: 2018Q4 | Q56: -0.080183914 | R56: 0.97335141 | S56: 0.14172934 | T56: 0.51862175 | U56: 0.5706258 | V56: 2.1241444 | X56: 2018Q4 | Y56: 0.2032288 | Z56: 1.0922851 | AA56: 0.52895466 | AB56: 0.23513687 | AC56: 0.37486 | AD56: 2.4344654 | AF56: 2018Q4 | AG56: 0.27473911 | AH56: -0.40388263 | AI56: -0.15187217 | AJ56: 0.025467404 | AK56: -0.071623378 | AL56: -0.32717166
J57: 2014M1 | K57: -3.694851 | L57: -7.25143 | M57: 9.18
J58: 2014M2 | K58: -5.129741 | L58: -9.445743 | M58: 9.05
J59: 2014M3 | K59: -1.258559 | L59: -7.239985 | M59: 8.86
J60: 2014M4 | K60: 4.483695 | L60: 6.569185 | M60: 8.35
J61: 2014M5 | K61: 3.863477 | L61: 1.09566 | M61: 7.26
J62: 2014M6 | K62: 3.894062 | L62: 2.6964 | M62: 6.37
J63: 2014M7 | K63: 2.943117 | L63: 6.171105 | M63: 5.96
J64: 2014M8 | K64: -0.619732 | L64: 7.190255 | M64: 6.74
J65: 2014M9 | K65: 0.836976 | L65: 1.522937 | M65: 7.16
J66: 2014M10 | K66: 0.472295 | L66: -6.233555 | M66: 8.02
J67: 2014M11 | K67: 1.380103 | L67: -0.529318 | M67: 8
J68: 2014M12 | K68: -4.499465 | L68: -13.957055 | M68: 10.05
... J75: 2015M7 | K75: -1.061093 | L75: 5.829944 | M75: 8.84
J76: 2015M8 | K76: -7.032877 | L76: -15.339418 | M76: 10.82 | N76: China equity market sell-off
J77: 2015M9 | K77: -7.182068 | L77: -8.618559 | M77: 12.4
J78: 2015M10 | K78: -1.170193 | L78: 2.301954 | M78: 11.21
J79: 2015M11 | K79: -4.698596 | L79: -4.973463 | M79: 10.58
J80: 2015M12 | K80: -6.041562 | L80: -3.799164 | M80: 11.12
J81: 2016M1 | K81: -3.580638 | L81: -4.002032 | M81: 11.84
J82: 2016M2 | K82: -2.906139 | L82: -2.194234 | M82: 12.59
J83: 2016M3 | K83: 4.09628 | L83: 5.612437 | M83: 11.62
J84: 2016M4 | K84: 5.146867 | L84: 0.693055 | M84: 11.15
J85: 2016M5 | K85: 0.625692 | L85: -4.625819 | M85: 10.75
J86: 2016M6 | K86: 0.582325 | L86: -1.739518 | M86: 10.56
J87: 2016M7 | K87: 13.01095 | L87: 5.593051 | M87: 9.97
J88: 2016M8 | K88: 6.530023 | L88: 5.978425 | M88: 9.92
... J90: 2016M10 | K90: 4.341523 | L90: 4.088902 | M90: 9.93
J91: 2016M11 | K91: -5.232183 | L91: -4.669546 | M91: 10.78 | N91: US presidential election
J92: 2016M12 | K92: -2.180958 | L92: -0.768659 | M92: 11.22
J93: 2017M1 | K93: 3.718394 | L93: 2.315885 | M93: 11.03
J94: 2017M2 | K94: 3.796176 | L94: 1.751515 | M94: 9.99
J95: 2017M3 | K95: 8.788692 | L95: 4.037862 | M95: 9.27
J96: 2017M4 | K96: 7.953022 | L96: 6.465918 | M96: 9.06
J97: 2017M5 | K97: 6.6829 | L97: 6.61859 | M97: 8.27
J98: 2017M6 | K98: 5.038096 | L98: 3.750798 | M98: 7.75
J99: 2017M7 | K99: 3.334813 | L99: 4.364422 | M99: 7.64
J100: 2017M8 | K100: 4.952949 | L100: 1.396808 | M100: 7.5
J101: 2017M9 | K101: 6.011809 | L101: 5.248168 | M101: 7.8
J102: 2017M10 | K102: 4.653925 | L102: 6.053606 | M102: 8.08
J103: 2017M11 | K103: 3.494818 | L103: 3.921142 | M103: 8.01
... J118: 2019M2 | K118: 5.779667 | L118: 2.219921 | M118: 8.77

Sheet Figure 1.10.
J2: Figure 1.10. Half-Yearly Growth Forecasts
J3: (Annualized semiannual percent change)
J5: 1. Advanced Economies | M5: 2. Emerging Market and Developing Economies | P5: 3. Selected Advanced Economies | U5: 4. Selected Emerging Market and Developing Economies
K8: April 2019 WEO | N8: April 2019 WEO | Q8: United States | R8: Euro area | S8: Japan | V8: Argentina | W8: Brazil | X8: China | Y8: Mexico | Z8: Turkey | AA8: Em. Asia ex. China
J9: 2015:H1 | K9: 2.64 | M9: 2015:H1 | N9: 4.51 | P9: 2015:H1 | Q9: 2.97 | R9: 2.37 | S9: 3.32 | U9: 2015:H1 | V9: 5.9085 | W9: -3.9952 | X9: 6.8072 | Y9: 3.287 | Z9: 6.881 | AA9: 7.0687
J10: 2015:H2 | K10: 1.47 | M10: 2015:H2 | N10: 4.6 | P10: 2015:H2 | Q10: 1.41 | R10: 1.66 | S10: -0.33 | U10: 2015:H2 | V10: 1.0758 | W10: -5.7227 | X10: 6.8913 | Y10: 3.49 | Z10: 5.3473 | AA10: 6.9388
J11: 2016:H1 | K11: 1.75 | M11: 2016:H1 | N11: 4.56 | P11: 2016:H1 | Q11: 1.44 | R11: 2.16 | S11: 1.03 | U11: 2016:H1 | V11: -4.5248 | W11: -2.7031 | X11: 6.5808 | Y11: 1.658 | Z11: 3.3667 | AA11: 7.6599
J12: 2016:H2 | K12: 1.86 | M12: 2016:H2 | N12: 4.26 | P12: 2016:H2 | Q12: 1.97 | R12: 1.73 | S12: 0.72 | U12: 2016:H2 | V12: -0.2168 | W12: -2.0417 | X12: 6.8989 | Y12: 3.8347 | Z12: 0.8326 | AA12: 4.9994
J13: 2017:H1 | K13: 2.52 | M13: 2017:H1 | N13: 5.41 | P13: 2017:H1 | Q13: 2.08 | R13: 2.78 | S13: 2.44 | U13: 2017:H1 | V13: 2.787 | W13: 2.7277 | X13: 6.7367 | Y13: 2.4324 | Z13: 10.5696 | AA13: 6.78
J14: 2017:H2 | K14: 2.67 | M14: 2017:H2 | N14: 5.23 | P14: 2017:H2 | Q14: 2.73 | R14: 2.72 | S14: 2.1 | U14: 2017:H2 | V14: 5.3583 | W14: 0.8963 | X14: 6.681 | Y14: 0.6904 | Z14: 7.828 | AA14: 7.0295
J15: 2018:H1 | K15: 2.16 | M15: 2018:H1 | N15: 5.18 | P15: 2018:H1 | Q15: 2.72 | R15: 1.83 | S15: 0.69 | U15: 2018:H1 | V15: -4.1095 | W15: 1.1524 | X15: 6.8269 | Y15: 2.9707 | Z15: 4.3958 | AA15: 6.0933
J16: 2018:H2 | K16: 1.96 | M16: 2018:H2 | N16: 4.27 | P16: 2018:H2 | Q16: 3.36 | R16: 0.91 | S16: -0.26 | U16: 2018:H2 | V16: -6.7998 | W16: 1.2493 | X16: 5.9881 | Y16: 1.3049 | Z16: -5.4376 | AA16: 5.9802
J17: 2019:H1 | K17: 1.64 | M17: 2019:H1 | N17: 4.69 | P17: 2019:H1 | Q17: 1.8 | R17: 1.25 | S17: 1.67 | U17: 2019:H1 | V17: -0.412 | W17: 1.8921 | X17: 6.3547 | Y17: 1.4646 | Z17: -3.5346 | AA17: 6.5195
J18: 2019:H2 | K18: 1.96 | M18: 2019:H2 | N18: 5.05 | P18: 2019:H2 | Q18: 2.33 | R18: 1.69 | S18: 0.83 | U18: 2019:H2 | V18: 3.1318 | W18: 3.1868 | X18: 6.3429 | Y18: 2.2452 | Z18: 2.3903 | AA18: 6.5098
J19: 2020:H1 | K19: 1.48 | M19: 2020:H1 | N19: 5 | P19: 2020:H1 | Q19: 1.42 | R19: 1.49 | S19: -0.14 | U19: 2020:H1 | V19: 1.8627 | W19: 2.3702 | X19: 6.057 | Y19: 1.9892 | Z19: 2.6692 | AA19: 6.4075
J20: 2020:H2 | K20: 1.96 | M20: 2020:H2 | N20: 5.06 | P20: 2020:H2 | Q20: 2.3 | R20: 1.35 | S20: 1.26 | U20: 2020:H2 | V20: 1.8122 | W20: 2.2182 | X20: 6.0392 | Y20: 1.5348 | Z20: 2.4359 | AA20: 6.8272

Sheet Figure 1.11.
J2: Figure 1.11. Forecast Assumptions: Fiscal Indicators
J3: (Percent of GDP)
J5: 1. Change in the Structural Primary Fiscal Balance | P5: 2. Change in the Structural Primary Fiscal Balance
K8: April 2019 WEO | L8: April 2019 WEO | M8: October 2018 WEO | N8: October 2018 WEO | Q8: April 2019 WEO | R8: April 2019 WEO | S8: April 2019 WEO | T8: April 2019 WEO | U8: October 2018 WEO | V8: October 2018 WEO | W8: October 2018 WEO | X8: October 2018 WEO
K9: Advanced economies | L9: Emerging market and developing economies | M9: Advanced economies | N9: Emerging market and developing economies | Q9: United States | R9: Japan | S9: France, Germany, United Kingdom | T9: Greece, Ireland, Italy, Portugal, Spain | U9: United States | V9: Japan | W9: France, Germany, United Kingdom | X9: Greece, Ireland, Italy, Portugal, Spain
J10: 2015 | K10: 0.21573612 | L10: -1.2062126 | M10: 0.19600275 | N10: -1.1864656 | P10: 2015 | Q10: 0.16971464 | R10: 1.0560999 | S10: 0.028886368 | T10: -0.24396935 | U10: 0.1731813 | V10: 1.0070591 | W10: 0.028117024 | X10: -0.32781432
J11: 2016 | K11: -0.14247958 | L11: -0.37247255 | M11: -0.15764835 | N11: -0.37587901 | P11: 2016 | Q11: -0.59402787 | R11: 0.25141444 | S11: 0.437002 | T11: -0.44328555 | U11: -0.59480279 | V11: 0.19626149 | W11: 0.39486559 | X11: -0.36081303
J12: 2017 | K12: 0.10957884 | L12: 0.22637626 | M12: 0.041543132 | N12: 0.20495895 | P12: 2017 | Q12: 0.0082061877 | R12: 0.49825308 | S12: 0.32389104 | T12: -0.10954327 | U12: -0.0017557096 | V12: -0.28332553 | W12: 0.42444747 | X12: -0.14034712
J13: 2018 | K13: -0.28728073 | L13: 0.046437644 | M13: -0.4305666 | N13: 0.17426703 | P13: 2018 | Q13: -0.73737462 | R13: 0.11373953 | S13: 0.19454282 | T13: -0.22697663 | U13: -0.99014355 | V13: 0.38435141 | W13: -0.081414637 | X13: -0.12527115
J14: 2019 | K14: -0.2645259 | L14: -0.6209382 | M14: -0.17922789 | N14: 0.03092259 | P14: 2019 | Q14: -0.35528234 | R14: 0.096197715 | S14: -0.23892768 | T14: -0.23496261 | U14: -0.36422586 | V14: 0.68930932 | W14: -0.24956766 | X14: -0.19596592
J15: 2020 | K15: 0.25880442 | L15: 0.41280883 | M15: 0.25152052 | N15: 0.11198583 | P15: 2020 | Q15: 0.50980064 | R15: 0.63522727 | S15: -0.0065760812 | T15: -0.50232415 | U15: 0.37467114 | V15: 0.6232107 | W15: 0.14679849 | X15: -0.13466343

Sheet Figure 1.12.
J2: Figure 1.12. Commodity Price Assumptions and Terms-of-Trade Windfall Gains and Losses
J3: (Percent of GDP, unless noted otherwise)
J5: 1. Commodity and Oil Prices | P5: 2. Terms-of-Trade Windfall Gains and Losses for Commodity Exporters | V5: 3. Terms-of-Trade Windfall Gains and Losses for Commodity Importers
J6: (Index, 2018 = 100)
K8: Food | L8: Metals | M8: Average petroleum spot price | Q8: 2015–16 (cumulative) | R8: 2017–18 (cumulative) | S8: 2019–20 (average; Feb. 2019 commodity prices) | W8: 2015–16 (cumulative) | X8: 2017–18 (cumulative) | Y8: 2019–20 (average; Feb. 2019 commodity prices)
J9: 2018 | K9: 100 | L9: 100 | M9: 100 | P9: SAU | Q9: -33.09 | R9: 15.54 | S9: -2.69 | V9: USA | W9: 1.23 | X9: -0.44 | Y9: 0.08
J10: 2019 | K10: 97.138654 | L10: 102.43793 | M10: 86.607276 | P10: KAZ | Q10: -22 | R10: 11.13 | S10: -1.78 | V10: EGY | W10: 1.68 | X10: -0.77 | Y10: 0.01
J11: 2020 | K11: 99.160817 | L11: 100.2239 | M11: 86.389519 | P11: DZA | Q11: -21.41 | R11: 10.18 | S11: -2.18 | V11: TUR | W11: 1.77 | X11: -0.9 | Y11: 0.09
J12: 2021 | K12: 99.231732 | L12: 100.77502 | M12: 85.080613 | P12: NGA | Q12: -15.55 | R12: 6.75 | S12: -1.24 | V12: FRA | W12: 2.25 | X12: -1.18 | Y12: 0.24
J13: 2022 | K13: 99.303456 | L13: 101.37778 | M13: 84.283056 | P13: RUS | Q13: -11.82 | R13: 7.39 | S13: -1.3 | V13: DEU | W13: 2.51 | X13: -1.29 | Y13: 0.25
J14: 2023 | K14: 99.303456 | L14: 101.98866 | M14: 84.352191 | P14: COL | Q14: -5.21 | R14: 3.09 | S14: -0.52 | V14: ITA | W14: 2.73 | X14: -1.27 | Y14: 0.23
J15: 2024 | K15: 99.303456 | L15: 102.49414 | M15: 84.837106 | P15: MYS | Q15: -4.03 | R15: 0.85 | S15: -0.39 | V15: POL | W15: 2.8 | X15: -1.05 | Y15: 0.19
P16: CAN | Q16: -3.04 | R16: 2.1 | S16: -0.31 | V16: CHN | W16: 3.1 | X16: -1.35 | Y16: 0.18
P17: AUS | Q17: -1.95 | R17: 2.05 | S17: -0.09 | V17: ESP | W17: 3.15 | X17: -1.61 | Y17: 0.25
P18: MEX | Q18: -1.02 | R18: 0.22 | S18: -0.02 | V18: JPN | W18: 3.51 | X18: -2.01 | Y18: 0.36
P19: BRA | Q19: -0.34 | R19: -0.48 | S19: 0.14 | V19: IND | W19: 4.29 | X19: -2.3 | Y19: 0.34
P20: ARG | Q20: -0.2 | R20: -0.39 | S20: 0.08 | V20: PAK | W20: 4.98 | X20: -2.45 | Y20: 0.36
P21: IDN | Q21: 0.33 | R21: 0.09 | S21: -0.08 | V21: THA | W21: 6.25 | X21: -4.17 | Y21: 0.65
V22: KOR | W22: 7.25 | X22: -4.37 | Y22: 0.74

Sheet Figure 1.13.
J2: Figure 1.13. Growth Rate: Emerging Market and Developing Economies
J3: (Percent)
K7: All EMDEs | L7: EMDEs excluding stressed | M7: EMDEs excluding ARG, TUR, stressed (constant 2018 weights, 2019–24) | N7: EMDEs excluding ARG, TUR, stressed
J8: 2014 | K8: 4.71 | L8: 4.98 | M8: 5.09 | N8: 5.09
J9: 2015 | K9: 4.28 | L9: 4.63 | M9: 4.62 | N9: 4.62
J10: 2016 | K10: 4.57 | L10: 4.49 | M10: 4.62 | N10: 4.62
J11: 2017 | K11: 4.79 | L11: 4.96 | M11: 4.91 | N11: 4.91
J12: 2018 | K12: 4.55 | L12: 4.87 | M12: 5.03 | N12: 5.03
J13: 2019 | K13: 4.35 | L13: 4.67 | M13: 4.91 | N13: 4.95
J14: 2020 | K14: 4.84 | L14: 4.95 | M14: 4.97 | N14: 5.05
J15: 2021 | K15: 4.86 | L15: 4.99 | M15: 4.95 | N15: 5.07
J16: 2022 | K16: 4.84 | L16: 4.96 | M16: 4.88 | N16: 5.03
J17: 2023 | K17: 4.86 | L17: 4.97 | M17: 4.84 | N17: 5.02
J18: 2024 | K18: 4.86 | L18: 4.97 | M18: 4.81 | N18: 5.02

Sheet Figure 1.14.
J2: Figure 1.14. Contributions to GDP Growth
J3: (Percent)
J5: 1. Advanced Economies | V5: 2. Emerging Market and Developing Economies
K8: 2015 | L8: 2016 | M8: 2017 | N8: 2018 | O8: 2019 | P8: 2020 | Q8: 2021 | R8: 2022 | S8: 2023 | T8: 2024 | W8: 2015 | X8: 2016 | Y8: 2017 | Z8: 2018 | AA8: 2019 | AB8: 2020 | AC8: 2021 | AD8: 2022 | AE8: 2023 | AF8: 2024
J9: Inventories | K9: 0.11 | L9: -0.26 | M9: 0.01 | N9: 0.14 | O9: 0.05 | P9: 0.06 | Q9: 0 | R9: 0 | S9: 0 | T9: 0 | V9: Inventories | W9: -0.09 | X9: -0.21 | Y9: 0.41 | Z9: 0.11 | AA9: 0.02 | AB9: 0.02 | AC9: -0.01 | AD9: 0 | AE9: 0 | AF9: 0.03
J10: Net foreign balance | K10: -0.31 | L10: -0.18 | M10: 0.05 | N10: -0.01 | O10: -0.07 | P10: -0.01 | Q10: -0.09 | R10: 0.01 | S10: -0.01 | T10: 0.02 | V10: Net foreign balance | W10: 0.55 | X10: 0.53 | Y10: -0.54 | Z10: -0.45 | AA10: -0.22 | AB10: -0.18 | AC10: -0.31 | AD10: -0.24 | AE10: -0.22 | AF10: -0.19
J11: Public consumption | K11: 0.29 | L11: 0.32 | M11: 0.14 | N11: 0.26 | O11: 0.27 | P11: 0.24 | Q11: 0.2 | R11: 0.22 | S11: 0.2 | T11: 0.22 | V11: Public consumption | W11: 0.59 | X11: 0.42 | Y11: 0.83 | Z11: 0.69 | AA11: 0.56 | AB11: 0.55 | AC11: 0.56 | AD11: 0.59 | AE11: 0.59 | AF11: 0.56
J12: Private consumption | K12: 1.55 | L12: 1.33 | M12: 1.34 | N12: 1.21 | O12: 1 | P12: 0.91 | Q12: 1.08 | R12: 0.93 | S12: 0.92 | T12: 0.89 | V12: Private consumption | W12: 1.86 | X12: 2.23 | Y12: 2.6 | Z12: 2.8 | AA12: 2.5 | AB12: 2.68 | AC12: 2.64 | AD12: 2.62 | AE12: 2.7 | AF12: 2.68
J13: Fixed investment | K13: 0.63 | L13: 0.42 | M13: 0.78 | N13: 0.63 | O13: 0.55 | P13: 0.52 | Q13: 0.49 | R13: 0.44 | S13: 0.46 | T13: 0.43 | V13: Fixed investment | W13: 1.23 | X13: 1.22 | Y13: 1.32 | Z13: 1.33 | AA13: 1.34 | AB13: 1.6 | AC13: 1.77 | AD13: 1.71 | AE13: 1.65 | AF13: 1.68
J14: GDP | K14: 2.27 | L14: 1.63 | M14: 2.32 | N14: 2.23 | O14: 1.8 | P14: 1.72 | Q14: 1.68 | R14: 1.6 | S14: 1.57 | T14: 1.57 | V14: GDP | W14: 4.2 | X14: 4.2 | Y14: 4.6 | Z14: 4.5 | AA14: 4.2 | AB14: 4.7 | AC14: 4.7 | AD14: 4.7 | AE14: 4.7 | AF14: 4.8

Sheet Figure 1.15.
J2: Figure 1.15. Per Capita Real GDP Growth
J3: (Percent, unless noted otherwise)
J5: 1. By Country Group | R5: 2. Emerging Market and Developing Economies by Region | Y5: 3. Sub-Saharan Africa: Population in 2018 and projected growth rates in GDP per capita, 2019–24
L8: mean | M8: min | N8: max | O8: median | T8: mean | U8: min | V8: max | W8: median | Z8: Average growth rate, 2019–24 | AA8: Population, 2018 (Millions)
K9: 1995-2005 | L9: 2.1316146 | M9: 1.649292 | N9: 6.4699525 | O9: 2.7528265 | S9: 1995-2005 | T9: 1.1001391 | U9: 0.18586333 | V9: 3.8030626 | W9: 1.5900614 | Y9: AGO | Z9: -0.29648148 | AA9: 29.250009
J10: AEs | K10: 2006-18 | L10: 1.0395594 | M10: 0.11270632 | N10: 3.4311163 | O10: 1.0156429 | R10: LAC | S10: 2006-18 | T10: 1.3212601 | U10: -0.11888638 | V10: 3.7328718 | W10: 1.3255023 | Y10: BEN | Z10: 3.8520271 | AA10: 11.423229
K11: 2019-24 | L11: 1.2382288 | M11: 0.59621137 | N11: 2.879369 | O11: 1.2840879 | S11: 2019-24 | T11: 1.5789646 | U11: -0.04029044 | V11: 3.6247937 | W11: 1.5992374 | Y11: BWA | Z11: 2.3549425 | AA11: 2.3346899
Y12: BFA | Z12: 3.2218721 | AA12: 19.46
K13: 1995-2005 | L13: 3.1984549 | M13: -0.4083871 | N13: 5.8194397 | O13: 2.1854113 | S13: 1995-2005 | T13: 1.4980852 | U13: 0.1312084 | V13: 4.2633282 | W13: 1.8118601 | Y13: BDI | Z13: -2.4403015 | AA13: 11.193282
J14: EMDEs | K14: 2006-18 | L14: 4.0855816 | M14: -0.073667085 | N14: 5.219277 | O14: 2.2860953 | R14: MENAP | S14: 2006-18 | T14: 1.176718 | U14: -1.2090604 | V14: 2.7498707 | W14: 0.72052805 | Y14: CPV | Z14: 3.7718151 | AA14: 0.55290134
K15: 2019-24 | L15: 3.4817037 | M15: -0.23739785 | N15: 4.3730727 | O15: 2.516837 | S15: 2019-24 | T15: 0.71088047 | U15: -0.75304045 | V15: 3.6800012 | W15: 0.9315995 | Y15: CMR | Z15: 2.4166382 | AA15: 24.884268
Y16: CAF | Z16: 2.9922813 | AA16: 5.0811774
K17: 1995-2005 | L17: 8.4744654 | S17: 1995-2005 | T17: 3.3300481 | U17: -0.71465459 | V17: 5.8157758 | W17: 2.6933627 | Y17: TCD | Z17: 2.274772 | AA17: 12.489996
J18: China | K18: 2006-18 | L18: 8.3616754 | R18: EMDE Asia excluding China | S18: 2006-18 | T18: 5.045537 | U18: 0.54794989 | V18: 6.0734719 | W18: 3.3218773 | Y18: COM | Z18: 0.43797846 | AA18: 0.84931097
K19: 2019-24 | L19: 5.6757568 | S19: 2019-24 | T19: 5.3179878 | U19: 0.30128515 | V19: 5.6131783 | W19: 3.4182454 | Y19: COD | Z19: 1.5266701 | AA19: 95.028435
Y20: COG | Z20: -0.44072712 | AA20: 4.4561769
K21: 1995-2005 | L21: 2.0780248 | M21: 0.1167275 | N21: 7.1610625 | O21: 1.9772726 | S21: 1995-2005 | T21: 3.4437101 | U21: 2.3602577 | V21: 6.3316891 | W21: 3.6550268 | Y21: CIV | Z21: 4.1833424 | AA21: 25.608809
J22: Fuel exporters | K22: 2006-18 | L22: 1.0587577 | M22: -2.9204211 | N22: 3.3037441 | O22: 0.68460296 | R22: EMDE Europe | S22: 2006-18 | T22: 3.5753466 | U22: 1.9154987 | V22: 4.0370719 | W22: 3.1823013 | Y22: GNQ | Z22: -6.5257265 | AA22: 1.313894
K23: 2019-24 | L23: 0.12293134 | M23: -2.6101547 | N23: 3.1534169 | O23: 0.48444103 | S23: 2019-24 | T23: 2.1109254 | U23: 2.7688189 | V23: 3.9980178 | W23: 3.1597356 | Y23: ERI | Z23: 2.5675214 | AA23: 6.0470624
Y24: ETH | Z24: 5.5170213 | AA24: 94.138104
K25: 1995-2005 | L25: 2.0693545 | M25: -0.50647464 | N25: 4.9746494 | O25: 2.1699284 | S25: 1995-2005 | T25: 1.6141828 | U25: -1.5579383 | V25: 4.8615464 | W25: 1.7700957 | Y25: GAB | Z25: 2.7674926 | AA25: 2.0527928
J26: Nonfuel exporters excluding China | K26: 2006-18 | L26: 3.1602617 | M26: 0.43982955 | N26: 5.219277 | O26: 2.3831947 | R26: SSA | S26: 2006-18 | T26: 1.8533685 | U26: -0.21367 | V26: 3.7086859 | W26: 2.1408973 | Y26: GMB | Z26: 1.7968345 | AA26: 2.1693392
K27: 2019-24 | L27: 3.4230606 | M27: 0.44204471 | N27: 4.5727805 | O27: 2.7595968 | S27: 2019-24 | T27: 1.19527 | U27: -0.28169903 | V27: 3.9188182 | W27: 2.5675214 | Y27: GHA | Z27: 3.0862639 | AA27: 29.554515
Y28: GIN | Z28: 2.9613024 | AA28: 13.294322
S29: 1995-2005 | T29: 3.4705382 | U29: 2.2588422 | V29: 8.343217 | W29: 4.4982016 | Y29: GNB | Z29: 2.7595968 | AA29: 1.7378968
R30: CIS | S30: 2006-18 | T30: 2.5907552 | U30: 2.4647531 | V30: 6.2271305 | W30: 4.132452 | Y30: KEN | Z30: 3.2388897 | AA30: 48.032881
S31: 2019-24 | T31: 1.9829581 | U31: 1.7498914 | V31: 4.479875 | W31: 3.0025548 | Y31: LSO | Z31: 1.2404562 | AA31: 2.0343851
Y32: LBR | Z32: -1.5970406 | AA32: 4.4634284
Y33: MDG | Z33: 2.2389608 | AA33: 26.326
Y34: MWI | Z34: 2.6276568 | AA34: 19.720791
Y35: MLI | Z35: 1.7977696 | AA35: 18.54198
Y36: MUS | Z36: 3.9633455 | AA36: 1.265577
Y37: MOZ | Z37: 3.4262023 | AA37: 30.338988
Y38: NAM | Z38: 0.80501596 | AA38: 2.4139526
Y39: NER | Z39: 3.6939752 | AA39: 19.339198
Y40: NGA | Z40: -0.24537117 | AA40: 193.87463
Y41: RWA | Z41: 5.4231207 | AA41: 12.019299
Y42: STP | Z42: 2.5585943 | AA42: 0.217438
Y43: SEN | Z43: 5.2332903 | AA43: 16.302022
... Y53: ZWE | Z53: -0.165638 | AA53: 15.262805
Y55: Weighted average per capita growth rate in Sub-Saharan Africa over 2019–24 | Z55: 1.19527

Sheet Figure 1.16.
J2: Figure 1.16. Global Current Account Balance
J3: (Percent of world GDP)
K7: Eur. creditors | L7: China | M7: Japan | N7: Adv. Asia | O7: Oil exporters | P7: United States | Q7: Eur. debtors | R7: Other adv. | S7: Lat. Am. | T7: Em. Asia | U7: CEE | V7: Afr. and ME | W7: Discrepancy
J8: 2002 | K8: 0.42201591 | L8: 0.10202055 | M8: 0.31429589 | N8: 0.15532568 | O8: 0.19633717 | P8: -1.2983539 | Q8: -0.14635684 | R8: -0.040930161 | S8: -0.045462075 | T8: 0.059746278 | U8: -0.048663104 | V8: -0.007553835 | W8: -0.34857047
J9: 2003 | K9: 0.48778753 | L9: 0.11043923 | M9: 0.35763561 | N9: 0.20308277 | O9: 0.27901009 | P9: -1.3307399 | Q9: -0.17741666 | R9: -0.084086162 | S9: 0.010603387 | T9: 0.075380854 | U9: -0.077540921 | V9: -0.008569331 | W9: -0.14375963
J10: 2004 | K10: 0.74541922 | L10: 0.15712332 | M10: 0.41490831 | N10: 0.19179985 | O10: 0.42838506 | P10: -1.4394634 | Q10: -0.22119681 | R10: -0.12647966 | S10: 0.025112867 | T10: 0.01684927 | U10: -0.10633404 | V10: -0.02434813 | W10: 0.076156279
J11: 2005 | K11: 0.71169456 | L11: 0.278408 | M11: 0.35781509 | N11: 0.16168051 | O11: 0.710395 | P11: -1.5673152 | Q11: -0.31649625 | R11: -0.15686036 | S11: 0.025550464 | T11: -0.033758749 | U11: -0.11376586 | V11: -0.036177975 | W11: 0.12227807
J12: 2006 | K12: 0.81531417 | L12: 0.45021217 | M12: 0.33892839 | N12: 0.16876985 | O12: 0.78361035 | P12: -1.5650862 | Q12: -0.40666438 | R12: -0.21801935 | S12: 0.044599531 | T12: 0.007963704 | U12: -0.16573244 | V12: -0.053826127 | W12: 0.34978096
J13: 2007 | K13: 0.79251485 | L13: 0.60769287 | M13: 0.36500871 | N13: 0.20120725 | O13: 0.59504151 | P13: -1.2234221 | Q13: -0.45345504 | R13: -0.29867318 | S13: -0.000954985 | T13: 0.00145342 | U13: -0.22986809 | V13: -0.053640895 | W13: 0.39798891
J14: 2008 | K14: 0.64313408 | L14: 0.65968496 | M14: 0.22367389 | N14: 0.13708039 | O14: 0.76580785 | P14: -1.0687979 | Q14: -0.51400508 | R14: -0.32547075 | S14: -0.095448063 | T14: -0.080584128 | U14: -0.24737278 | V14: -0.068403195 | W14: 0.12633673
J15: 2009 | K15: 0.62568183 | L15: 0.40278342 | M15: 0.24050496 | N15: 0.21078844 | O15: 0.23663413 | P15: -0.61682069 | Q15: -0.29878674 | R15: -0.31647256 | S15: -0.047896869 | T15: -0.021591127 | U15: -0.10184209 | V15: -0.068584182 | W15: 0.25597216
J16: 2010 | K16: 0.70091693 | L16: 0.36018089 | M16: 0.33469936 | N16: 0.2062777 | O16: 0.42345226 | P16: -0.65318328 | Q16: -0.28562238 | R16: -0.31466235 | S16: -0.14396959 | T16: -0.048649895 | U16: -0.15623924 | V16: -0.057407556 | W16: 0.42060397
J17: 2011 | K17: 0.65768498 | L17: 0.1858108 | M17: 0.17725988 | N17: 0.17478596 | O17: 0.76696772 | P17: -0.6084568 | Q17: -0.22389025 | R17: -0.24283013 | S17: -0.15169142 | T17: -0.083280113 | U17: -0.18444326 | V17: -0.070791547 | W17: 0.45882351
J18: 2012 | K18: 0.70664971 | L18: 0.28857707 | M18: 0.079988794 | N18: 0.19640813 | O18: 0.71090582 | P18: -0.57186136 | Q18: -0.037634098 | R18: -0.35820405 | S18: -0.17939863 | T18: -0.13719451 | U18: -0.12269608 | V18: -0.11226648 | W18: 0.49805547
J19: 2013 | K19: 0.69373109 | L19: 0.19304993 | M19: 0.059846445 | N19: 0.23585062 | O19: 0.57766669 | P19: -0.45434692 | Q19: 0.057105762 | R19: -0.35422619 | S19: -0.20833778 | T19: -0.064603685 | U19: -0.11643312 | V19: -0.10693795 | W19: 0.50320418
... J30: 2024 | K30: 0.49162571 | L30: -0.03528906 | M30: 0.20768864 | N30: 0.22717801 | O30: 0.069484001 | P30: -0.47904515 | Q30: 0.059826773 | R30: -0.22520739 | S30: -0.10645105 | T30: -0.1298371 | U30: -0.056505774 | V30: -0.06335583 | W30: -0.096879749

Sheet Figure 1.17.
J2: Figure 1.17. Current Account Balances in Relation to Economic Fundamentals
J5: 1. 2017 Current Account Gaps and Change in Current Account Balances, 2017–18 | N5: 2. 2017 Current Account Gaps and Change in Current Account Balances, 2017–24
K8: Current account gap, 2017 | L8: Change in current account-to-GDP ratio, 2017-18 | O8: Current account gap, 2017 | P8: Change in current account-to-GDP ratio, 2017-24
J9: CHN | K9: 1.7 | L9: -1 | N9: CHN | O9: 1.7 | P9: -1.56
J10: JPN | K10: 0.5 | L10: -0.53 | N10: JPN | O10: 0.5 | P10: -0.56
J11: GBR | K11: -3 | L11: -0.62 | N11: GBR | O11: -3 | P11: -0.27
J12: USA | K12: -1.5 | L12: 0.02 | N12: USA | O12: -1.5 | P12: 0.17
J13: ARG | K13: -3.3 | L13: -0.44 | N13: ARG | O13: -3.3 | P13: 2.43
J14: BRA | K14: 0.2 | L14: -0.42 | N14: BRA | O14: 0.2 | P14: -1.54
J15: IND | K15: 0.4 | L15: -0.68 | N15: IND | O15: 0.4 | P15: -0.65
J16: IDN | K16: 0.1 | L16: -1.44 | N16: IDN | O16: 0.1 | P16: -0.81
J17: MYS | K17: 3.1 | L17: -0.65 | N17: MYS | O17: 3.1 | P17: -2.47
J18: MEX | K18: 0.5 | L18: -0.14 | N18: MEX | O18: 0.5 | P18: -0.19
J19: RUS | K19: -1.3 | L19: 4.94 | N19: RUS | O19: -1.3 | P19: 0.86
J20: POL | K20: 1 | L20: -0.85 | N20: POL | O20: 1 | P20: -1.91
... J37: ESP | K37: -1.5 | L37: -1.07 | N37: ESP | O37: -1.5 | P37: -1.02

Sheet Figure 1.18.
J2: Figure 1.18. Net International Investment Positions
J5: 1. Global International Investment Position | X5: 2. Net IIP, 2017, and Projected Changes, 2017-24
J6: (Percent of world GDP) | X6: (Percent of GDP)
K8: Eur. creditors | L8: Japan | M8: Adv. Asia | N8: China | O8: Oil exporters | P8: United States | Q8: Eur. debtors | R8: Other adv. | S8: Lat. Am. | T8: Em. Asia | U8: CEE | V8: Afr. and ME | Y8: Net IIP, 2017 | Z8: Projected change in IIP, 2017-24
J9: 2005 | K9: 1.99109 | L9: 3.20367 | M9: 1.98086 | N9: 0.85749 | O9: 2.02015 | P9: -3.90732 | Q9: -2.70794 | R9: -1.55681 | S9: -1.43051 | T9: -0.70535 | U9: -1.13403 | V9: -0.46354 | X9: United States | Y9: -39.6 | Z9: -9.2
J10: 2006 | K10: 2.53551 | L10: 3.56616 | M10: 2.22742 | N10: 1.24333 | O10: 2.49657 | P10: -3.51185 | Q10: -3.36013 | R10: -1.85744 | S10: -1.5506 | T10: -0.70571 | U10: -1.39708 | V10: -0.44719 | X10: Eur. debtors | Y10: -58.1 | Z10: 26.3
J11: 2007 | K11: 2.45483 | L11: 3.8359 | M11: 2.04325 | N11: 2.04441 | O11: 2.40793 | P11: -2.20152 | Q11: -4.03656 | R11: -2.3241 | S11: -1.63182 | T11: -0.70195 | U11: -1.79055 | V11: -0.49809 | X11: Other adv. | Y11: -14.9 | Z11: -10.4
J12: 2008 | K12: 2.40984 | L12: 3.88026 | M12: 2.29585 | N12: 2.34315 | O12: 2.85256 | P12: -6.26685 | Q12: -3.81153 | R12: -1.36232 | S12: -1.02353 | T12: -0.58203 | U12: -1.5107 | V12: -0.38125 | X12: Lat. Am. | Y12: -31.8 | Z12: -2.7
J13: 2009 | K13: 3.65625 | L13: 4.95963 | M13: 2.75764 | N13: 2.46815 | O13: 2.92674 | P13: -4.35081 | Q13: -4.67053 | R13: -3.09622 | S13: -1.6813 | T13: -0.87664 | U13: -1.90035 | V13: -0.48768 | X13: Em. Asia | Y13: -21.6 | Z13: -1.6
J14: 2010 | K14: 3.81122 | L14: 4.64668 | M14: 2.54811 | N14: 2.55707 | O14: 2.84356 | P14: -3.80429 | Q14: -3.74568 | R14: -2.52273 | S14: -2.20985 | T14: -1.07936 | U14: -1.88112 | V14: -0.55062 | X14: CEE | Y14: -54.3 | Z14: 14.6
J15: 2011 | K15: 3.66736 | L15: 4.66072 | M15: 2.57038 | N15: 2.30558 | O15: 3.12452 | P15: -6.08284 | Q15: -3.38356 | R15: -2.50566 | S15: -1.84749 | T15: -1.09104 | U15: -1.58504 | V15: -0.47022 | X15: Afr. and ME | Y15: -48.5 | Z15: -9
J16: 2012 | K16: 3.98688 | L16: 4.79892 | M16: 2.70629 | N16: 2.5012 | O16: 3.62814 | P16: -6.05313 | Q16: -3.49743 | R16: -3.32952 | S16: -1.98796 | T16: -1.3039 | U16: -1.81309 | V16: -0.56341 | X16: Eur. creditors | Y16: 63.2 | Z16: 20
J17: 2013 | K17: 4.38464 | L17: 4.10397 | M17: 2.86511 | N17: 2.60056 | O17: 4.25565 | P17: -6.99318 | Q17: -3.65625 | R17: -2.49378 | S17: -1.91882 | T17: -1.29631 | U17: -1.79175 | V17: -0.56987 | X17: Japan | Y17: 59.8 | Z17: 7
J18: 2014 | K18: 4.55332 | L18: 3.86354 | M18: 3.13999 | N18: 2.03304 | O18: 4.54361 | P18: -8.80813 | Q18: -3.40878 | R18: -2.48801 | S18: -1.85426 | T18: -1.35746 | U18: -1.64871 | V18: -0.59312 | X18: Adv. Asia | Y18: 131 | Z18: 9
J19: 2015 | K19: 4.7242 | L19: 3.7303 | M19: 3.90294 | N19: 2.24288 | O19: 4.68304 | P19: -9.99014 | Q19: -3.34963 | R19: -1.8524 | S19: -1.54675 | T19: -1.34305 | U19: -1.47892 | V19: -0.58459 | X19: China | Y19: 15 | Z19: -6
J20: 2016 | K20: 5.39765 | L20: 3.83603 | M20: 4.24339 | N20: 2.57837 | O20: 4.38128 | P20: -10.80297 | Q20: -2.89744 | R20: -1.3828 | S20: -1.74369 | T20: -1.31028 | U20: -1.38302 | V20: -0.67793 | X20: Oil exporters | Y20: 79.2 | Z20: -2
J21: 2017 | K21: 6.07972 | L21: 3.62894 | M21: 4.55294 | N21: 2.26393 | O21: 4.27956 | P21: -9.63883 | Q21: -2.96684 | R21: -1.58138 | S21: -1.85061 | T21: -1.33598 | U21: -1.57372 | V21: -0.71711
J22: 2018 | K22: 6.25122 | L22: 3.46342 | M22: 4.61567 | N22: 2.13297 | O22: 4.3497 | P22: -10.72765 | Q22: -2.57467 | R22: -1.67514 | S22: -1.76971 | T22: -1.38562 | U22: -1.35259 | V22: -0.74117
J23: 2019 | K23: 6.71928 | L23: 3.63709 | M23: 4.80185 | N23: 2.15482 | O23: 4.42668 | P23: -11.00844 | Q23: -2.38894 | R23: -1.86433 | S23: -1.86808 | T23: -1.45583 | U23: -1.33406 | V23: -0.79488
J24: 2020 | K24: 6.89438 | L24: 3.70464 | M24: 4.81902 | N24: 2.08404 | O24: 4.33649 | P24: -11.03958 | Q24: -2.16386 | R24: -2.00163 | S24: -1.83984 | T24: -1.48375 | U24: -1.28558 | V24: -0.82205
J25: 2021 | K25: 7.05299 | L25: 3.77382 | M25: 4.83308 | N25: 1.99616 | O25: 4.23641 | P25: -11.09889 | Q25: -1.96018 | R25: -2.11272 | S25: -1.81209 | T25: -1.52669 | U25: -1.24843 | V25: -0.84417
J26: 2022 | K26: 7.18751 | L26: 3.84612 | M26: 4.83822 | N26: 1.88604 | O26: 4.13053 | P26: -11.10423 | Q26: -1.77507 | R26: -2.22486 | S26: -1.79827 | T26: -1.57356 | U26: -1.22624 | V26: -0.86232
J27: 2023 | K27: 7.30647 | L27: 3.92225 | M27: 4.82623 | N27: 1.76891 | O27: 4.0223 | P27: -11.07746 | Q27: -1.60777 | R27: -2.34079 | S27: -1.78192 | T27: -1.63292 | U27: -1.20885 | V27: -0.87711
J28: 2024 | K28: 7.47195 | L28: 4.03133 | M28: 4.84898 | N28: 1.65436 | O28: 3.93857 | P28: -10.95507 | Q28: -1.46057 | R28: -2.45546 | S28: -1.75827 | T28: -1.69514 | U28: -1.19929 | V28: -0.88977

Sheet Figure 1.19.
J2: Figure 1.19. Policy Uncertainty and Trade Tensions
J3: (Index)
K8: Global economic policy uncertainty (PPP weight) | L8: US trade policy uncertainty
J9: 2016M1 | K9: 155.12601 | L9: 39.558596
J10: 2016M2 | K10: 165.49912 | L10: 30.522187
J11: 2016M3 | K11: 177.66709 | L11: 43.236752
J12: 2016M4 | K12: 151.98573 | L12: 20.132682
J13: 2016M5 | K13: 138.09481 | L13: 48.528351
J14: 2016M6 | K14: 248.92194 | L14: 143.01287
J15: 2016M7 | K15: 265.72245 | L15: 84.404204
J16: 2016M8 | K16: 156.60108 | L16: 156.77015
J17: 2016M9 | K17: 171.98744 | L17: 62.758027
J18: 2016M10 | K18: 141.07364 | L18: 71.257724
J19: 2016M11 | K19: 268.13509 | L19: 325.79209
J20: 2016M12 | K20: 281.25249 | L20: 105.52744
... J46: 2019M2 | K46: 266.59773 | L46: 138.55944

Sheet Figure 1.20.
J2: Figure 1.20. Geopolitical Risk Index
J3: (Index)
J7: 2010M1 | K7: 97.52
J8: 2010M2 | K8: 59.5
J9: 2010M3 | K9: 44.62
J10: 2010M4 | K10: 55.61
J11: 2010M5 | K11: 64
J12: 2010M6 | K12: 54.62
J13: 2010M7 | K13: 56.54
J14: 2010M8 | K14: 43.87
J15: 2010M9 | K15: 63.94
J16: 2010M10 | K16: 69
J17: 2010M11 | K17: 79.51
J18: 2010M12 | K18: 72.65
... J20: 2011M2 | K20: 71.97
J21: 2011M3 | K21: 124.42 | L21: Arab Spring: Syrian and Libyan wars
J22: 2011M4 | K22: 63.11
J23: 2011M5 | K23: 73.72
J24: 2011M6 | K24: 58.55
J25: 2011M7 | K25: 41.91
J26: 2011M8 | K26: 40.51
J27: 2011M9 | K27: 45.35
J28: 2011M10 | K28: 48.77
J29: 2011M11 | K29: 63.18
J30: 2011M12 | K30: 45.32
J31: 2012M1 | K31: 57.87
J32: 2012M2 | K32: 70.53
J33: 2012M3 | K33: 77.72
... J50: 2013M8 | K50: 99.42
J51: 2013M9 | K51: 142.63 | L51: Syrian civil war escalation
J52: 2013M10 | K52: 59.17
J53: 2013M11 | K53: 61.48
J54: 2013M12 | K54: 63.22
J55: 2014M1 | K55: 59.41
J56: 2014M2 | K56: 57.64
J57: 2014M3 | K57: 147.75 | L57: Russian actions in Crimea
J58: 2014M4 | K58: 89.73
J59: 2014M5 | K59: 79.57
J60: 2014M6 | K60: 105.31
J61: 2014M7 | K61: 148.75
J62: 2014M8 | K62: 200.82
J63: 2014M9 | K63: 220.4
J64: 2014M10 | K64: 133.12
J65: 2014M11 | K65: 102.18
J66: 2014M12 | K66: 88.06
J67: 2015M1 | K67: 128.85 | L67: ISIS escalation
J68: 2015M2 | K68: 119.59
J69: 2015M3 | K69: 96.32
J70: 2015M4 | K70: 101.3
J71: 2015M5 | K71: 86.28
J72: 2015M6 | K72: 79.38
J73: 2015M7 | K73: 104.67
J74: 2015M8 | K74: 87.28
J75: 2015M9 | K75: 77.4
J76: 2015M10 | K76: 75.74
J77: 2015M11 | K77: 237.08 | L77: Paris attacks
J78: 2015M12 | K78: 165.84
J79: 2016M1 | K79: 142.45
J80: 2016M2 | K80: 89.63
J81: 2016M3 | K81: 96.45
J82: 2016M4 | K82: 85.05
J83: 2016M5 | K83: 83.03
J84: 2016M6 | K84: 121.16
J85: 2016M7 | K85: 128.39
J86: 2016M8 | K86: 104.33
J87: 2016M9 | K87: 88.79
J88: 2016M10 | K88: 82.86
J89: 2016M11 | K89: 105.26
... J116: 2019M2 | K116: 135.58

Sheet Figure 1.21.
J2: Figure 1.21. Risks to the Global Outlook
J5: 1. Prospects for World GDP Growth | U5: 2. Balance of Risks Associated with Selected Risk Factors | AB5: 3. Dispersion of Forecasts and Implied Volatility | AI5: 4. Dispersion of Forecasts and Implied Volatility
J6: (Percent change) | U6: (Coefficient of skewness expressed in units of the underlying variables)
K8: 90 percent confidence interval - low | L8: 70 percent confidence interval - low | M8: 50 percent confidence interval - low | N8: WEO baseline | O8: 50 percent confidence interval - high | P8: 70 percent confidence interval - high | Q8: 90 percent confidence interval - high | R8: 90 percent confidence interval from April 2018 WEO - low | S8: 90 percent confidence interval from April 2018 WEO - high | V8: Current year | W8: Next year | AC8: GDP | AD8: GDP average since 2000 | AE8: VIX | AF8: VIX average since 2000 | AJ8: Term spread | AK8: Term spread average since 2000 | AL8: Oil | AM8: Oil average since 2000
J9: 2016 | K9: 3.3718329 | L9: 3.3718329 | M9: 3.3718329 | N9: 3.3718329 | O9: 3.3718329 | P9: 3.3718329 | Q9: 3.3718329 | U9: Term spread | V9: 0.2 | W9: 0.9 | AB9: 2006M1 | AC9: 0.367 | AD9: 0.36 | AE9: 12.95 | AF9: 19.678 | AI9: 2006M1 | AJ9: 0.152 | AK9: 0.18 | AM9: 37.163
J10: 2017 | K10: 3.7890017 | L10: 3.7890017 | M10: 3.7890017 | N10: 3.7890017 | O10: 3.7890017 | P10: 3.7890017 | Q10: 3.7890017 | U10: S&P 500 | V10: 0.52 | W10: 0.77 | AB10: 2006M2 | AC10: 0.393 | AD10: 0.36 | AE10: 12.34 | AF10: 19.678 | AI10: 2006M2 | AJ10: 0.154 | AK10: 0.18 | AM10: 37.163
J11: 2018 | K11: 3.6025754 | L11: 3.6025754 | M11: 3.6025754 | N11: 3.6025754 | O11: 3.6025754 | P11: 3.6025754 | Q11: 3.6025754 | R11: 3.6025754 | S11: 3.6025754 | U11: Inflation risk | V11: -0.14 | W11: -0.01 | AB11: 2006M3 | AC11: 0.334 | AD11: 0.36 | AE11: 11.39 | AF11: 19.678 | AI11: 2006M3 | AJ11: 0.16 | AK11: 0.18 | AM11: 37.163
J12: 2019 | K12: 2.5167737 | L12: 2.8168457 | M12: 2.9953559 | N12: 3.3280133 | O12: 3.4770143 | P12: 3.556971 | Q12: 3.6913766 | R12: 2.7770133 | S12: 3.9990133 | U12: Oil market risks | V12: -0.75 | W12: -1.24 | AB12: 2006M4 | AC12: 0.376 | AD12: 0.36 | AE12: 11.59 | AF12: 19.678 | AI12: 2006M4 | AJ12: 0.153 | AK12: 0.18 | AM12: 37.163
J13: 2020 | K13: 1.7508616 | L13: 2.4374676 | M13: 2.8459233 | N13: 3.6070892 | O13: 4.180864 | P13: 4.4887622 | Q13: 5.0063331 | R13: 1.7310892 | S13: 5.0190892 | AB13: 2006M5 | AC13: 0.339 | AD13: 0.36 | AE13: 16.44 | AF13: 19.678 | AI13: 2006M5 | AJ13: 0.16 | AK13: 0.18 | AM13: 37.163
AB14: 2006M6 | AC14: 0.316 | AD14: 0.36 | AE14: 13.08 | AF14: 19.678 | AI14: 2006M6 | AJ14: 0.151 | AK14: 0.18 | AM14: 37.163
AB15: 2006M7 | AC15: 0.33 | AD15: 0.36 | AE15: 14.95 | AF15: 19.678 | AI15: 2006M7 | AJ15: 0.172 | AK15: 0.18 | AM15: 37.163
AB16: 2006M8 | AC16: 0.347 | AD16: 0.36 | AE16: 12.31 | AF16: 19.678 | AI16: 2006M8 | AJ16: 0.143 | AK16: 0.18 | AM16: 37.163
AB17: 2006M9 | AC17: 0.338 | AD17: 0.36 | AE17: 11.98 | AF17: 19.678 | AI17: 2006M9 | AJ17: 0.143 | AK17: 0.18 | AM17: 37.163
AB18: 2006M10 | AC18: 0.351 | AD18: 0.36 | AE18: 11.1 | AF18: 19.678 | AI18: 2006M10 | AJ18: 0.152 | AK18: 0.18 | AM18: 37.163
AB19: 2006M11 | AC19: 0.378 | AD19: 0.36 | AE19: 10.91 | AF19: 19.678 | AI19: 2006M11 | AJ19: 0.146 | AK19: 0.18 | AM19: 37.163
AB20: 2006M12 | AC20: 0.316 | AD20: 0.36 | AE20: 11.56 | AF20: 19.678 | AI20: 2006M12 | AJ20: 0.15 | AK20: 0.18 | AM20: 37.163
AB21: 2007M1 | AC21: 0.283 | AD21: 0.36 | AE21: 10.42 | AF21: 19.678 | AI21: 2007M1 | AJ21: 0.143 | AK21: 0.18 | AM21: 37.163
AB22: 2007M2 | AC22: 0.302 | AD22: 0.36 | AE22: 15.42 | AF22: 19.678 | AI22: 2007M2 | AJ22: 0.165 | AK22: 0.18 | AM22: 37.163
AB23: 2007M3 | AC23: 0.318 | AD23: 0.36 | AE23: 14.64 | AF23: 19.678 | AI23: 2007M3 | AJ23: 0.147 | AK23: 0.18 | AM23: 37.163
AB24: 2007M4 | AC24: 0.38 | AD24: 0.36 | AE24: 14.22 | AF24: 19.678 | AI24: 2007M4 | AJ24: 0.13 | AK24: 0.18 | AM24: 37.163
AB25: 2007M5 | AC25: 0.368 | AD25: 0.36 | AE25: 13.05 | AF25: 19.678 | AI25: 2007M5 | AJ25: 0.138 | AK25: 0.18 | AL25: 28.44 | AM25: 37.163
AB26: 2007M6 | AC26: 0.378 | AD26: 0.36 | AE26: 16.23 | AF26: 19.678 | AI26: 2007M6 | AJ26: 0.143 | AK26: 0.18 | AL26: 27.44 | AM26: 37.163
AB27: 2007M7 | AC27: 0.357 | AD27: 0.36 | AE27: 23.52 | AF27: 19.678 | AI27: 2007M7 | AJ27: 0.134 | AK27: 0.18 | AL27: 30.69 | AM27: 37.163
AB28: 2007M8 | AC28: 0.379 | AD28: 0.36 | AE28: 23.38 | AF28: 19.678 | AI28: 2007M8 | AJ28: 0.121 | AK28: 0.18 | AL28: 28.86 | AM28: 37.163
AB29: 2007M9 | AC29: 0.401 | AD29: 0.36 | AE29: 18 | AF29: 19.678 | AI29: 2007M9 | AJ29: 0.114 | AK29: 0.18 | AL29: 29.32 | AM29: 37.163
AB30: 2007M10 | AC30: 0.42 | AD30: 0.36 | AE30: 18.53 | AF30: 19.678 | AI30: 2007M10 | AJ30: 0.122 | AK30: 0.18 | AL30: 37.46 | AM30: 37.163
AB31: 2007M11 | AC31: 0.406 | AD31: 0.36 | AE31: 22.87 | AF31: 19.678 | AI31: 2007M11 | AJ31: 0.121 | AK31: 0.18 | AL31: 37.26 | AM31: 37.163
AB32: 2007M12 | AC32: 0.474 | AD32: 0.36 | AE32: 22.5 | AF32: 19.678 | AI32: 2007M12 | AJ32: 0.132 | AK32: 0.18 | AL32: 36.35 | AM32: 37.163
AB33: 2008M1 | AC33: 0.384 | AD33: 0.36 | AE33: 26.2 | AF33: 19.678 | AI33: 2008M1 | AJ33: 0.171 | AK33: 0.18 | AL33: 30.24 | AM33: 37.163
AB34: 2008M2 | AC34: 0.388 | AD34: 0.36 | AE34: 26.54 | AF34: 19.678 | AI34: 2008M2 | AJ34: 0.18 | AK34: 0.18 | AL34: 34.82 | AM34: 37.163
AB35: 2008M3 | AC35: 0.387 | AD35: 0.36 | AE35: 25.61 | AF35: 19.678 | AI35: 2008M3 | AJ35: 0.192 | AK35: 0.18 | AL35: 39.32 | AM35: 37.163
AB36: 2008M4 | AC36: 0.406 | AD36: 0.36 | AE36: 20.79 | AF36: 19.678 | AI36: 2008M4 | AJ36: 0.199 | AK36: 0.18 | AL36: 38.52 | AM36: 37.163
... AB166: 2019M2 | AC166: 0.206 | AD166: 0.36 | AE166: 14.78 | AF166: 19.679 | AI166: 2019M2 | AJ166: 0.107 | AK166: 0.18 | AL166: 30.27 | AM166: 37.163

Sheet Scenario Figure 1.
J2: Scenario Figure 1. Real GDP in Brexit Scenario
J3: (Percent deviation from control, unless noted otherwise)
J5: 1. United Kingdom | P5: 2. European union excluding United Kingdom | T5: 3. World
J6: (Index, 2015 = 100)
K8: WEO April 2019 | L8: WEO April 2016 | M8: Scenario A | N8: Scenario B | Q8: Scenario A | R8: Scenario B | U8: Scenario A | V8: Scenario B
J9: 2015 | K9: 100 | L9: 100 | P9: 2018 | Q9: 0 | R9: 0 | T9: 2018 | U9: 0 | V9: 0
J10: 2016 | K10: 101.79 | L10: 101.89 | P10: 2019 | Q10: -0.11 | R10: -0.39 | T10: 2019 | U10: -0.04 | V10: -0.23
J11: 2017 | K11: 103.64 | L11: 104.16 | P11: 2020 | Q11: -0.39 | R11: -0.65 | T11: 2020 | U11: -0.13 | V11: -0.26
J12: 2018 | K12: 105.1 | L12: 106.46 | M12: 105.1 | N12: 105.1 | P12: 2021 | Q12: -0.47 | R12: -0.63 | T12: 2021 | U12: -0.17 | V12: -0.23
J13: 2019 | K13: 106.39 | L13: 108.73 | M13: 104.66 | N13: 102.22 | P13: 2022 | Q13: -0.47 | R13: -0.55 | T13: 2022 | U13: -0.18 | V13: -0.19
J14: 2020 | K14: 107.87 | L14: 111.02 | M14: 103.98 | N14: 102.81 | P14: 2023 | Q14: -0.41 | R14: -0.42 | T14: 2023 | U14: -0.16 | V14: -0.16
J15: 2021 | K15: 109.48 | M15: 105.68 | N15: 105.17
J16: 2022 | K16: 111.2 | M16: 108.67 | N16: 108.48
J17: 2023 | K17: 112.97 | M17: 111.47 | N17: 111.38

Sheet Scenario Figure 2.
J2: Scenario Figure 2. Brexit Long-Term Real GDP Effects
J3: (Percent deviation from April 2019 WEO baseline)
K7: Long-term trade effects | L7: Long-term immigration effects
J8: United Kingdom | K8: -2.3 | L8: -0.55
J9: European Union excluding United Kingdom | K9: -0.41 | L9: 0.1
J10: World | K10: -0.11 | L10: 0

Sheet Figure 1.1.1.
M2: Figure 1.1.1. Labor Market Dynamics in Selected Advanced Economies
M3: (Percent)
M5: 1. United States | Q5: 2. United States | T5: 3. United States | X5: 4. Germany | AB5: 5. Germany | AE5: 6. Germany | AI5: 7. United Kingdom | AM5: 8. United Kingdom | AP5: 9. United Kingdom | AT5: 10. Japan | AX5: 11. Japan | BA5: 12. Japan
N8: Unemployment rate | O8: Involuntary part-time employment share (RHS) | R8: Labor force participation rate (15–64 years) | U8: Wage growth rate (yoy) | V8: Unit labor cost growth rate (yoy, RHS) | Y8: Unemployment rate | Z8: Involuntary part-time employment share (RHS) | AC8: Labor force participation rate (15–64 years) | AF8: Wage growth rate (yoy) | AG8: Unit labor cost growth rate (yoy, RHS) | AJ8: Unemployment rate | AK8: Involuntary part-time employment share (RHS) | AN8: Labor force participation rate (15–64 years) | AQ8: Wage growth rate (yoy) | AR8: Unit labor cost growth rate (yoy, RHS) | AU8: Unemployment rate | AV8: Involuntary part-time employment share (RHS) | AY8: Labor force participation rate (15–64 years) | BB8: Wage growth rate (yoy) | BC8: Unit labor cost growth rate (yoy, RHS)
M9: 2000Q1 | N9: 4.0333333 | O9: 0.73279649 | Q9: 2000Q1 | R9: 77.3 | T9: 2000Q1 | U9: 4.8 | V9: 3.357242 | X9: 2000Q1 | Y9: 8.1333333 | Z9: 2.335087 | AB9: 2000Q1 | AE9: 2000Q1 | AF9: 1.575689 | AG9: -1.45443 | AI9: 2000Q1 | AJ9: 5.6666667 | AK9: 2.507393 | AM9: 2000Q1 | AN9: 75.4 | AP9: 2000Q1 | AT9: 2000Q1 | AU9: 4.8333333 | AX9: 2000Q1 | AY9: 72.3 | BA9: 2000Q1 | BB9: 0.1929182 | BC9: -3.125625
M10: 2000Q2 | N10: 3.9333333 | O10: 0.72997322 | Q10: 2000Q2 | R10: 77.333333 | T10: 2000Q2 | U10: 4.933333 | V10: 2.44573 | X10: 2000Q2 | Y10: 8 | Z10: 2.355585 | AB10: 2000Q2 | AE10: 2000Q2 | AF10: 2.33463 | AG10: -1.667406 | AI10: 2000Q2 | AJ10: 5.4666667 | AK10: 2.455981 | AM10: 2000Q2 | AN10: 75.5 | AP10: 2000Q2 | AT10: 2000Q2 | AU10: 4.7 | AX10: 2000Q2 | AY10: 72.433333 | BA10: 2000Q2 | BB10: 0.7418759 | BC10: -2.163873
M11: 2000Q3 | N11: 4 | O11: 0.64789076 | Q11: 2000Q3 | R11: 77.033333 | T11: 2000Q3 | U11: 5.133333 | V11: 3.379695 | X11: 2000Q3 | Y11: 7.9 | Z11: 2.376083 | AB11: 2000Q3 | AE11: 2000Q3 | AF11: 3.050472 | AG11: 0.2871909 | AI11: 2000Q3 | AJ11: 5.2666667 | AK11: 2.40457 | AM11: 2000Q3 | AN11: 75.5 | AP11: 2000Q3 | AT11: 2000Q3 | AU11: 4.6666667 | AX11: 2000Q3 | AY11: 72.4 | BA11: 2000Q3 | BB11: 0.0377279 | BC11: -2.535033
M12: 2000Q4 | N12: 3.9 | O12: 0.65938334 | Q12: 2000Q4 | R12: 77.1 | T12: 2000Q4 | U12: 5.333333 | V12: 4.627665 | X12: 2000Q4 | Y12: 7.7666667 | Z12: 2.39658 | AB12: 2000Q4 | AE12: 2000Q4 | AF12: 4.52514 | AG12: 3.106916 | AI12: 2000Q4 | AJ12: 5.1333333 | AK12: 2.353159 | AM12: 2000Q4 | AN12: 75.3 | AP12: 2000Q4 | AT12: 2000Q4 | AU12: 4.7333333 | AX12: 2000Q4 | AY12: 72.733333 | BA12: 2000Q4 | BB12: -0.2075831 | BC12: -3.21243
M13: 2001Q1 | N13: 4.2333333 | O13: 0.67199225 | Q13: 2001Q1 | R13: 77.133333 | T13: 2001Q1 | U13: 5.333333 | V13: 3.788082 | X13: 2001Q1 | Y13: 7.6666667 | Z13: 2.417078 | AB13: 2001Q1 | AE13: 2001Q1 | AF13: 3.490305 | AG13: 1.519876 | AI13: 2001Q1 | AJ13: 4.9666667 | AK13: 2.301748 | AM13: 2001Q1 | AN13: 75.4 | AP13: 2001Q1 | AQ13: 6.2 | AR13: 4.70421 | AT13: 2001Q1 | AU13: 4.7666667 | AX13: 2001Q1 | AY13: 72.766667 | BA13: 2001Q1 | BB13: -0.2940622 | BC13: -1.703967
M14: 2001Q2 | N14: 4.4 | O14: 0.70094821 | Q14: 2001Q2 | R14: 76.8 | T14: 2001Q2 | U14: 5.2 | V14: 4.206849 | X14: 2001Q2 | Y14: 7.6666667 | Z14: 2.449885 | AB14: 2001Q2 | AE14: 2001Q2 | AF14: 2.715915 | AG14: 1.647305 | AI14: 2001Q2 | AJ14: 4.9 | AK14: 2.25307 | AM14: 2001Q2 | AN14: 75.2 | AP14: 2001Q2 | AQ14: 5.633333 | AR14: 3.877869 | AT14: 2001Q2 | AU14: 4.9 | AX14: 2001Q2 | AY14: 72.633333 | BA14: 2001Q2 | BB14: -0.865949 | BC14: -2.311945
M15: 2001Q3 | N15: 4.8333333 | O15: 0.73591807 | Q15: 2001Q3 | R15: 76.633333 | T15: 2001Q3 | U15: 5.1 | V15: 4.591743 | X15: 2001Q3 | Y15: 7.8333333 | Z15: 2.482692 | AB15: 2001Q3 | AE15: 2001Q3 | AF15: 2.152853 | AG15: 0.8779145 | AI15: 2001Q3 | AJ15: 5.0333333 | AK15: 2.204392 | AM15: 2001Q3 | AN15: 75.2 | AP15: 2001Q3 | AQ15: 5.066667 | AR15: 2.549244 | AT15: 2001Q3 | AU15: 5.1333333 | AX15: 2001Q3 | AY15: 72.466667 | BA15: 2001Q3 | BB15: -1.700673 | BC15: -2.44643
M16: 2001Q4 | N16: 5.5 | O16: 0.83553598 | Q16: 2001Q4 | R16: 76.633333 | T16: 2001Q4 | U16: 5 | V16: 3.987445 | X16: 2001Q4 | Y16: 8.0333333 | Z16: 2.515499 | AB16: 2001Q4 | AE16: 2001Q4 | AF16: 2.725815 | AG16: 0.9904881 | AI16: 2001Q4 | AJ16: 5.0666667 | AK16: 2.155714 | AM16: 2001Q4 | AN16: 75.3 | AP16: 2001Q4 | AQ16: 4.433333 | AR16: 1.992738 | AT16: 2001Q4 | AU16: 5.3666667 | AX16: 2001Q4 | AY16: 72.433333 | BA16: 2001Q4 | BB16: -2.53352 | BC16: -2.589657
M17: 2002Q1 | N17: 5.7 | O17: 0.79867744 | Q17: 2002Q1 | R17: 76.5 | T17: 2002Q1 | U17: 4.733333 | V17: 2.155463 | X17: 2002Q1 | Y17: 8.1666667 | Z17: 2.548306 | AB17: 2002Q1 | AE17: 2002Q1 | AF17: 2.944325 | AG17: 2.790715 | AI17: 2002Q1 | AJ17: 5.1 | AK17: 2.107036 | AM17: 2002Q1 | AN17: 75.1 | AP17: 2002Q1 | AQ17: 3.4 | AR17: 1.538648 | AT17: 2002Q1 | AU17: 5.2666667 | AV17: 5.298869 | AX17: 2002Q1 | AY17: 72.366667 | BA17: 2002Q1 | BB17: -2.577761 | BC17: -2.355347
M18: 2002Q2 | N18: 5.8333333 | O18: 0.81378299 | Q18: 2002Q2 | R18: 76.466667 | T18: 2002Q2 | U18: 4.3 | V18: 2.374703 | X18: 2002Q2 | Y18: 8.4 | Z18: 2.685101 | AB18: 2002Q2 | AE18: 2002Q2 | AF18: 1.057642 | AG18: 0.4301756 | AI18: 2002Q2 | AJ18: 5.1333333 | AK18: 2.103633 | AM18: 2002Q2 | AN18: 75.3 | AP18: 2002Q2 | AQ18: 3.366667 | AR18: 1.82198 | AT18: 2002Q2 | AU18: 5.4 | AV18: 5.301657 | AX18: 2002Q2 | AY18: 72.166667 | BA18: 2002Q2 | BB18: -2.922663 | BC18: -4.001698
M19: 2002Q3 | N19: 5.7333333 | O19: 0.83747563 | Q19: 2002Q3 | R19: 76.366667 | T19: 2002Q3 | U19: 4 | V19: 1.811938 | X19: 2002Q3 | Y19: 8.7333333 | Z19: 2.821896 | AB19: 2002Q3 | AE19: 2002Q3 | AF19: 1.738672 | AG19: 0.188619 | AI19: 2002Q3 | AJ19: 5.2 | AK19: 2.100231 | AM19: 2002Q3 | AN19: 75.4 | AP19: 2002Q3 | AQ19: 3.566667 | AR19: 1.983768 | AT19: 2002Q3 | AU19: 5.4333333 | AV19: 5.304445 | AX19: 2002Q3 | AY19: 72.333333 | BA19: 2002Q3 | BB19: -3.542202 | BC19: -5.534437
M20: 2002Q4 | N20: 5.8666667 | O20: 0.84711046 | Q20: 2002Q4 | R20: 76.2 | T20: 2002Q4 | U20: 3.633333 | V20: 1.824656 | X20: 2002Q4 | Y20: 9.1 | Z20: 2.958691 | AB20: 2002Q4 | AE20: 2002Q4 | AF20: 2.081166 | AG20: 0.7835115 | AI20: 2002Q4 | AJ20: 5.0666667 | AK20: 2.096828 | AM20: 2002Q4 | AN20: 75.5 | AP20: 2002Q4 | AQ20: 2.866667 | AR20: 1.152013 | AT20: 2002Q4 | AU20: 5.3333333 | AV20: 5.307233 | AX20: 2002Q4 | AY20: 72.333333 | BA20: 2002Q4 | BB20: -1.793944 | BC20: -4.30863
M21: 2003Q1 | N21: 5.8666667 | O21: 0.90295973 | Q21: 2003Q1 | R21: 75.966667 | T21: 2003Q1 | U21: 3.766667 | V21: 2.964099 | X21: 2003Q1 | Y21: 9.5 | Z21: 3.095485 | AB21: 2003Q1 | AE21: 2003Q1 | AF21: 1.404056 | AG21: 0.9402631 | AI21: 2003Q1 | AJ21: 5.0666667 | AK21: 2.093426 | AM21: 2003Q1 | AN21: 75.2 | AP21: 2003Q1 | AQ21: 2.666667 | AR21: 0.7547209 | AT21: 2003Q1 | AU21: 5.3333333 | AV21: 5.310021 | AX21: 2003Q1 | AY21: 72.3 | BA21: 2003Q1 | BB21: -0.9738138 | BC21: -3.050714
M22: 2003Q2 | N22: 6.1333333 | O22: 0.91164367 | Q22: 2003Q2 | R22: 76 | T22: 2003Q2 | U22: 3.533333 | V22: 2.439206 | X22: 2003Q2 | Y22: 9.7333333 | Z22: 3.19917 | AB22: 2003Q2 | AE22: 2003Q2 | AF22: 2.564103 | AG22: 2.283875 | AI22: 2003Q2 | AJ22: 4.9333333 | AK22: 2.05683 | AM22: 2003Q2 | AN22: 75.4 | AP22: 2003Q2 | AQ22: 3.033333 | AR22: 0.7895481 | AT22: 2003Q2 | AU22: 5.4333333 | AV22: 5.251305 | AX22: 2003Q2 | AY22: 72.366667 | BA22: 2003Q2 | BB22: 0.4538687 | BC22: -0.7860657
M23: 2003Q3 | N23: 6.1333333 | O23: 0.92630303 | Q23: 2003Q3 | R23: 75.7 | T23: 2003Q3 | U23: 3.566667 | V23: 0.7967384 | X23: 2003Q3 | Y23: 9.8 | Z23: 3.302854 | AB23: 2003Q3 | AE23: 2003Q3 | AF23: 1.657172 | AG23: 1.539972 | AI23: 2003Q3 | AJ23: 4.9666667 | AK23: 2.020235 | AM23: 2003Q3 | AN23: 75.3 | AP23: 2003Q3 | AQ23: 2.9 | AR23: 0.4949458 | AT23: 2003Q3 | AU23: 5.1666667 | AV23: 5.192589 | AX23: 2003Q3 | AY23: 72.266667 | BA23: 2003Q3 | BB23: -1.524207 | BC23: -2.886704
M24: 2003Q4 | N24: 5.8333333 | O24: 0.97228248 | Q24: 2003Q4 | R24: 75.533333 | T24: 2003Q4 | U24: 3.333333 | V24: 0.2233256 | X24: 2003Q4 | Y24: 9.8 | Z24: 3.406538 | AB24: 2003Q4 | AE24: 2003Q4 | AF24: 1.019368 | AG24: 0.6563014 | AI24: 2003Q4 | AJ24: 4.8666667 | AK24: 1.983639 | AM24: 2003Q4 | AN24: 75.3 | AP24: 2003Q4 | AQ24: 3.7 | AR24: 0.9055989 | AT24: 2003Q4 | AU24: 5.0333333 | AV24: 5.133873 | AX24: 2003Q4 | AY24: 72.366667 | BA24: 2003Q4 | BB24: -1.041841 | BC24: -3.203865
M25: 2004Q1 | N25: 5.7 | O25: 1.0233454 | Q25: 2004Q1 | R25: 75.5 | T25: 2004Q1 | U25: 3.366667 | V25: -0.1459457 | X25: 2004Q1 | Y25: 10.066667 | Z25: 3.510222 | AB25: 2004Q1 | AE25: 2004Q1 | AF25: 1.282051 | AG25: -0.4155926 | AI25: 2004Q1 | AJ25: 4.7 | AK25: 1.947043 | AM25: 2004Q1 | AN25: 75.5 | AP25: 2004Q1 | AQ25: 3.833333 | AR25: 1.739656 | AT25: 2004Q1 | AU25: 4.9 | AV25: 5.075158 | AX25: 2004Q1 | AY25: 72.266667 | BA25: 2004Q1 | BB25: -1.640767 | BC25: -4.378399
M26: 2004Q2 | N26: 5.6 | O26: 1.0283177 | Q26: 2004Q2 | R26: 75.433333 | T26: 2004Q2 | U26: 3.366667 | V26: 0.0955126 | X26: 2004Q2 | Y26: 10.3 | Z26: 3.841305 | AB26: 2004Q2 | AE26: 2004Q2 | AF26: 1.479592 | AG26: -0.1037217 | AI26: 2004Q2 | AJ26: 4.7 | AK26: 1.983021 | AM26: 2004Q2 | AN26: 75.3 | AP26: 2004Q2 | AQ26: 4.033333 | AR26: 2.086038 | AT26: 2004Q2 | AU26: 4.7333333 | AV26: 4.97881 | AX26: 2004Q2 | AY26: 72.166667 | BA26: 2004Q2 | BB26: -0.7427742 | BC26: -2.819065
M27: 2004Q3 | N27: 5.4333333 | O27: 0.98876942 | Q27: 2004Q3 | R27: 75.4 | T27: 2004Q3 | U27: 3.533333 | V27: 1.549995 | X27: 2004Q3 | Y27: 10.366667 | Z27: 4.172387 | AB27: 2004Q3 | AE27: 2004Q3 | AF27: 1.222618 | AG27: 0.8250441 | AI27: 2004Q3 | AJ27: 4.6 | AK27: 2.018998 | AM27: 2004Q3 | AN27: 75.1 | AP27: 2004Q3 | AQ27: 4.466667 | AR27: 3.453439 | AT27: 2004Q3 | AU27: 4.7666667 | AV27: 4.882462 | AX27: 2004Q3 | AY27: 72.433333 | BA27: 2004Q3 | BB27: -0.4328968 | BC27: -2.530414
M28: 2004Q4 | N28: 5.4333333 | O28: 1.0030952 | Q28: 2004Q4 | R28: 75.4 | T28: 2004Q4 | U28: 3.666667 | V28: 1.64757 | X28: 2004Q4 | Y28: 10.6 | Z28: 4.503469 | AB28: 2004Q4 | AE28: 2004Q4 | AF28: -0.605449 | AG28: -0.6072065 | AI28: 2004Q4 | AJ28: 4.7 | AK28: 2.054976 | AM28: 2004Q4 | AN28: 75.3 | AP28: 2004Q4 | AQ28: 4.8 | AR28: 4.748182 | AT28: 2004Q4 | AU28: 4.5333333 | AV28: 4.786114 | AX28: 2004Q4 | AY28: 72.266667 | BA28: 2004Q4 | BB28: 0.3015126 | BC28: -0.5762074
M29: 2005Q1 | N29: 5.3 | O29: 0.96676163 | Q29: 2005Q1 | R29: 75.3 | T29: 2005Q1 | U29: 3.566667 | V29: 1.103329 | X29: 2005Q1 | Y29: 10.833333 | Z29: 4.834552 | AB29: 2005Q1 | AC29: 73.5 | AE29: 2005Q1 | AF29: 3.291139 | AG29: 4.080312 | AI29: 2005Q1 | AJ29: 4.6333333 | AK29: 2.090953 | AM29: 2005Q1 | AN29: 75.6 | AP29: 2005Q1 | AQ29: 4.9 | AR29: 4.283388 | AT29: 2005Q1 | AU29: 4.5333333 | AV29: 4.689766 | AX29: 2005Q1 | AY29: 72.433333 | BA29: 2005Q1 | BB29: 0.0018296 | BC29: -0.5199562
M30: 2005Q2 | N30: 5.1 | O30: 0.97008245 | Q30: 2005Q2 | R30: 75.433333 | T30: 2005Q2 | U30: 3.633333 | V30: 1.960133 | X30: 2005Q2 | Y30: 11.2 | Z30: 4.965688 | AB30: 2005Q2 | AC30: 73.9 | AE30: 2005Q2 | AF30: -0.5530418 | AG30: -0.3165517 | AI30: 2005Q2 | AJ30: 4.6666667 | AK30: 2.117416 | AM30: 2005Q2 | AN30: 75.3 | AP30: 2005Q2 | AQ30: 4.466667 | AR30: 3.113668 | AT30: 2005Q2 | AU30: 4.4333333 | AV30: 4.612479 | AX30: 2005Q2 | AY30: 72.6 | BA30: 2005Q2 | BB30: 0.8605434 | BC30: -0.27824
M31: 2005Q3 | N31: 4.9666667 | O31: 0.96462872 | Q31: 2005Q3 | R31: 75.533333 | T31: 2005Q3 | U31: 4.033333 | V31: 2.489584 | X31: 2005Q3 | Y31: 11.166667 | Z31: 5.096824 | AB31: 2005Q3 | AC31: 73.8 | AE31: 2005Q3 | AF31: 0.5535984 | AG31: -0.3820809 | AI31: 2005Q3 | AJ31: 4.7 | AK31: 2.14388 | AM31: 2005Q3 | AN31: 75.3 | AP31: 2005Q3 | AQ31: 4.733333 | AR31: 2.624624 | AT31: 2005Q3 | AU31: 4.3 | AV31: 4.535192 | AX31: 2005Q3 | AY31: 72.866667 | BA31: 2005Q3 | BB31: 0.2975979 | BC31: -0.9930958
M32: 2005Q4 | N32: 4.9666667 | O32: 0.8798504 | Q32: 2005Q4 | R32: 75.366667 | T32: 2005Q4 | U32: 4.133333 | V32: 2.830185 | X32: 2005Q4 | Y32: 10.833333 | Z32: 5.22796 | AB32: 2005Q4 | AC32: 73.9 | AE32: 2005Q4 | AF32: 1.269036 | AG32: 0.478871 | AI32: 2005Q4 | AJ32: 5.1 | AK32: 2.170343 | AM32: 2005Q4 | AN32: 75.4 | AP32: 2005Q4 | AQ32: 4.4 | AR32: 0.3291355 | AT32: 2005Q4 | AU32: 4.4333333 | AV32: 4.457904 | AX32: 2005Q4 | AY32: 72.733333 | BA32: 2005Q4 | BB32: 0.7878463 | BC32: -1.111753
M33: 2006Q1 | N33: 4.7333333 | O33: 0.84077173 | Q33: 2006Q1 | R33: 75.433333 | T33: 2006Q1 | U33: 3.866667 | V33: 2.658324 | X33: 2006Q1 | Y33: 10.5 | Z33: 5.359096 | AB33: 2006Q1 | AC33: 74.7 | AE33: 2006Q1 | AF33: -3.529412 | AG33: -4.767107 | AI33: 2006Q1 | AJ33: 5.2 | AK33: 2.196806 | AM33: 2006Q1 | AN33: 75.6 | AP33: 2006Q1 | AQ33: 4.8 | AR33: 1.577122 | AT33: 2006Q1 | AU33: 4.2 | AV33: 4.380616 | AX33: 2006Q1 | AY33: 73 | BA33: 2006Q1 | BB33: 0.1902449 | BC33: -1.249598
M34: 2006Q2 | N34: 4.6333333 | O34: 0.8068471 | Q34: 2006Q2 | R34: 75.533333 | T34: 2006Q2 | U34: 3.833333 | V34: 2.500838 | X34: 2006Q2 | Y34: 10.2 | Z34: 5.341954 | AB34: 2006Q2 | AC34: 74.9 | AE34: 2006Q2 | AF34: 0.7077857 | AG34: -0.9455244 | AI34: 2006Q2 | AJ34: 5.4 | AK34: 2.249537 | AM34: 2006Q2 | AN34: 75.8 | AP34: 2006Q2 | AQ34: 5.033333 | AR34: 2.862134 | AT34: 2006Q2 | AU34: 4.1333333 | AV34: 4.399146 | AX34: 2006Q2 | AY34: 73.066667 | BA34: 2006Q2 | BB34: 0.6031805 | BC34: -0.7282801
M35: 2006Q3 | N35: 4.6333333 | O35: 0.82191465 | Q35: 2006Q3 | R35: 75.566667 | T35: 2006Q3 | U35: 3.766667 | V35: 2.978094 | X35: 2006Q3 | Y35: 9.9 | Z35: 5.324811 | AB35: 2006Q3 | AC35: 75 | AE35: 2006Q3 | AF35: 0.1501502 | AG35: -1.490317 | AI35: 2006Q3 | AJ35: 5.4 | AK35: 2.302269 | AM35: 2006Q3 | AN35: 75.9 | AP35: 2006Q3 | AQ35: 4.466667 | AR35: 3.259689 | AT35: 2006Q3 | AU35: 4.1 | AV35: 4.417675 | AX35: 2006Q3 | AY35: 73.166667 | BA35: 2006Q3 | BB35: 0.0709865 | BC35: -0.088759
M36: 2006Q4 | N36: 4.4333333 | O36: 0.82440476 | Q36: 2006Q4 | R36: 75.633333 | T36: 2006Q4 | U36: 3.9 | V36: 3.411375 | X36: 2006Q4 | Y36: 9.5666667 | Z36: 5.307669 | AB36: 2006Q4 | AC36: 75.3 | AE36: 2006Q4 | AF36: -0.3508772 | AG36: -3.07493 | AI36: 2006Q4 | AJ36: 5.4 | AK36: 2.355001 | AM36: 2006Q4 | AN36: 75.6 | AP36: 2006Q4 | AQ36: 4.1 | AR36: 4.355528 | AT36: 2006Q4 | AU36: 4.0333333 | AV36: 4.436204 | AX36: 2006Q4 | AY36: 73.166667 | BA36: 2006Q4 | BB36: 0.0208109 | BC36: -0.6184139
M37: 2007Q1 | N37: 4.5 | O37: 0.81633584 | Q37: 2007Q1 | R37: 75.566667 | T37: 2007Q1 | U37: 4.2 | V37: 4.600356 | X37: 2007Q1 | Y37: 9.0333333 | Z37: 5.290527 | AB37: 2007Q1 | AC37: 75.4 | AE37: 2007Q1 | AF37: 0.6605691 | AG37: -1.6732 | AI37: 2007Q1 | AJ37: 5.5 | AK37: 2.407732 | AM37: 2007Q1 | AN37: 75.5 | AP37: 2007Q1 | AQ37: 6.133333 | AR37: 4.943463 | AT37: 2007Q1 | AU37: 4 | AV37: 4.454734 | AX37: 2007Q1 | AY37: 73.433333 | BA37: 2007Q1 | BB37: -0.829291 | BC37: -2.451277
M38: 2007Q2 | N38: 4.5 | O38: 0.83573224 | Q38: 2007Q2 | R38: 75.2 | T38: 2007Q2 | U38: 4.066667 | V38: 3.465652 | X38: 2007Q2 | Y38: 8.6333333 | Z38: 5.3876 | AB38: 2007Q2 | AC38: 75.4 | AE38: 2007Q2 | AF38: 0.9538153 | AG38: -0.2124159 | AI38: 2007Q2 | AJ38: 5.3 | AK38: 2.5522879 | AM38: 2007Q2 | AN38: 75.5 | AP38: 2007Q2 | AQ38: 4.733333 | AR38: 3.291896 | AT38: 2007Q2 | AU38: 3.7666667 | AV38: 4.55118 | AX38: 2007Q2 | AY38: 73.7 | BA38: 2007Q2 | BB38: -0.6656047 | BC38: -1.509991
M39: 2007Q3 | N39: 4.6666667 | O39: 0.82750742 | Q39: 2007Q3 | R39: 75.166667 | T39: 2007Q3 | U39: 4.3 | V39: 3.019672 | X39: 2007Q3 | Y39: 8.4333333 | Z39: 5.484673 | AB39: 2007Q3 | AC39: 75.8 | AE39: 2007Q3 | AF39: 0.9995003 | AG39: 0.056499 | AI39: 2007Q3 | AJ39: 5.2666667 | AK39: 2.6968438 | AM39: 2007Q3 | AN39: 75.5 | AP39: 2007Q3 | AQ39: 4.766667 | AR39: 2.593983 | AT39: 2007Q3 | AU39: 3.7333333 | AV39: 4.647627 | AX39: 2007Q3 | AY39: 73.533333 | BA39: 2007Q3 | BB39: -0.9229769 | BC39: -2.067331
M40: 2007Q4 | N40: 4.8 | O40: 0.83390294 | Q40: 2007Q4 | R40: 75.266667 | T40: 2007Q4 | U40: 4.233333 | V40: 2.683187 | X40: 2007Q4 | Y40: 8.2 | Z40: 5.581746 | AB40: 2007Q4 | AC40: 75.8 | AE40: 2007Q4 | AF40: 2.012072 | AG40: 1.785723 | AI40: 2007Q4 | AJ40: 5.0333333 | AK40: 2.8413996 | AM40: 2007Q4 | AN40: 75.6 | AP40: 2007Q4 | AQ40: 4.5 | AR40: 2.27772 | AT40: 2007Q4 | AU40: 3.8333333 | AV40: 4.744073 | AX40: 2007Q4 | AY40: 73.8 | BA40: 2007Q4 | BB40: -1.110868 | BC40: -1.593788
... M77: 2017Q1 | N77: 4.6 | O77: 1.2140673 | Q77: 2017Q1 | R77: 73.2 | T77: 2017Q1 | U77: 3.266667 | V77: 2.386181 | X77: 2017Q1 | Y77: 3.9 | Z77: 2.962582 | AB77: 2017Q1 | AC77: 78.1 | AE77: 2017Q1 | AF77: 0.5455962 | AG77: -0.5359645 | AI77: 2017Q1 | AJ77: 4.5333333 | AK77: 3.554921 | AM77: 2017Q1 | AN77: 77.5 | AP77: 2017Q1 | AQ77: 2.2 | AR77: 1.585564 | AT77: 2017Q1 | AU77: 2.9 | AV77: 3.971519 | AX77: 2017Q1 | AY77: 77.166667 | BA77: 2017Q1 | BB77: 0.2742217 | BC77: -0.1846801
M78: 2017Q2 | N78: 4.3666667 | O78: 1.1484868 | Q78: 2017Q2 | R78: 73.3 | T78: 2017Q2 | U78: 3.366667 | V78: 2.591453 | X78: 2017Q2 | Y78: 3.8333333 | AB78: 2017Q2 | AC78: 78.2 | AE78: 2017Q2 | AF78: 3.881188 | AG78: 2.543218 | AI78: 2017Q2 | AJ78: 4.3666667 | AM78: 2017Q2 | AN78: 77.7 | AP78: 2017Q2 | AQ78: 2.1 | AR78: 1.239031 | AT78: 2017Q2 | AU78: 2.8666667 | AX78: 2017Q2 | AY78: 77.433333 | BA78: 2017Q2 | BB78: 0.5445238 | BC78: 0.1116235
M79: 2017Q3 | N79: 4.3 | O79: 1.1161682 | Q79: 2017Q3 | R79: 73.466667 | T79: 2017Q3 | U79: 3.433333 | V79: 2.473354 | X79: 2017Q3 | Y79: 3.7 | AB79: 2017Q3 | AC79: 78.3 | AE79: 2017Q3 | AF79: 2.448504 | AG79: 1.127313 | AI79: 2017Q3 | AJ79: 4.2333333 | AM79: 2017Q3 | AN79: 77.4 | AP79: 2017Q3 | AQ79: 2.3 | AR79: 1.374897 | AT79: 2017Q3 | AU79: 2.8 | AX79: 2017Q3 | AY79: 77.7 | BA79: 2017Q3 | BB79: 0.3784277 | BC79: -0.5318564
M80: 2017Q4 | N80: 4.1333333 | O80: 1.0251245 | Q80: 2017Q4 | R80: 73.4 | T80: 2017Q4 | U80: 3.166667 | V80: 1.888632 | X80: 2017Q4 | Y80: 3.6 | AB80: 2017Q4 | AC80: 78.5 | AE80: 2017Q4 | AF80: 2.613374 | AG80: 0.8544216 | AI80: 2017Q4 | AJ80: 4.2333333 | AM80: 2017Q4 | AN80: 77.8 | AP80: 2017Q4 | AQ80: 2.533333 | AR80: 2.114357 | AT80: 2017Q4 | AU80: 2.7333333 | AX80: 2017Q4 | AY80: 77.966667 | BA80: 2017Q4 | BB80: 0.7247801 | BC80: -0.2459954
M81: 2018Q1 | N81: 4.0666667 | O81: 1.0340004 | Q81: 2018Q1 | R81: 73.6 | T81: 2018Q1 | U81: 3.066667 | V81: 2.048583 | X81: 2018Q1 | Y81: 3.5 | AB81: 2018Q1 | AC81: 78.5 | AE81: 2018Q1 | AF81: 3.565892 | AG81: 2.398297 | AI81: 2018Q1 | AJ81: 4.1666667 | AM81: 2018Q1 | AN81: 78 | AP81: 2018Q1 | AQ81: 2.766667 | AR81: 2.938059 | AT81: 2018Q1 | AU81: 2.4666667 | AX81: 2018Q1 | AY81: 78.5 | BA81: 2018Q1 | BB81: 1.11106 | BC81: 2.227376
M82: 2018Q2 | N82: 3.9 | O82: 0.96417846 | Q82: 2018Q2 | R82: 73.6 | T82: 2018Q2 | U82: 3.233333 | V82: 1.867087 | X82: 2018Q2 | Y82: 3.4 | AB82: 2018Q2 | AC82: 78.5 | AE82: 2018Q2 | AF82: 1.944339 | AG82: 0.3507292 | AI82: 2018Q2 | AJ82: 3.9666667 | AM82: 2018Q2 | AN82: 77.8 | AP82: 2018Q2 | AQ82: 2.533333 | AR82: 2.288144 | AT82: 2018Q2 | AU82: 2.3666667 | AX82: 2018Q2 | AY82: 78.7 | BA82: 2018Q2 | BB82: 1.475492 | BC82: 2.264623
M83: 2018Q3 | N83: 3.8 | O83: 0.91848524 | Q83: 2018Q3 | R83: 73.466667 | T83: 2018Q3 | U83: 3.433333 | V83: 1.775151 | X83: 2018Q3 | Y83: 3.3666667 | AB83: 2018Q3 | AC83: 78.8 | AE83: 2018Q3 | AF83: 3.034901 | AG83: 1.859564 | AI83: 2018Q3 | AJ83: 4.0666667 | AM83: 2018Q3 | AN83: 77.7 | AP83: 2018Q3 | AQ83: 2.833333 | AR83: 2.435276 | AT83: 2018Q3 | AU83: 2.4 | AX83: 2018Q3 | AY83: 78.866667 | BA83: 2018Q3 | BB83: 0.8764856 | BC83: 2.48321
M84: 2018Q4 | N84: 3.8 | O84: 0.96081475 | Q84: 2018Q4 | R84: 73.866667 | T84: 2018Q4 | U84: 3.8 | X84: 2018Q4 | Y84: 3.3 | AB84: 2018Q4 | AE84: 2018Q4 | AI84: 2018Q4 | AM84: 2018Q4 | AP84: 2018Q4 | AQ84: 3.35 | AT84: 2018Q4 | AU84: 2.4333333 | AX84: 2018Q4 | AY84: 79.3 | BA84: 2018Q4 | BB84: 1.370577

Sheet Figure 1.3.1.
J2: Figure 1.3.1. Regional Disparities in GDP per Capita
J5: 1. Regional Disparities in AEs | O5: 2. Regional Disparities in EMs | T5: 3. Regional Disparities over Time
J6: (National average = 100) | O6: (National average = 100) | T6: (GDP per capita in richest region/GDP per capita in poorest region)
K8: Region at 10th percentile, 2013 | L8: Region at 90th percentile, 2013 | M8: Average | P8: Region at 10th percentile, 2013 | Q8: Region at 90th percentile, 2013 | R8: Average | U8: Advanced economies | V8: Emerging markets (right scale)
J9: SVN | K9: 83 | L9: 119 | M9: 100 | O9: POL | P9: 72 | Q9: 112 | R9: 100 | T9: 1964 | U9: 2.73
J10: KOR | K10: 82 | L10: 119 | M10: 100 | O10: BGR | P10: 63 | Q10: 161 | R10: 100 | T10: 1965 | U10: 2.76
J11: GBR | K11: 73 | L11: 108 | M11: 100 | O11: HUN | P11: 61 | Q11: 161 | R11: 100 | T11: 1966 | U11: 2.76
J12: GRC | K12: 71 | L12: 108 | M12: 100 | O12: CHL | P12: 53 | Q12: 157 | R12: 100 | T12: 1967 | U12: 2.79
J13: FRA | K13: 62 | L13: 96 | M13: 100 | O13: BRA | P13: 43 | Q13: 145 | R13: 100 | T13: 1968 | U13: 2.82
J14: FIN | K14: 82 | L14: 132 | M14: 100 | O14: RUS | P14: 39 | Q14: 147 | R14: 100 | T14: 1969 | U14: 2.79
J15: NZL | K15: 76 | L15: 124 | M15: 100 | O15: ROU | P15: 63 | Q15: 235 | R15: 100 | T15: 1970 | U15: 2.82
J16: PRT | K16: 83 | L16: 137 | M16: 100 | O16: COL | P16: 39 | Q16: 152 | R16: 100 | T16: 1971 | U16: 2.77
J17: USA | K17: 75 | L17: 128 | M17: 100 | T17: 1972 | U17: 2.84
J18: SWE | K18: 81 | L18: 139 | M18: 100 | T18: 1973 | U18: 2.84
J19: NLD | K19: 72 | L19: 123 | M19: 100 | T19: 1974 | U19: 2.79
J20: ESP | K20: 74 | L20: 131 | M20: 100 | T20: 1975 | U20: 2.71
J21: AUT | K21: 69 | L21: 124 | M21: 100 | T21: 1976 | U21: 2.59 | V21: 7.07
J22: DEU | K22: 70 | L22: 127 | M22: 100 | T22: 1977 | U22: 2.59 | V22: 7.12
J23: DNK | K23: 68 | L23: 125 | M23: 100 | T23: 1978 | U23: 2.58 | V23: 6.76
J24: NOR | K24: 56 | L24: 105 | M24: 100 | T24: 1979 | U24: 2.61 | V24: 6.19
J25: IRL | K25: 59 | L25: 115 | M25: 100 | T25: 1980 | U25: 2.63 | V25: 6.34
J26: ITA | K26: 64 | L26: 130 | M26: 100 | T26: 1981 | U26: 2.57 | V26: 6.62
J27: AUS | K27: 77 | L27: 155 | M27: 100 | T27: 1982 | U27: 2.65 | V27: 6.72
J28: CAN | K28: 76 | L28: 159 | M28: 100 | T28: 1983 | U28: 2.59 | V28: 6.95
J29: BEL | K29: 73 | L29: 175 | M29: 100 | T29: 1984 | U29: 2.6 | V29: 7.12
J30: CZE | K30: 76 | L30: 208 | M30: 100 | T30: 1985 | U30: 2.63 | V30: 7.6
J31: SVK | K31: 68 | L31: 247 | M31: 100 | T31: 1986 | U31: 2.61 | V31: 8.03
T32: 1987 | U32: 2.62 | V32: 8.55
T33: 1988 | U33: 2.47 | V33: 8.65
T34: 1989 | U34: 2.44 | V34: 9.13
T35: 1990 | U35: 2.56 | V35: 9.22
T36: 1991 | U36: 2.56 | V36: 9.17
T37: 1992 | U37: 2.57 | V37: 8.89
T38: 1993 | U38: 2.56 | V38: 8.81
T39: 1994 | U39: 2.64 | V39: 8.46
T40: 1995 | U40: 2.7 | V40: 8.4
T41: 1996 | U41: 2.73 | V41: 8.5
T42: 1997 | U42: 2.69 | V42: 8.58
T43: 1998 | U43: 2.7 | V43: 8.3
... T58: 2013 | U58: 2.7 | V58: 6.09
T59: 2014 | U59: 2.73

Sheet Figure 1.SF.1.
J2: Figure 1.SF.1. Commodity Market Developments
J5: 1. Commodity Price Indices | P5: 2. Brent Futures Curves | V5: 3. Brent Price Prospects | AE5: 4. Metal Price Indices
J6: (2016 = 100) | P6: (US dollars a barrel; expiration dates on x-axis) | V6: (US dollars a barrel) | AE6: (Jan. 2, 2014 = 100)
K8: All commodities | L8: Metals | M8: Food | N8: Energy | Q8: October 2017 WEO | R8: April 2018 WEO | S8: October 2018 WEO | T8: April 2019 WEO | W8: Futures | X8: 95 percent confidence interval - low | Y8: 86 percent confidence interval - low | Z8: 68 percent confidence interval - low | AA8: 68 percent confidence interval - high | AB8: 86 percent confidence interval - high | AC8: 95 percent confidence interval - high | AF8: Aluminum | AG8: Copper | AH8: Iron ore | AI8: Nickel
J9: 2005M1 | K9: 85.697214 | L9: 77.734825 | M9: 77.483421 | N9: 109.68673 | P9: 2017M10 | Q9: 50.8 | V9: 41275 | AE9: 41641 | AF9: 100 | AG9: 100 | AH9: 100 | AI9: 100
J10: 2005M2 | K10: 87.737756 | L10: 80.009994 | M10: 80.079776 | N10: 111.8372 | P10: 2017M11 | Q10: 50.63 | V10: 41276 | W10: 112.47 | X10: 112.47 | Y10: 112.47 | Z10: 112.47 | AA10: 112.47 | AB10: 112.47 | AC10: 112.47 | AE10: 41642 | AF10: 98.250853 | AG10: 98.987239 | AH10: 102.18978 | AI10: 98.848967
J11: 2005M3 | K11: 94.679677 | L11: 82.993805 | M11: 81.512352 | N11: 125.78819 | P11: 2017M12 | Q11: 50.62 | V11: 41277 | W11: 112.14 | X11: 112.14 | Y11: 112.14 | Z11: 112.14 | AA11: 112.14 | AB11: 112.14 | AC11: 112.14 | AE11: 41645 | AF11: 98.705916 | AG11: 99.203295 | AH11: 100 | AI11: 96.787149
J12: 2005M4 | K12: 94.299146 | L12: 82.036843 | M12: 79.312799 | N12: 127.00292 | P12: 2018M1 | Q12: 50.66 | V12: 41278 | W12: 111.36 | X12: 111.36 | Y12: 111.36 | Z12: 111.36 | AA12: 111.36 | AB12: 111.36 | AC12: 111.36 | AE12: 41646 | AF12: 98.890785 | AG12: 99.432854 | AH12: 100 | AI12: 96.475186
J13: 2005M5 | K13: 91.805548 | L13: 81.234578 | M13: 80.268147 | N13: 120.4276 | P13: 2018M2 | Q13: 50.73 | V13: 41279 | AE13: 41647 | AF13: 98.421502 | AG13: 99.324826 | AH13: 100 | AI13: 96.557659
J14: 2005M6 | K14: 95.729555 | L14: 81.884274 | M14: 76.867304 | N14: 131.8127 | P14: 2018M3 | Q14: 50.8 | V14: 41280 | AE14: 41648 | AF14: 96.98521 | AG14: 97.714536 | AH14: 100 | AI14: 95.320568
J15: 2005M7 | K15: 98.120821 | L15: 80.498181 | M15: 76.507378 | N15: 138.61652 | P15: 2018M4 | Q15: 50.89 | R15: 66.39 | V15: 41281 | W15: 111.78 | X15: 111.78 | Y15: 111.78 | Z15: 111.78 | AA15: 111.78 | AB15: 111.78 | AC15: 111.78 | AE15: 41649 | AF15: 97.937998 | AG15: 98.977112 | AH15: 98.540146 | AI15: 98.99957
J16: 2005M8 | K16: 104.01161 | L16: 83.371684 | M16: 74.793209 | N16: 152.93287 | P16: 2018M5 | Q16: 50.98 | R16: 66.11 | V16: 41282 | W16: 112.1 | X16: 112.1 | Y16: 112.1 | Z16: 112.1 | AA16: 112.1 | AB16: 112.1 | AC16: 112.1 | AE16: 41652 | AF16: 98.663254 | AG16: 99.453109 | AH16: 98.540146 | AI16: 101.53471
J17: 2005M9 | K17: 107.88155 | L17: 82.816649 | M17: 74.856882 | N17: 162.01291 | P17: 2018M6 | Q17: 51.06 | R17: 65.83 | V17: 41283 | W17: 111.66 | X17: 111.66 | Y17: 111.66 | Z17: 111.66 | AA17: 111.66 | AB17: 111.66 | AC17: 111.66 | AE17: 41653 | AF17: 97.58248 | AG17: 98.639525 | AH17: 97.810219 | AI17: 102.46701
J18: 2005M10 | K18: 107.43699 | L18: 83.315716 | M18: 74.897544 | N18: 160.17587 | P18: 2018M7 | Q18: 51.15 | R18: 65.51 | V18: 41284 | W18: 111.79 | X18: 111.79 | Y18: 111.79 | Z18: 111.79 | AA18: 111.79 | AB18: 111.79 | AC18: 111.79 | AE18: 41654 | AF18: 98.99033 | AG18: 99.662413 | AH18: 96.350365 | AI18: 103.87263
J19: 2005M11 | K19: 101.48594 | L19: 85.990768 | M19: 74.233923 | N19: 145.21824 | P19: 2018M8 | Q19: 51.21 | R19: 65.16 | V19: 41285 | W19: 110.59 | X19: 110.59 | Y19: 110.59 | Z19: 110.59 | AA19: 110.59 | AB19: 110.59 | AC19: 110.59 | AE19: 41655 | AF19: 99.957338 | AG19: 99.061508 | AH19: 96.350365 | AI19: 105.0416
J20: 2005M12 | K20: 106.43591 | L20: 92.202781 | M20: 75.316233 | N20: 154.13989 | P20: 2018M9 | Q20: 51.24 | R20: 64.79 | V20: 41286 | AE20: 41656 | AF20: 101.25995 | AG20: 99.561137 | AH20: 96.350365 | AI20: 105.02725
J21: 2006M1 | K21: 108.19665 | L21: 99.699052 | M21: 76.902689 | N21: 153.62778 | P21: 2018M10 | Q21: 51.27 | R21: 64.4 | S21: 72.61 | V21: 41287 | AE21: 41659 | AF21: 100.26451 | AG21: 99.372088 | AH21: 96.350365 | AI21: 103.96586
J22: 2006M2 | K22: 106.4033 | L22: 102.61365 | M22: 78.459174 | N22: 147.02377 | P22: 2018M11 | Q22: 51.28 | R22: 64 | S22: 72.92 | V22: 41288 | W22: 111.97 | X22: 111.97 | Y22: 111.97 | Z22: 111.97 | AA22: 111.97 | AB22: 111.97 | AC22: 111.97 | AE22: 41660 | AF22: 99.772469 | AG22: 99.972993 | AH22: 94.160584 | AI22: 105.24957
J23: 2006M3 | K23: 107.09108 | L23: 103.99813 | M23: 79.298243 | N23: 147.8737 | P23: 2018M12 | Q23: 51.3 | R23: 63.59 | S23: 73.07 | V23: 41289 | W23: 110.72 | X23: 110.72 | Y23: 110.72 | Z23: 110.72 | AA23: 110.72 | AB23: 110.72 | AC23: 110.72 | AE23: 41661 | AF23: 98.905006 | AG23: 98.960232 | AH23: 94.160584 | AI23: 105.75158
J24: 2006M4 | K24: 115.92913 | L24: 119.39114 | M24: 82.472939 | N24: 161.63155 | P24: 2019M1 | Q24: 51.34 | R24: 63.22 | S24: 73.12 | V24: 41290 | W24: 111.24 | X24: 111.24 | Y24: 111.24 | Z24: 111.24 | AA24: 111.24 | AB24: 111.24 | AC24: 111.24 | AE24: 41662 | AF24: 97.78157 | AG24: 97.63014 | AH24: 94.160584 | AI24: 104.84796
J25: 2006M5 | K25: 120.0972 | L25: 136.8972 | M25: 88.555489 | N25: 160.93014 | P25: 2019M2 | Q25: 51.41 | R25: 62.88 | S25: 73.09 | V25: 41291 | W25: 111.98 | X25: 111.98 | Y25: 111.98 | Z25: 111.98 | AA25: 111.98 | AB25: 111.98 | AC25: 111.98 | AE25: 41663 | AF25: 97.753129 | AG25: 97.373574 | AH25: 94.160584 | AI25: 103.55709
J26: 2006M6 | K26: 117.40386 | L26: 126.64113 | M26: 86.102204 | N26: 160.72024 | P26: 2019M3 | Q26: 51.47 | R26: 62.55 | S26: 72.99 | V26: 41292 | W26: 112.97 | X26: 112.97 | Y26: 112.97 | Z26: 112.97 | AA26: 112.97 | AB26: 112.97 | AC26: 112.97 | AE26: 41666 | AF26: 97.283845 | AG26: 97.069745 | AH26: 94.160584 | AI26: 101.0829
J27: 2006M7 | K27: 121.86163 | L27: 137.66058 | M27: 85.226082 | N27: 168.28209 | P27: 2019M4 | Q27: 51.56 | R27: 62.24 | S27: 72.82 | T27: 61.63 | V27: 41293 | AE27: 41667 | AF27: 97.283845 | AG27: 96.941462 | AH27: 94.160584 | AI27: 100.98967
J28: 2006M8 | K28: 122.52674 | L28: 142.82251 | M28: 83.373211 | N28: 169.43855 | P28: 2019M5 | Q28: 51.6 | R28: 61.93 | S28: 72.62 | T28: 61.63 | V28: 41294 | AE28: 41668 | AF28: 96.558589 | AG28: 96.610627 | AH28: 92.70073 | AI28: 99.892427
J29: 2006M9 | K29: 112.80703 | L29: 142.87718 | M29: 83.157979 | N29: 147.02507 | P29: 2019M6 | Q29: 51.62 | R29: 61.61 | S29: 72.39 | T29: 61.66 | V29: 41295 | W29: 113.34 | X29: 113.34 | Y29: 113.34 | Z29: 113.34 | AA29: 113.34 | AB29: 113.34 | AC29: 113.34 | AE29: 41669 | AF29: 95.861775 | AG29: 96.354061 | AH29: 92.70073 | AI29: 98.655336
J30: 2006M10 | K30: 110.88939 | L30: 149.07831 | M30: 83.050841 | N30: 141.31175 | P30: 2019M7 | Q30: 51.71 | R30: 61.35 | S30: 72.17 | T30: 61.6 | V30: 41296 | W30: 113.81 | X30: 113.81 | Y30: 113.81 | Z30: 113.81 | AA30: 113.81 | AB30: 113.81 | AC30: 113.81 | AE30: 41670 | AF30: 94.610353 | AG30: 95.820674 | AH30: 92.70073 | AI30: 99.885255
J31: 2006M11 | K31: 113.51006 | L31: 148.02296 | M31: 84.991814 | N31: 145.41041 | P31: 2019M8 | Q31: 51.77 | R31: 61.07 | S31: 71.94 | T31: 61.56 | V31: 41297 | W31: 114.11 | X31: 114.11 | Y31: 114.11 | Z31: 114.11 | AA31: 114.11 | AB31: 114.11 | AC31: 114.11 | AE31: 41673 | AF31: 92.920933 | AG31: 95.537101 | AH31: 92.70073 | AI31: 99.157344
J32: 2006M12 | K32: 115.6082 | L32: 151.44388 | M32: 85.123094 | N32: 148.67678 | P32: 2019M9 | Q32: 51.83 | R32: 60.77 | S32: 71.7 | T32: 61.48 | V32: 41298 | W32: 114.75 | X32: 114.75 | Y32: 114.75 | Z32: 114.75 | AA32: 114.75 | AB32: 114.75 | AC32: 114.75 | AE32: 41674 | AF32: 93.529579 | AG32: 95.638377 | AH32: 92.70073 | AI32: 98.942197
J33: 2007M1 | K33: 111.16768 | L33: 148.67778 | M33: 87.353936 | N33: 136.11746 | P33: 2019M10 | Q33: 51.89 | R33: 60.48 | S33: 71.44 | T33: 61.41 | V33: 41299 | W33: 114.69 | X33: 114.69 | Y33: 114.69 | Z33: 114.69 | AA33: 114.69 | AB33: 114.69 | AC33: 114.69 | AE33: 41675 | AF33: 94.269056 | AG33: 95.65188 | AH33: 92.70073 | AI33: 98.311102
J34: 2007M2 | K34: 116.97579 | L34: 154.19962 | M34: 89.211915 | N34: 146.09714 | P34: 2019M11 | Q34: 51.9 | R34: 60.19 | S34: 71.2 | T34: 61.36 | V34: 41300 | AE34: 41676 | AF34: 95.079636 | AG34: 96.927959 | AH34: 92.70073 | AI34: 99.964142
J35: 2007M3 | K35: 119.73135 | L35: 166.32276 | M35: 89.104561 | N35: 149.53734 | P35: 2019M12 | Q35: 51.91 | R35: 59.87 | S35: 70.93 | T35: 61.29 | V35: 41301 | AE35: 41677 | AF35: 95.406712 | AG35: 97.083249 | AH35: 91.240876 | AI35: 101.11159
J36: 2007M4 | K36: 126.58698 | L36: 183.18136 | M36: 92.958608 | N36: 158.15231 | P36: 2020M1 | Q36: 52 | R36: 59.64 | S36: 70.67 | T36: 61.24 | V36: 41302 | W36: 114.61 | X36: 114.61 | Y36: 114.61 | Z36: 114.61 | AA36: 114.61 | AB36: 114.61 | AC36: 114.61 | AE36: 41680 | AF36: 94.35438 | AG36: 96.360813 | AH36: 89.781022 | AI36: 101.57057
J37: 2007M5 | K37: 126.97978 | L37: 186.78185 | M37: 92.171212 | N37: 159.03436 | P37: 2020M2 | Q37: 52.09 | R37: 59.43 | S37: 70.42 | T37: 61.2 | V37: 41303 | W37: 115.29 | X37: 115.29 | Y37: 115.29 | Z37: 115.29 | AA37: 115.29 | AB37: 115.29 | AC37: 115.29 | AE37: 41681 | AF37: 94.630262 | AG37: 95.97934 | AH37: 89.781022 | AI37: 101.28012
J38: 2007M6 | K38: 127.36441 | L38: 174.08029 | M38: 92.105953 | N38: 163.88546 | P38: 2020M3 | Q38: 52.16 | R38: 59.21 | S38: 70.15 | T38: 61.18 | V38: 41304 | W38: 115.94 | X38: 115.94 | Y38: 115.94 | Z38: 115.94 | AA38: 115.94 | AB38: 115.94 | AC38: 115.94 | AE38: 41682 | AF38: 96.274175 | AG38: 97.198028 | AH38: 89.051095 | AI38: 102.9726
J39: 2007M7 | K39: 129.83578 | L39: 167.72079 | M39: 93.736342 | N39: 170.44185 | P39: 2020M4 | Q39: 52.24 | R39: 59 | S39: 69.87 | T39: 61.15 | V39: 41305 | W39: 116.54 | X39: 116.54 | Y39: 116.54 | Z39: 116.54 | AA39: 116.54 | AB39: 116.54 | AC39: 116.54 | AE39: 41683 | AF39: 96.715017 | AG39: 96.448586 | AH39: 89.051095 | AI39: 101.03629
J40: 2007M8 | K40: 125.61251 | L40: 152.09914 | M40: 93.351004 | N40: 165.40122 | P40: 2020M5 | Q40: 52.3 | R40: 58.79 | S40: 69.62 | T40: 61.12 | V40: 41306 | W40: 116.54 | X40: 116.54 | Y40: 116.54 | Z40: 116.54 | AA40: 116.54 | AB40: 116.54 | AC40: 116.54 | AE40: 41684 | AF40: 96.843003 | AG40: 96.961718 | AH40: 89.781022 | AI40: 102.01162
J41: 2007M9 | K41: 131.89228 | L41: 150.84394 | M41: 97.028507 | N41: 176.46863 | P41: 2020M6 | Q41: 52.36 | R41: 58.59 | S41: 69.37 | T41: 61.08 | V41: 41307 | AE41: 41687 | AF41: 96.089306 | AG41: 97.285801 | AH41: 89.781022 | AI41: 102.91882
J42: 2007M10 | K42: 139.51936 | L42: 155.76007 | M42: 99.977957 | N42: 190.30982 | P42: 2020M7 | Q42: 52.45 | R42: 58.42 | S42: 69.11 | T42: 61.03 | V42: 41308 | AE42: 41688 | AF42: 97.937998 | AG42: 97.697657 | AH42: 91.240876 | AI42: 103.428
J43: 2007M11 | K43: 147.88055 | L43: 149.16057 | M43: 101.49487 | N43: 209.4983 | P43: 2020M8 | Q43: 52.52 | R43: 58.25 | S43: 68.87 | T43: 60.97 | V43: 41309 | W43: 115.36 | X43: 115.36 | Y43: 115.36 | Z43: 115.36 | AA43: 115.36 | AB43: 115.36 | AC43: 115.36 | AE43: 41689 | AF43: 98.137088 | AG43: 97.549119 | AH43: 91.240876 | AI43: 103.80092
J44: 2007M12 | K44: 147.88457 | L44: 139.15182 | M44: 106.75521 | N44: 208.06905 | P44: 2020M9 | Q44: 52.58 | R44: 58.09 | S44: 68.61 | T44: 60.9 | V44: 41310 | W44: 116.26 | X44: 116.26 | Y44: 116.26 | Z44: 116.26 | AA44: 116.26 | AB44: 116.26 | AC44: 116.26 | AE44: 41690 | AF44: 98.321957 | AG44: 97.198028 | AH44: 90.510949 | AI44: 102.73594
J45: 2008M1 | K45: 154.72501 | L45: 156.9046 | M45: 109.7087 | N45: 214.72115 | P45: 2020M10 | Q45: 52.62 | R45: 57.92 | S45: 68.34 | T45: 60.84 | V45: 41311 | W45: 116.7 | X45: 116.7 | Y45: 116.7 | Z45: 116.7 | AA45: 116.7 | AB45: 116.7 | AC45: 116.7 | AE45: 41691 | AF45: 98.265074 | AG45: 97.373574 | AH45: 89.781022 | AI45: 102.74312
J46: 2008M2 | K46: 161.63887 | L46: 165.51433 | M46: 114.92862 | N46: 222.64527 | P46: 2020M11 | Q46: 52.66 | R46: 57.75 | S46: 68.09 | T46: 60.77 | V46: 41312 | W46: 117.21 | X46: 117.21 | Y46: 117.21 | Z46: 117.21 | AA46: 117.21 | AB46: 117.21 | AC46: 117.21 | AE46: 41694 | AF46: 97.753129 | AG46: 96.333806 | AH46: 89.781022 | AI46: 102.49928
J47: 2008M3 | K47: 171.69872 | L47: 174.41413 | M47: 120.60704 | N47: 238.87929 | P47: 2020M12 | Q47: 52.7 | R47: 57.59 | S47: 67.84 | T47: 60.68 | V47: 41313 | W47: 118.29 | X47: 118.29 | Y47: 118.29 | Z47: 118.29 | AA47: 118.29 | AB47: 118.29 | AC47: 118.29 | AE47: 41695 | AF47: 98.165529 | AG47: 96.333806 | AH47: 87.591241 | AI47: 102.29489
J48: 2008M4 | K48: 178.12399 | L48: 171.54232 | M48: 120.86509 | N48: 255.736 | P48: 2021M1 | Q48: 52.79 | R48: 57.46 | S48: 67.61 | T48: 60.62 | V48: 41314 | AE48: 41696 | AF48: 98.37884 | AG48: 95.935453 | AH48: 86.861314 | AI48: 101.70683
J49: 2008M5 | K49: 190.16727 | L49: 162.70378 | M49: 123.03563 | N49: 283.93702 | P49: 2021M2 | Q49: 52.88 | R49: 57.35 | S49: 67.39 | T49: 60.57 | V49: 41315 | AE49: 41697 | AF49: 98.108646 | AG49: 95.685639 | AH49: 86.861314 | AI49: 103.3778
J50: 2008M6 | K50: 199.75823 | L50: 157.12572 | M50: 125.52928 | N50: 306.17768 | P50: 2021M3 | Q50: 52.98 | R50: 57.27 | S50: 67.2 | T50: 60.52 | V50: 41316 | W50: 117.73 | X50: 117.73 | Y50: 117.73 | Z50: 117.73 | AA50: 117.73 | AB50: 117.73 | AC50: 117.73 | AE50: 41698 | AF50: 97.33504 | AG50: 95.604618 | AH50: 86.861314 | AI50: 105.36431
J51: 2008M7 | K51: 202.95937 | L51: 155.87362 | M51: 124.86518 | N51: 312.41316 | P51: 2021M4 | Q51: 53.08 | R51: 57.2 | S51: 67.02 | T51: 60.47 | V51: 41317 | W51: 119.34 | X51: 119.34 | Y51: 119.34 | Z51: 119.34 | AA51: 119.34 | AB51: 119.34 | AC51: 119.34 | AE51: 41701 | AF51: 95.292947 | AG51: 94.699885 | AH51: 86.861314 | AI51: 105.38583
J52: 2008M8 | K52: 181.21743 | L52: 146.08513 | M52: 115.191 | N52: 271.33922 | P52: 2021M5 | Q52: 53.18 | R52: 57.13 | S52: 66.84 | T52: 60.42 | V52: 41318 | W52: 119.32 | X52: 119.32 | Y52: 119.32 | Z52: 119.32 | AA52: 119.32 | AB52: 119.32 | AC52: 119.32 | AE52: 41702 | AF52: 97.994881 | AG52: 95.705894 | AH52: 86.131387 | AI52: 108.41939
J53: 2008M9 | K53: 165.99267 | L53: 138.06632 | M53: 107.2531 | N53: 243.0366 | P53: 2021M6 | Q53: 53.28 | R53: 57.06 | S53: 66.66 | T53: 60.37 | V53: 41319 | W53: 119.26 | X53: 119.26 | Y53: 119.26 | Z53: 119.26 | AA53: 119.26 | AB53: 119.26 | AC53: 119.26 | AE53: 41703 | AF53: 98.421502 | AG53: 95.354804 | AH53: 85.40146 | AI53: 109.29432
J54: 2008M10 | K54: 135.76831 | L54: 110.79833 | M54: 94.471048 | N54: 191.15301 | P54: 2021M7 | Q54: 53.38 | R54: 56.98 | S54: 66.47 | T54: 60.31 | V54: 41320 | W54: 119.24 | X54: 119.24 | Y54: 119.24 | Z54: 119.24 | AA54: 119.24 | AB54: 119.24 | AC54: 119.24 | AE54: 41704 | AF54: 99.758248 | AG54: 95.429073 | AH54: 85.40146 | AI54: 110.73939
J55: 2008M11 | K55: 115.21541 | L55: 98.339228 | M55: 88.769092 | N55: 152.5605 | P55: 2021M8 | Q55: 53.48 | R55: 56.9 | S55: 66.28 | T55: 60.25 | V55: 41321 | AE55: 41705 | AF55: 98.037543 | AG55: 91.891162 | AH55: 83.211679 | AI55: 109.48078
J56: 2008M12 | K56: 102.65483 | L56: 94.042542 | M56: 88.365352 | N56: 124.8409 | P56: 2021M9 | Q56: 53.57 | R56: 56.82 | S56: 66.09 | T56: 60.19 | V56: 41322 | AE56: 41708 | AF56: 98.549488 | AG56: 89.953413 | AH56: 81.751825 | AI56: 110.5852
J57: 2009M1 | K57: 105.60244 | L57: 97.936213 | M57: 89.714372 | N57: 127.65048 | P57: 2021M10 | Q57: 53.66 | R57: 56.74 | S57: 65.9 | T57: 60.13 | V57: 41323 | W57: 118.63 | X57: 118.63 | Y57: 118.63 | Z57: 118.63 | AA57: 118.63 | AB57: 118.63 | AC57: 118.63 | AE57: 41709 | AF57: 97.141638 | AG57: 87.66795 | AH57: 77.372263 | AI57: 111.27367
J58: 2009M2 | K58: 101.86385 | L58: 96.884385 | M58: 85.859817 | N58: 119.32562 | P58: 2021M11 | Q58: 53.75 | R58: 56.67 | S58: 65.72 | T58: 60.08 | V58: 41324 | W58: 118.25 | X58: 118.25 | Y58: 118.25 | Z58: 118.25 | AA58: 118.25 | AB58: 118.25 | AC58: 118.25 | AE58: 41710 | AF58: 97.58248 | AG58: 88.160826 | AH58: 77.372263 | AI58: 111.97289
J59: 2009M3 | K59: 101.8449 | L59: 92.759414 | M59: 87.225091 | N59: 120.35808 | P59: 2021M12 | Q59: 53.84 | R59: 56.6 | S59: 65.54 | T59: 60.03 | V59: 41325 | W59: 115.44 | X59: 115.44 | Y59: 115.44 | Z59: 115.44 | AA59: 115.44 | AB59: 115.44 | AC59: 115.44 | AE59: 41711 | AF59: 96.629693 | AG59: 86.948889 | AH59: 79.562044 | AI59: 112.89802
J60: 2009M4 | K60: 104.09581 | L60: 98.171789 | M60: 93.586595 | N60: 121.18461 | P60: 2022M1 | Q60: 53.94 | R60: 56.58 | S60: 65.41 | T60: 60.01 | V60: 41326 | W60: 114.5 | X60: 114.5 | Y60: 114.5 | Z60: 114.5 | AA60: 114.5 | AB60: 114.5 | AC60: 114.5 | AE60: 41712 | AF60: 96.558589 | AG60: 87.671325 | AH60: 81.021898 | AI60: 112.61474
J61: 2009M5 | K61: 112.61627 | L61: 104.04454 | M61: 99.899691 | N61: 135.29752 | P61: 2022M2 | Q61: 54.04 | R61: 56.56 | S61: 65.29 | T61: 60 | V61: 41327 | W61: 114.96 | X61: 114.96 | Y61: 114.96 | Z61: 114.96 | AA61: 114.96 | AB61: 114.96 | AC61: 114.96 | AE61: 41715 | AF61: 95.634243 | AG61: 87.779353 | AH61: 80.291971 | AI61: 113.64028
J62: 2009M6 | K62: 121.6971 | L62: 116.0036 | M62: 98.328208 | N62: 154.96303 | P62: 2022M3 | Q62: 54.14 | R62: 56.54 | S62: 65.17 | T62: 59.99 | V62: 41328 | AE62: 41716 | AF62: 96.237201 | AG62: 87.786105 | AH62: 80.291971 | AI62: 115.88497
J63: 2009M7 | K63: 117.23206 | L63: 125.68529 | M63: 94.617885 | N63: 144.33509 | P63: 2022M4 | Q63: 54.24 | R63: 56.53 | S63: 65.05 | T63: 59.98 | V63: 41329 | AE63: 41717 | AF63: 96.359499 | AG63: 88.731348 | AH63: 81.021898 | AI63: 116.85313
J64: 2009M8 | K64: 123.84269 | L64: 145.92736 | M64: 92.998761 | N64: 155.80807 | P64: 2022M5 | Q64: 54.34 | R64: 56.52 | S64: 64.93 | T64: 59.97 | V64: 41330 | W64: 113.83 | X64: 113.83 | Y64: 113.83 | Z64: 113.83 | AA64: 113.83 | AB64: 113.83 | AC64: 113.83 | AE64: 41718 | AF64: 94.908987 | AG64: 86.975896 | AH64: 80.291971 | AI64: 113.38927
J65: 2009M9 | K65: 120.24033 | L65: 134.42275 | M65: 91.219504 | N65: 150.02414 | P65: 2022M6 | Q65: 54.44 | R65: 56.51 | S65: 64.81 | T65: 59.96 | V65: 41331 | W65: 113.86 | X65: 113.86 | Y65: 113.86 | Z65: 113.86 | AA65: 113.86 | AB65: 113.86 | AC65: 113.86 | AE65: 41719 | AF65: 95.648464 | AG65: 87.627439 | AH65: 80.291971 | AI65: 115.24312
J66: 2009M10 | K66: 127.65998 | L66: 140.59151 | M66: 93.851276 | N66: 163.31358 | P66: 2022M7 | Q66: 54.54 | R66: 56.49 | S66: 64.72 | T66: 59.95 | V66: 41332 | W66: 112.72 | X66: 112.72 | Y66: 112.72 | Z66: 112.72 | AA66: 112.72 | AB66: 112.72 | AC66: 112.72 | AE66: 41722 | AF66: 95.989761 | AG66: 87.451894 | AH66: 80.291971 | AI66: 115.30407
J67: 2009M11 | K67: 132.47825 | L67: 148.55625 | M67: 96.188202 | N67: 168.93007 | P67: 2022M8 | Q67: 54.64 | R67: 56.47 | S67: 64.63 | T67: 59.94 | V67: 41333 | W67: 111.66 | X67: 111.66 | Y67: 111.66 | Z67: 111.66 | AA67: 111.66 | AB67: 111.66 | AC67: 111.66 | AE67: 41723 | AF67: 97.226962 | AG67: 89.200594 | AH67: 80.291971 | AI67: 115.89931
J68: 2009M12 | K68: 135.06122 | L68: 156.25645 | M68: 97.582552 | N68: 170.81877 | P68: 2022M9 | Q68: 54.74 | R68: 56.45 | S68: 64.53 | T68: 59.93 | V68: 41334 | W68: 110.26 | X68: 110.26 | Y68: 110.26 | Z68: 110.26 | AA68: 110.26 | AB68: 110.26 | AC68: 110.26 | AE68: 41724 | AF68: 95.875995 | AG68: 87.914388 | AH68: 81.021898 | AI68: 113.76936
J69: 2010M1 | K69: 140.84259 | L69: 171.66322 | M69: 98.385661 | N69: 180.07341 | P69: 2022M10 | Q69: 54.84 | R69: 56.44 | S69: 64.43 | T69: 59.92 | V69: 41335 | AE69: 41725 | AF69: 96.444824 | AG69: 88.744852 | AH69: 81.751825 | AI69: 112.39601
J70: 2010M2 | K70: 137.58637 | L70: 167.30478 | M70: 98.463704 | N70: 173.91661 | P70: 2022M11 | Q70: 54.94 | R70: 56.43 | S70: 64.34 | T70: 59.91 | V70: 41336 | AE70: 41726 | AF70: 97.61661 | AG70: 90.277496 | AH70: 81.751825 | AI70: 112.37091
J71: 2010M3 | K71: 142.17799 | L71: 183.10134 | M71: 101.41094 | N71: 177.88174 | P71: 2022M12 | Q71: 55.03 | R71: 56.42 | S71: 64.25 | T71: 59.9 | V71: 41337 | W71: 109.76 | X71: 109.76 | Y71: 109.76 | Z71: 109.76 | AA71: 109.76 | AB71: 109.76 | AC71: 109.76 | AE71: 41729 | AF71: 99.217861 | AG71: 89.798123 | AH71: 83.211679 | AI71: 113.74426
J72: 2010M4 | K72: 150.04952 | L72: 207.58512 | M72: 103.83832 | N72: 187.01649 | P72: 2023M1 | Q72: 55.13 | R72: 56.45 | S72: 64.18 | T72: 59.95 | V72: 41338 | W72: 111.62 | X72: 111.62 | Y72: 111.62 | Z72: 111.62 | AA72: 111.62 | AB72: 111.62 | AC72: 111.62 | AE72: 41730 | AF72: 99.815131 | AG72: 90.000675 | AH72: 84.671533 | AI72: 114.66581
J73: 2010M5 | K73: 141.47289 | L73: 187.03336 | M73: 101.0796 | N73: 172.99502 | P73: 2023M2 | Q73: 55.23 | R73: 56.48 | S73: 64.11 | T73: 59.99 | V73: 41339 | W73: 110.59 | X73: 110.59 | Y73: 110.59 | Z73: 110.59 | AA73: 110.59 | AB73: 110.59 | AC73: 110.59 | AE73: 41731 | AF73: 101.80603 | AG73: 90.149213 | AH73: 84.671533 | AI73: 115.80967
J74: 2010M6 | K74: 138.47098 | L74: 170.55372 | M74: 96.940106 | N74: 172.578 | P74: 2023M3 | Q74: 55.32 | R74: 56.5 | S74: 64.05 | T74: 60.03 | V74: 41340 | W74: 110.67 | X74: 110.67 | Y74: 110.67 | Z74: 110.67 | AA74: 110.67 | AB74: 110.67 | AC74: 110.67 | AE74: 41732 | AF74: 102.18999 | AG74: 89.706975 | AH74: 83.941606 | AI74: 116.58778
J75: 2010M7 | K75: 138.6462 | L75: 164.20572 | M75: 102.49053 | N75: 171.79219 | P75: 2023M4 | Q75: 55.41 | R75: 56.52 | S75: 63.99 | T75: 60.07 | V75: 41341 | W75: 110.72 | X75: 110.72 | Y75: 110.72 | Z75: 110.72 | AA75: 110.72 | AB75: 110.72 | AC75: 110.72 | AE75: 41733 | AF75: 101.5785 | AG75: 89.379515 | AH75: 83.941606 | AI75: 117.19378
J76: 2010M8 | K76: 142.48283 | L76: 182.31253 | M76: 104.83487 | N76: 173.13617 | P76: 2023M5 | Q76: 55.5 | R76: 56.54 | S76: 63.93 | T76: 60.11 | V76: 41342 | AE76: 41736 | AF76: 101.36519 | AG76: 90.068193 | AH76: 83.941606 | AI76: 117.33362
J77: 2010M9 | K77: 145.08954 | L77: 184.66616 | M77: 109.98438 | N77: 172.96661 | P77: 2023M6 | Q77: 55.59 | R77: 56.56 | S77: 63.87 | T77: 60.15 | V77: 41343 | AE77: 41737 | AF77: 101.52162 | AG77: 90.071568 | AH77: 84.671533 | AI77: 117.65275
J78: 2010M10 | K78: 152.93282 | L78: 195.44562 | M78: 114.38088 | N78: 182.85 | P78: 2023M7 | Q78: 55.69 | R78: 56.59 | S78: 63.8 | T78: 60.2 | V78: 41344 | W78: 109.58 | X78: 109.58 | Y78: 109.58 | Z78: 109.58 | AA78: 109.58 | AB78: 109.58 | AC78: 109.58 | AE78: 41738 | AF78: 103.92491 | AG78: 89.47404 | AH78: 85.40146 | AI78: 119.38827
J79: 2010M11 | K79: 158.2071 | L79: 202.82161 | M79: 115.99655 | N79: 190.00058 | P79: 2023M8 | Q79: 55.79 | R79: 56.62 | S79: 63.73 | T79: 60.24 | V79: 41345 | W79: 109.11 | X79: 109.11 | Y79: 109.11 | Z79: 109.11 | AA79: 109.11 | AB79: 109.11 | AC79: 109.11 | AE79: 41739 | AF79: 105.7025 | AG79: 89.926406 | AH79: 86.131387 | AI79: 122.1278
J80: 2010M12 | K80: 167.18513 | L80: 213.35857 | M80: 123.29817 | N80: 201.96497 | P80: 2023M9 | Q80: 55.88 | R80: 56.64 | S80: 63.67 | T80: 60.28 | V80: 41346 | W80: 108.14 | X80: 108.14 | Y80: 108.14 | Z80: 108.14 | AA80: 108.14 | AB80: 108.14 | AC80: 108.14 | AE80: 41740 | AF80: 105.11945 | AG80: 89.993923 | AH80: 86.131387 | AI80: 124.42269
J81: 2011M1 | K81: 173.31089 | L81: 225.05734 | M81: 126.97398 | N81: 209.93946 | P81: 2023M10 | Q81: 55.97 | R81: 56.66 | S81: 63.61 | T81: 60.32 | V81: 41347 | W81: 109.09 | X81: 109.09 | Y81: 109.09 | Z81: 109.09 | AA81: 109.09 | AB81: 109.09 | AC81: 109.09 | AE81: 41743 | AF81: 104.89192 | AG81: 89.956789 | AH81: 85.40146 | AI81: 127.21601
J82: 2011M2 | K82: 179.83115 | L82: 234.68768 | M82: 130.77633 | N82: 217.79226 | P82: 2023M11 | Q82: 56.06 | R82: 56.68 | S82: 63.55 | T82: 60.36 | V82: 41348 | W82: 110.28 | X82: 110.28 | Y82: 110.28 | Z82: 110.28 | AA82: 110.28 | AB82: 110.28 | AC82: 110.28 | AE82: 41744 | AF82: 103.157 | AG82: 88.380258 | AH82: 85.40146 | AI82: 126.28371
J83: 2011M3 | K83: 185.769 | L83: 221.39146 | M83: 129.48227 | N83: 235.76781 | P83: 2023M12 | Q83: 56.15 | R83: 56.7 | S83: 63.49 | T83: 60.4 | V83: 41349 | AE83: 41745 | AF83: 104.60751 | AG83: 89.487543 | AH83: 84.671533 | AI83: 127.70367
J84: 2011M4 | K84: 195.12806 | L84: 226.94933 | M84: 133.73123 | N84: 252.56586 | V84: 41350 | AE84: 41746 | AF84: 104.06712 | AG84: 89.966916 | AH84: 84.671533 | AI84: 128.20568
J85: 2011M5 | K85: 188.03727 | L85: 218.56779 | M85: 130.86452 | N85: 240.7502 | V85: 41351 | W85: 109.24 | X85: 109.24 | Y85: 109.24 | Z85: 109.24 | AA85: 109.24 | AB85: 109.24 | AC85: 109.24 | AE85: 41747 | AF85: 104.06712 | AG85: 89.966916 | AH85: 83.941606 | AI85: 128.20568
J86: 2011M6 | K86: 186.24406 | L86: 214.18752 | M86: 128.95858 | N86: 237.88701 | V86: 41352 | W86: 107.3 | X86: 107.3 | Y86: 107.3 | Z86: 107.3 | AA86: 107.3 | AB86: 107.3 | AC86: 107.3 | AE86: 41750 | AF86: 104.06712 | AG86: 89.966916 | AH86: 83.941606 | AI86: 128.20568
J87: 2011M7 | K87: 188.77904 | L87: 219.01101 | M87: 128.07385 | N87: 242.63205 | V87: 41353 | W87: 108.39 | X87: 108.39 | Y87: 108.39 | Z87: 108.39 | AA87: 108.39 | AB87: 108.39 | AC87: 108.39 | AE87: 41751 | AF87: 105.50341 | AG87: 90.263993 | AH87: 83.211679 | AI87: 131.1245
J88: 2011M8 | K88: 184.37103 | L88: 213.29558 | M88: 127.41353 | N88: 230.72675 | V88: 41354 | W88: 107.1 | X88: 107.1 | Y88: 107.1 | Z88: 107.1 | AA88: 107.1 | AB88: 107.1 | AC88: 107.1 | AE88: 41752 | AF88: 104.50796 | AG88: 90.277496 | AH88: 81.751825 | AI88: 131.51176
J89: 2011M9 | K89: 182.29765 | L89: 206.26629 | M89: 121.32345 | N89: 232.06917 | V89: 41355 | W89: 107.31 | X89: 107.31 | Y89: 107.31 | Z89: 107.31 | AA89: 107.31 | AB89: 107.31 | AC89: 107.31 | AE89: 41753 | AF89: 104.63595 | AG89: 91.448923 | AH89: 81.751825 | AI89: 131.3253
J90: 2011M10 | K90: 175.72888 | L90: 182.79272 | M90: 118.40809 | N90: 229.14872 | V90: 41356 | AE90: 41754 | AF90: 103.19966 | AG90: 91.594085 | AH90: 82.481752 | AI90: 132.04246
J91: 2011M11 | K91: 178.09329 | L91: 175.17952 | M91: 118.24813 | N91: 236.7004 | V91: 41357 | AE91: 41757 | AF91: 101.69226 | AG91: 91.36115 | AH91: 81.021898 | AI91: 130.12765
J92: 2011M12 | K92: 174.83792 | L92: 174.89437 | M92: 115.35501 | N92: 234.13705 | V92: 41358 | W92: 108.01 | X92: 108.01 | Y92: 108.01 | Z92: 108.01 | AA92: 108.01 | AB92: 108.01 | AC92: 108.01 | AE92: 41758 | AF92: 100.73948 | AG92: 90.891905 | AH92: 79.562044 | AI92: 129.96271
J93: 2012M1 | K93: 177.68706 | L93: 183.21517 | M93: 118.09167 | N93: 236.63978 | V93: 41359 | W93: 109.03 | X93: 109.03 | Y93: 109.03 | Z93: 109.03 | AA93: 109.03 | AB93: 109.03 | AC93: 109.03 | AE93: 41759 | AF93: 99.900455 | AG93: 89.926406 | AH93: 78.10219 | AI93: 131.2249
J94: 2012M2 | K94: 183.11209 | L94: 187.27386 | M94: 120.53675 | N94: 244.37538 | V94: 41360 | W94: 109.3 | X94: 109.3 | Y94: 109.3 | Z94: 109.3 | AA94: 109.3 | AB94: 109.3 | AC94: 109.3 | AE94: 41760 | AF94: 99.104096 | AG94: 90.122206 | AH94: 78.10219 | AI94: 130.95238
J95: 2012M3 | K95: 187.28544 | L95: 187.70109 | M95: 123.2838 | N95: 253.33487 | V95: 41361 | W95: 109.27 | X95: 109.27 | Y95: 109.27 | Z95: 109.27 | AA95: 109.27 | AB95: 109.27 | AC95: 109.27 | AE95: 41761 | AF95: 99.118316 | AG95: 91.22274 | AH95: 78.10219 | AI95: 130.84839
J96: 2012M4 | K96: 184.24514 | L96: 186.17545 | M96: 122.22478 | N96: 246.43748 | V96: 41362 | W96: 109.27 | X96: 109.27 | Y96: 109.27 | Z96: 109.27 | AA96: 109.27 | AB96: 109.27 | AC96: 109.27 | AE96: 41764 | AF96: 99.118316 | AG96: 91.22274 | AH96: 77.372263 | AI96: 130.84839
J97: 2012M5 | K97: 173.3546 | L97: 176.15121 | M97: 116.55931 | N97: 228.34568 | V97: 41363 | AE97: 41765 | AF97: 98.905006 | AG97: 91.229492 | AH97: 77.372263 | AI97: 132.85284
J98: 2012M6 | K98: 162.08468 | L98: 169.98041 | M98: 116.77251 | N98: 205.11538 | V98: 41364 | AE98: 41766 | AF98: 98.037543 | AG98: 90.277496 | AH98: 77.372263 | AI98: 133.56641
J99: 2012M7 | K99: 167.37079 | L99: 166.359 | M99: 123.76064 | N99: 214.9238 | V99: 41365 | W99: 110.42 | X99: 110.42 | Y99: 110.42 | Z99: 110.42 | AA99: 110.42 | AB99: 110.42 | AC99: 110.42 | AE99: 41767 | AF99: 97.994881 | AG99: 91.41854 | AH99: 76.642336 | AI99: 139.00244
J100: 2012M8 | K100: 172.02742 | L100: 154.20962 | M100: 125.06784 | N100: 228.38042 | V100: 41366 | W100: 110.04 | X100: 110.04 | Y100: 110.04 | Z100: 110.04 | AA100: 110.04 | AB100: 110.04 | AC100: 110.04 | AE100: 41768 | AF100: 97.724687 | AG100: 91.762879 | AH100: 75.182482 | AI100: 142.53801
J101: 2012M9 | K101: 173.7556 | L101: 156.92482 | M101: 122.51791 | N101: 230.329 | V101: 41367 | W101: 106.48 | X101: 106.48 | Y101: 106.48 | Z101: 106.48 | AA101: 106.48 | AB101: 106.48 | AC101: 106.48 | AE101: 41771 | AF101: 99.104096 | AG101: 93.484572 | AH101: 74.452555 | AI101: 149.77768
J102: 2012M10 | K102: 172.18145 | L102: 162.63341 | M102: 121.81264 | N102: 225.63135 | V102: 41368 | W102: 105.87 | X102: 105.87 | Y102: 105.87 | Z102: 105.87 | AA102: 105.87 | AB102: 105.87 | AC102: 105.87 | AE102: 41772 | AF102: 98.79124 | AG102: 92.998447 | AH102: 74.452555 | AI102: 150.27969
J103: 2012M11 | K103: 169.8612 | L103: 162.69194 | M103: 120.92702 | N103: 221.98325 | V103: 41369 | W103: 104.09 | X103: 104.09 | Y103: 104.09 | Z103: 104.09 | AA103: 104.09 | AB103: 104.09 | AC103: 104.09 | AE103: 41773 | AF103: 100.44084 | AG103: 94.200257 | AH103: 74.452555 | AI103: 143.28026
J104: 2012M12 | K104: 170.67899 | L104: 171.85465 | M104: 121.17606 | N104: 221.99254 | V104: 41370 | AE104: 41774 | AF104: 98.577929 | AG104: 93.727635 | AH104: 74.452555 | AI104: 134.15089
...

Sheet Figure 1.SF.2.
J2: Figure 1.SF.2. Commodity Cycles and Economic Activity
J5: 1. Coffee | P5: 2. Cotton | V5: 3. Copper | AB5: 4. Brent
K7: Coffee, US cents/kg, (left scale) | L7: Global GDP (right scale) | M7: Synchronized contractions | N7: Synchronized expansions | Q7: Cotton, US cents/lb, (left scale) | R7: Global industrial production (right scale) | S7: Synchronized contractions | T7: Synchronized expansions | W7: Copper, USD/mt, (left scale) | X7: Global industrial production (right scale) | Y7: Synchronized contractions | Z7: Synchronized expansions | AC7: Brent, USD/bbl, (left scale) | AD7: Global industrial production (right scale) | AE7: Synchronized contractions | AF7: Synchronized expansions
J8: 1979M10 | K8: 278.7101 | L8: 0.027462 | P8: 1957M1 | Q8: 114.88978 | R8: 0.054199096 | S8: 1 | V8: 1957M1 | W8: 2645.225 | X8: 0.054199 | Y8: 1 | AB8: 1957M1 | AC8: 7.517166 | AD8: 0.054199 | AE8: 1
J9: 1979M11 | K9: 271.86841 | L9: 0.026376 | P9: 1957M2 | Q9: 117.94964 | R9: 0.060858808 | S9: 1 | V9: 1957M2 | W9: 2434.598 | X9: 0.060859 | Y9: 1 | AB9: 1957M2 | AC9: 7.482014 | AD9: 0.060859 | AE9: 1
J10: 1979M12 | K10: 252.63979 | L10: 0.025285 | P10: 1957M3 | Q10: 116.43933 | R10: 0.056553427 | S10: 1 | V10: 1957M3 | W10: 2366.05 | X10: 0.056553 | Y10: 1 | AB10: 1957M3 | AC10: 7.465901 | AD10: 0.056553 | AE10: 1
J11: 1980M1 | K11: 216.24361 | L11: 0.02419 | P11: 1957M4 | Q11: 115.21661 | R11: 0.040016584 | S11: 1 | V11: 1957M4 | W11: 2383.8 | X11: 0.040017 | Y11: 1 | AB11: 1957M4 | AC11: 7.447189 | AD11: 0.040017 | AE11: 1
J12: 1980M2 | K12: 208.64555 | L12: 0.018211 | P12: 1957M5 | Q12: 114.64285 | R12: 0.033214122 | S12: 1 | V12: 1957M5 | W12: 2338.472 | X12: 0.033214 | Y12: 1 | AB12: 1957M5 | AC12: 7.428571 | AD12: 0.033214 | AE12: 1
J13: 1980M3 | K13: 230.18727 | L13: 0.012224 | P13: 1957M6 | Q13: 110.92138 | R13: 0.032569114 | S13: 1 | V13: 1957M6 | W13: 2227.364 | X13: 0.032569 | Y13: 1 | AB13: 1957M6 | AC13: 7.399502 | AD13: 0.032569 | AE13: 1
J14: 1980M4 | K14: 223.49814 | L14: 0.00623 | P14: 1957M7 | Q14: 109.61334 | R14: 0.035585854 | S14: 1 | V14: 1957M7 | W14: 2127.196 | X14: 0.035586 | Y14: 1 | AB14: 1957M7 | AC14: 7.378503 | AD14: 0.035586 | AE14: 1
J15: 1980M5 | K15: 233.2191 | L15: 0.005178 | P15: 1957M8 | Q15: 111.31542 | R15: 0.032457985 | V15: 1957M8 | W15: 2034.674 | X15: 0.032458 | Y15: 1 | AB15: 1957M8 | AC15: 7.355021 | AD15: 0.032458 | AE15: 1
J16: 1980M6 | K16: 219.89091 | L16: 0.004121 | M16: 1 | P16: 1957M9 | Q16: 110.87571 | R16: 0.020718135 | V16: 1957M9 | W16: 1883.891 | X16: 0.020718 | Y16: 1 | AB16: 1957M9 | AC16: 7.344632 | AD16: 0.020718 | AE16: 1
J17: 1980M7 | K17: 188.46249 | L17: 0.003059 | M17: 1 | P17: 1957M10 | Q17: 112.07628 | R17: 0.002646315 | V17: 1957M10 | W17: 1813.829 | X17: 0.002646 | Y17: 1 | AB17: 1957M10 | AC17: 7.344632 | AD17: 0.002646 | AE17: 1
J18: 1980M8 | K18: 163.44951 | L18: 0.004827 | P18: 1957M11 | Q18: 113.83316 | R18: -0.024610635 | V18: 1957M11 | W18: 1823.603 | X18: -0.02461 | Y18: 1 | AB18: 1957M11 | AC18: 7.321365 | AD18: -0.02461 | AE18: 1
J19: 1980M9 | K19: 150.03575 | L19: 0.006569 | P19: 1957M12 | Q19: 115.98174 | R19: -0.047223013 | V19: 1957M12 | W19: 1757.811 | X19: -0.04722 | Y19: 1 | AB19: 1957M12 | AC19: 7.305936 | AD19: -0.04722 | AE19: 1
J20: 1980M10 | K20: 148.86658 | L20: 0.008286 | P20: 1958M1 | Q20: 116.55028 | R20: -0.068898454 | V20: 1958M1 | W20: 1647.307 | X20: -0.0689 | Y20: 1 | AB20: 1958M1 | AC20: 7.716481 | AD20: -0.0689
J21: 1980M11 | K21: 134.18223 | L21: 0.010131 | P21: 1958M2 | Q21: 112.16027 | R21: -0.093656905 | S21: 1 | V21: 1958M2 | W21: 1567.047 | X21: -0.09366 | Y21: 1 | AB21: 1958M2 | AC21: 7.700349 | AD21: -0.09366
J22: 1980M12 | K22: 140.28934 | L22: 0.011948 | P22: 1958M3 | Q22: 108.69415 | R22: -0.10919899 | S22: 1 | V22: 1958M3 | W22: 1626.547 | X22: -0.1092 | AB22: 1958M3 | AC22: 7.655005 | AD22: -0.1092
J23: 1981M1 | K23: 146.76607 | L23: 0.01374 | P23: 1958M4 | Q23: 109.74429 | R23: -0.12910923 | S23: 1 | V23: 1958M4 | W23: 1675.938 | X23: -0.12911 | AB23: 1958M4 | AC23: 7.636489 | AD23: -0.12911
J24: 1981M2 | K24: 142.17045 | L24: 0.011799 | M24: 1 | P24: 1958M5 | Q24: 109.22599 | R24: -0.12257687 | V24: 1958M5 | W24: 1706.41 | X24: -0.12258 | Z24: 1 | AB24: 1958M5 | AC24: 7.636489 | AD24: -0.12258 | AF24: 1
J25: 1981M3 | K25: 142.13317 | L25: 0.009856 | M25: 1 | P25: 1958M6 | Q25: 107.19475 | R25: -0.099777855 | V25: 1958M6 | W25: 1853.07 | X25: -0.09978 | Z25: 1 | AB25: 1958M6 | AC25: 7.644414 | AD25: -0.09978 | AF25: 1
J26: 1981M4 | K26: 143.88329 | L26: 0.007909 | M26: 1 | P26: 1958M7 | Q26: 102.28452 | R26: -0.088268802 | V26: 1958M7 | W26: 1907.771 | X26: -0.08827 | Z26: 1 | AB26: 1958M7 | AC26: 7.649706 | AD26: -0.08827 | AF26: 1
J27: 1981M5 | K27: 140.39018 | L27: 0.007977 | M27: 1 | P27: 1958M8 | Q27: 101.45128 | R27: -0.071746551 | V27: 1958M8 | W27: 1957.8 | X27: -0.07175 | Z27: 1 | AB27: 1958M8 | AC27: 7.636489 | AD27: -0.07175
J28: 1981M6 | K28: 123.69061 | L28: 0.008033 | M28: 1 | P28: 1958M9 | Q28: 98.720169 | R28: -0.065932527 | V28: 1958M9 | W28: 1997.961 | X28: -0.06593 | Z28: 1 | AB28: 1958M9 | AC28: 7.644414 | AD28: -0.06593
J29: 1981M7 | K29: 131.15848 | L29: 0.008076 | P29: 1958M10 | Q29: 101.14148 | R29: -0.057657041 | V29: 1958M10 | W29: 2249.612 | X29: -0.05766 | Z29: 1 | AB29: 1958M10 | AC29: 7.644414 | AD29: -0.05766
J30: 1981M8 | K30: 134.58785 | L30: 0.004695 | P30: 1958M11 | Q30: 96.407599 | R30: -0.031964596 | V30: 1958M11 | W30: 2315.041 | X30: -0.03196 | Z30: 1 | AB30: 1958M11 | AC30: 7.633852 | AD30: -0.03196
J31: 1981M9 | K31: 135.35982 | L31: 0.001312 | P31: 1958M12 | Q31: 90.749054 | R31: -0.034068432 | V31: 1958M12 | W31: 2100.363 | X31: -0.03407 | Z31: 1 | AB31: 1958M12 | AC31: 7.628581 | AD31: -0.03407
J32: 1981M10 | K32: 146.04925 | L32: -0.00207 | P32: 1959M1 | Q32: 90.589448 | R32: -0.022636291 | V32: 1959M1 | W32: 2188.661 | X32: -0.02264 | Z32: 1 | AB32: 1959M1 | AC32: 7.618063 | AD32: -0.02264
J33: 1981M11 | K33: 153.29425 | L33: -0.00679 | P33: 1959M2 | Q33: 91.655179 | R33: -0.006622678 | V33: 1959M2 | W33: 2242.631 | X33: -0.00662 | Z33: 1 | AB33: 1959M2 | AC33: 7 | AD33: -0.00662
J34: 1981M12 | K34: 150.55262 | L34: -0.01152 | P34: 1959M3 | Q34: 93.027272 | R34: 0.004280491 | V34: 1959M3 | W34: 2366.713 | X34: 0.00428 | Z34: 1 | AB34: 1959M3 | AC34: 7.007249 | AD34: 0.00428
J35: 1982M1 | K35: 152.43643 | L35: -0.01625 | P35: 1959M4 | Q35: 94.755 | R35: 0.021942919 | V35: 1959M4 | W35: 2282.215 | X35: 0.021943 | Z35: 1 | AB35: 1959M4 | AC35: 7.004831 | AD35: 0.021943
J36: 1982M2 | K36: 163.67476 | L36: -0.01757 | P36: 1959M5 | Q36: 95.902199 | R36: 0.033459049 | V36: 1959M5 | W36: 2239.542 | X36: 0.033459 | Z36: 1 | AB36: 1959M5 | AC36: 6.990358 | AD36: 0.033459
J37: 1982M3 | K37: 152.93557 | L37: -0.0189 | M37: 1 | P37: 1959M6 | Q37: 93.301271 | R37: 0.031146817 | S37: 1 | V37: 1959M6 | W37: 2181.142 | X37: 0.031147 | AB37: 1959M6 | AC37: 6.973549 | AD37: 0.031147 | AE37: 1
J38: 1982M4 | K38: 148.8421 | L38: -0.02023 | M38: 1 | P38: 1959M7 | Q38: 89.879934 | R38: 0.003436256 | S38: 1 | V38: 1959M7 | W38: 2087.393 | X38: 0.003436 | AB38: 1959M7 | AC38: 6.963979 | AD38: 0.003436 | AE38: 1
J39: 1982M5 | K39: 142.85714 | L39: -0.02296 | M39: 1 | P39: 1959M8 | Q39: 90.781363 | R39: -0.034520663 | V39: 1959M8 | W39: 2198.576 | X39: -0.03452 | AB39: 1959M8 | AC39: 6.95682 | AD39: -0.03452 | AE39: 1
J40: 1982M6 | K40: 145.38143 | L40: -0.02569 | M40: 1 | P40: 1959M9 | Q40: 91.658124 | R40: -0.03923592 | V40: 1959M9 | W40: 2170.703 | X40: -0.03924 | AB40: 1959M9 | AC40: 6.940171 | AD40: -0.03924 | AE40: 1
